Workbook

Sheet Introduction
B1: Annual GDP and GDPR
B3: Quarterly GDP and GDPR | F3: SUMMARY PAGE
B5: Seasonally adjusted and annualised quarterly GDP and GDPR | F5: SUMMARY PAGE
B7: Year-on-Year Growth Rates per Sector | F7: Sector Ratings
B9: Seasonally adjusted and annualised quarterly Rates per Sector
B11: Yearly Provincial Contribution Rates per Sector
B13: Yearly Provincial Sector as a % of National Sector GDP
B15: Ethekwini Municipal Area GDP
B17: Msunduzi Municipal Area GDP
B19: Mthlatuze Municipal Area GDP
B21: Hibiscus Coast Municipal GDP
B23: Newcastle Municipal GDP | D23: Model Assumptions
B25: Comparitive Growth Rates | D25: Stable structural relationship between SA and KZN economy
B27: Comparitive Contribution Rates | D27: Stable relationship between GDP and Fuel Consumption
B29: KZN GDP and Provincial Government Budget | D29: Fuel Consumption per R1 GDP are location insensitive
B31: KZN Socio Economic Analysis
B32: KZN Economic Analysis

Sheet Summary
A1: SUMMARY PAGE
A3: Annual GDP and GDPR
A35: Quarterly GDP and GDPR
A103: Seasonally adjusted and annualised quarterly GDP and GDPR
A163: Ethekwini Municipal Area
A196: Msunduzi Municipal Area
A230: Mthlatuze Municipal Area
A266: Hibiscus Coast Municipal Area
A302: Newcastle Municipal Area

Sheet Sector Summary
A1: SUMMARY PAGE
A3: PLEASE TAKE NOTE
A4: BLACK = NON-SEASONAL ANNUAL RATE
A5: RED = SEASONAL ANNUAL RATE

Sheet Annual
A1: Annual GDP and GDPR
A3: SA – GDP by activity
A4: Constant 2010 prices - Rand million
A5: National Industry | B5: 1995 | C5: 1996 | D5: 1997 | E5: 1998 | F5: 1999 | G5: 2000 | H5: 2001 | I5: 2002 | J5: 2003 | K5: 2004 | L5: 2005 | M5: 2006 | N5: 2007 | O5: 2008 | P5: 2009 | Q5: 2010 | R5: 2011 | S5: 2012 | T5: 2013 | U5: 2014
A6: Primary Industries | B6: =SUM(B7:B8) -> 275336.39 | C6: =SUM(C7:C8) -> 283235.14 | D6: =SUM(D7:D8) -> 287646.08 | E6: =SUM(E7:E8) -> 284708.42 | F6: =SUM(F7:F8) -> 284390.32 | G6: =SUM(G7:G8) -> 284234.7 | H6: =SUM(H7:H8) -> 282233.28 | I6: =SUM(I7:I8) -> 287909.62 | ... U6: =SUM(U7:U8) -> 298919.34
A7: Agriculture, forestry and fishing | B7: 40731.596 | C7: 50507.179 | D7: 50961.743 | E7: 48260.771 | F7: 51252.939 | G7: 53661.827 | H7: 51890.986 | I7: 55263.901 | J7: 55640.286 | K7: 56118.481 | L7: 57695.29 | M7: 54543.523 | N7: 56168.463 | O7: 67071.609 | P7: 65802.425 | Q7: 65604.793 | R7: 66463.568 | S7: 66860.645 | T7: 67880.345 | U7: 71659.16
A8: Mining and quarrying | B8: 234604.8 | C8: 232727.96 | D8: 236684.33 | E8: 236447.65 | F8: 233137.38 | G8: 230572.87 | H8: 230342.3 | I8: 232645.72 | J8: 240547.25 | K8: 244179 | L8: 246684.77 | M8: 245224 | N8: 243662.48 | O8: 230662.83 | P8: 218830.36 | Q8: 230350.14 | R8: 228645.22 | S8: 221971.67 | T8: 230907.67 | U8: 227260.18
A9: Secondary Industries | B9: =SUM(B10:B12) -> 343514.26 | C9: =SUM(C10:C12) -> 353393.94 | D9: =SUM(D10:D12) -> 363929.18 | E9: =SUM(E10:E12) -> 357126.12 | F9: =SUM(F10:F12) -> 357859.67 | G9: =SUM(G10:G12) -> 383106.94 | H9: =SUM(H10:H12) -> 392190.17 | I9: =SUM(I10:I12) -> 404900.7 | ... U9: =SUM(U10:U12) -> 550212.14
A10: Manufacturing | B10: 251055.1 | C10: 254569.87 | D10: 261443.26 | E10: 260920.37 | F10: 262485.89 | G10: 283747.25 | H10: 292827.16 | I10: 301026.32 | J10: 296498.17 | K10: 311010.69 | L10: 330306.32 | M10: 351572.05 | N10: 370389.34 | O10: 378964.09 | P10: 338691.7 | Q10: 358699.34 | R10: 369260.89 | S10: 376126.43 | T10: 378933.21 | U10: 379089.03
A11: Electricity, gas and water | B11: 51240.215 | C11: 56774.158 | D11: 58988.35 | E11: 55272.084 | F11: 54995.724 | G11: 56700.591 | H11: 54602.669 | I11: 56513.763 | J11: 58181.239 | K11: 62128.855 | L11: 65450.325 | M11: 67688.431 | N11: 70000 | O11: 67522 | P11: 66337 | Q11: 67939.6 | R11: 68879 | S11: 68801 | T11: 68375 | U11: 67765.113
A12: Construction | B12: 41218.949 | C12: 42049.913 | D12: 43497.575 | E12: 40933.665 | F12: 40378.05 | G12: 42659.101 | H12: 44760.336 | I12: 47360.614 | J12: 51001.377 | K12: 55646.823 | L12: 62280.636 | M12: 68780.384 | N12: 79454.824 | O12: 87300.371 | P12: 94759.083 | Q12: 95452.7 | R12: 95809.405 | S12: 97803.607 | T12: 100468.19 | U12: 103358
A13: Tertiary industries | B13: =SUM(B14:B18) -> 960953.41 | C13: =SUM(C14:C18) -> 1000115.9 | D13: =SUM(D14:D18) -> 1024062.7 | E13: =SUM(E14:E18) -> 1043337.1 | F13: =SUM(F14:F18) -> 1082416.6 | G13: =SUM(G14:G18) -> 1124445.8 | H13: =SUM(H14:H18) -> 1162130.1 | I13: =SUM(I14:I18) -> 1207340 | ... U13: =SUM(U14:U18) -> 1880071.8
A14: Wholesale & retail trade; hotels & restaurants | B14: 212794.61 | C14: 220668.01 | D14: 221550.68 | E14: 224430.84 | F14: 241487.59 | G14: 261048.08 | H14: 266007.99 | I14: 272126.18 | J14: 279380.41 | K14: 294460.74 | L14: 315210.31 | M14: 333998.57 | N14: 352697.83 | O14: 358880.34 | P14: 354870.48 | Q14: 370580.73 | R14: 384768.36 | S14: 398584.62 | T14: 405982.71 | U14: 411082.86
A15: Transport , storage and communication | B15: 103921.26 | C15: 110260.46 | D15: 118640.26 | E15: 125165.47 | F15: 131674.08 | G15: 142603.02 | H15: 151016.6 | I15: 164608.1 | J15: 175057.16 | K15: 183612.69 | L15: 193333.73 | M15: 203224.44 | N15: 218488.43 | O15: 226135.87 | P15: 225711.74 | Q15: 229499 | R15: 236439.08 | S15: 242233.18 | T15: 247062.11 | U15: 252648
A16: Finance, real estate and business services | B16: 243687.77 | C16: 260222.88 | D16: 272469.2 | E16: 278741.59 | F16: 292986.84 | G16: 302304.49 | H16: 326995.31 | I16: 347518.67 | J16: 364196.89 | K16: 389889.27 | L16: 412148.51 | M16: 451896.31 | N16: 484674.59 | O16: 511716.48 | P16: 517114.31 | Q16: 523525.83 | R16: 544997.24 | S16: 561079.47 | T16: 578127.14 | U16: 591019
A17: Personal services | B17: 93458.786 | C17: 95943.108 | D17: 95911.718 | E17: 101869.01 | F17: 105810.46 | G17: 110908.44 | H17: 113401.96 | I17: 116195.9 | J17: 122654 | K17: 124796.44 | L17: 129534.87 | M17: 136298 | N17: 143807 | O17: 149216.21 | P17: 148015 | Q17: 148561.2 | R17: 152163 | S17: 155294.72 | T17: 158166.6 | U17: 160410.98
A18: General government services | B18: 307090.98 | C18: 313021.42 | D18: 315490.85 | E18: 313130.15 | F18: 310457.6 | G18: 307581.77 | H18: 304708.25 | I18: 306891.11 | J18: 315383.62 | K18: 321418.24 | L18: 335265.07 | M18: 345531 | N18: 361636 | O18: 381768 | P18: 393921 | Q18: 404647 | R18: 422695 | S18: 437734 | T18: 451214 | U18: 464911
A19: All industries at basic prices | B19: =B13+B9+B6 -> 1579804.1 | C19: =C13+C9+C6 -> 1636745 | D19: =D13+D9+D6 -> 1675638 | E19: =E13+E9+E6 -> 1685171.6 | F19: =F13+F9+F6 -> 1724666.5 | G19: =G13+G9+G6 -> 1791787.4 | H19: =H13+H9+H6 -> 1836553.6 | I19: =I13+I9+I6 -> 1900150.3 | ... U19: =U13+U9+U6 -> 2729203.3
A20: Taxes less subsidies on products | B20: 172092.4 | C20: 180501.72 | D20: 185774.79 | E20: 183658.74 | F20: 182665.91 | G20: 185548.64 | H20: 188216.11 | I20: 193319.04 | J20: 198504.6 | K20: 208477.91 | L20: 218873.49 | M20: 232539 | N20: 243862 | O20: 249363 | P20: 242887 | Q20: 253148 | R20: 266166 | S20: 272758 | T20: 276272 | U20: 279373
A21: SA - GDP at constant 2010 prices | B21: =B19+B20 -> 1751896.5 | C21: =C19+C20 -> 1817246.7 | D21: =D19+D20 -> 1861412.8 | E21: =E19+E20 -> 1868830.3 | F21: =F19+F20 -> 1907332.4 | G21: =G19+G20 -> 1977336.1 | H21: =H19+H20 -> 2024769.7 | I21: =I19+I20 -> 2093469.3 | ... U21: =U19+U20 -> 3008576.3
A23: KZN – GDPR by activity
A24: Constant 2010 prices - Rand million
A25: Provincial Industry | B25: 1995 | C25: 1996 | D25: 1997 | E25: 1998 | F25: 1999 | G25: 2000 | H25: 2001 | I25: 2002 | J25: 2003 | K25: 2004 | L25: 2005 | M25: 2006 | N25: 2007 | O25: 2008 | P25: 2009 | Q25: 2010 | R25: 2011 | S25: 2012 | T25: 2013 | U25: 2014
A26: Primary Industries | B26: 20167.498 | C26: 22116.962 | D26: 22153.7 | E26: 22209.59 | F26: 21212.449 | G26: 21605.741 | H26: =SUM(H27:H28) -> 21677.506 | I26: =SUM(I27:I28) -> 22276.897 | J26: =SUM(J27:J28) -> 23593.861 | K26: =SUM(K27:K28) -> 23827.209 | L26: =SUM(L27:L28) -> 22341.134 | M26: =SUM(M27:M28) -> 22185.099 | N26: =SUM(N27:N28) -> 23141.896 | O26: =SUM(O27:O28) -> 25838.245 | ... U26: =SUM(U27:U28) -> 29356.449
A27: Agriculture, forestry and fishing | B27: 11602.032 | C27: 13392.523 | D27: 13332.882 | E27: 13507.961 | F27: 13096.251 | G27: 13552.801 | H27: 13561.704 | I27: 14133.223 | J27: 14971.996 | K27: 15032.651 | L27: 14096.894 | M27: 14216.399 | N27: 14974.589 | O27: 18204.779 | P27: 17594.831 | Q27: 17713.824 | R27: 19337.738 | S27: 19560.595 | T27: 19906.252 | U27: =U7*Z27/100 -> 21064.38 | W27: =R27/R7*100 -> 29.095245 | X27: =S27/S7*100 -> 29.255768 | Y27: =T27/T7*100 -> 29.325502 | Z27: =Y27+(Y27-X27) -> 29.395237
A28: Mining and quarrying | B28: 8565.4667 | C28: 8724.4395 | D28: 8820.8185 | E28: 8701.6287 | F28: 8116.1975 | G28: 8052.9403 | H28: 8115.8023 | I28: 8143.6733 | J28: 8621.8648 | K28: 8794.5577 | L28: 8244.2397 | M28: 7968.6999 | N28: 8167.3067 | O28: 7633.4659 | P28: 7426.0854 | Q28: 7962.2517 | R28: 7890.9934 | S28: 8058.2306 | T28: 8403.8943 | U28: =U8*Z28/100 -> 8292.0684 | W28: =R28/R8*100 -> 3.4511954 | X28: =S28/S8*100 -> 3.6302969 | Y28: =T28/T8*100 -> 3.6395042 | Z28: =Y28+(Y28-X28) -> 3.6487115
A29: Secondary Industries | B29: 69285.762 | C29: 70795.44 | D29: 73035.073 | E29: 71100.016 | F29: 71454.011 | G29: 76997.415 | H29: =SUM(H30:H32) -> 80906.162 | I29: =SUM(I30:I32) -> 80824.987 | J29: =SUM(J30:J32) -> 80892.814 | K29: =SUM(K30:K32) -> 85470.666 | L29: =SUM(L30:L32) -> 91567.795 | M29: =SUM(M30:M32) -> 97054.098 | N29: =SUM(N30:N32) -> 103343.5 | O29: =SUM(O30:O32) -> 106066.21 | ... U29: =SUM(U30:U32) -> 110063.49 | W29: =R29/R9*100 -> 19.878029 | X29: =S29/S9*100 -> 19.90623 | Y29: =T29/T9*100 -> 19.956738 | Z29: =Y29+(Y29-X29) -> 20.007246
A30: Manufacturing | B30: 51545.6 | C30: 52446.61 | D30: 53836.959 | E30: 53594.606 | F30: 54474.164 | G30: 59186.044 | H30: 60968.246 | I30: 62583.339 | J30: 62019.95 | K30: 64930.808 | L30: 68936.255 | M30: 73097.363 | N30: 77062.172 | O30: 78786.467 | P30: 70587.78 | Q30: 75045.498 | R30: 77155.107 | S30: 78616.103 | T30: 79313.467 | U30: =U10*Z30/100 -> 79456.83 | W30: =R30/R10*100 -> 20.89447 | X30: =S30/S10*100 -> 20.90151 | Y30: =T30/T10*100 -> 20.930725 | Z30: =Y30+(Y30-X30) -> 20.959939
A31: Electricity, gas and water | B31: 8019.0639 | C31: 8795.9553 | D31: 9098.8868 | E31: 8542.803 | F31: 8527.8091 | G31: 8922.2868 | H31: 8808.6058 | I31: 9165.8124 | J31: 9261.2051 | K31: 9985.8244 | L31: 10635.999 | M31: 11028.502 | N31: 11396.124 | O31: 10885.072 | P31: 10419.777 | Q31: 10543.898 | R31: 10650.509 | S31: 10670.831 | T31: 10664.172 | U31: =U11*Z31/100 -> 10627.932 | W31: =R31/R11*100 -> 15.462636 | X31: =S31/S11*100 -> 15.509703 | Y31: =T31/T11*100 -> 15.596595 | Z31: =Y31+(Y31-X31) -> 15.683487
A32: Construction | B32: 9721.0986 | C32: 9552.8755 | D32: 10099.227 | E32: 8962.6078 | F32: 8452.0386 | G32: 8889.0847 | H32: 11129.31 | I32: 9075.8361 | J32: 9611.6597 | K32: 10554.033 | L32: 11995.541 | M32: 12928.233 | N32: 14885.204 | O32: 16394.672 | P32: 17952.068 | Q32: 18250.619 | R32: 18332.983 | S32: 18750.354 | T32: 19340.663 | U32: =U12*Z32/100 -> 19978.723 | W32: =R32/R12*100 -> 19.134847 | X32: =S32/S12*100 -> 19.171434 | Y32: =T32/T12*100 -> 19.250534 | Z32: =Y32+(Y32-X32) -> 19.329634
A33: Tertiary industries | B33: 150024.35 | C33: 156252.27 | D33: 158118.67 | E33: 162648.8 | F33: 167415.55 | G33: 173291.06 | H33: =SUM(H34:H38) -> 180595.64 | I33: =SUM(I34:I38) -> 187323.85 | J33: =SUM(J34:J38) -> 195795.91 | K33: =SUM(K34:K38) -> 204281.2 | L33: =SUM(L34:L38) -> 217831.45 | M33: =SUM(M34:M38) -> 230093.13 | N33: =SUM(N34:N38) -> 245043.77 | O33: =SUM(O34:O38) -> 255164.03 | ... U33: =SUM(U34:U38) -> 296237.44 | W33: =R33/R13*100 -> 15.796395 | X33: =S33/S13*100 -> 15.766624 | Y33: =T33/T13*100 -> 15.758336 | Z33: =Y33+(Y33-X33) -> 15.750048
A34: Wholesale & retail trade; hotels & restaurants | B34: 32820.343 | C34: 33557.831 | D34: 33743.816 | E34: 34041.073 | F34: 36529.757 | G34: 39634.687 | H34: 42730.802 | I34: 43777.416 | J34: 45296.033 | K34: 47758.662 | L34: 50847.928 | M34: 54102.588 | N34: 57397.931 | O34: 58237.695 | P34: 58357.949 | Q34: 60988.3 | R34: 63884.746 | S34: 66085.259 | T34: 67060.638 | U34: =U14*Z34/100 -> 67648.706 | W34: =R34/R14*100 -> 16.60343 | X34: =S34/S14*100 -> 16.579982 | Y34: =T34/T14*100 -> 16.518102 | Z34: =Y34+(Y34-X34) -> 16.456222
A35: Transport , storage and communication | B35: 23058.407 | C35: 24111.454 | D35: 25473.135 | E35: 26678.988 | F35: 27639.442 | G35: 29407.246 | H35: 30839.484 | I35: 33724.561 | J35: 36082.261 | K35: 37698.351 | L35: 39928.426 | M35: 42004.795 | N35: 45492.473 | O35: 47186.183 | P35: 47236.527 | Q35: 48276.675 | R35: 49619.061 | S35: 50879.973 | T35: 52026.041 | U35: =U15*Z35/100 -> 53337.064 | W35: =R35/R15*100 -> 20.985981 | X35: =S35/S15*100 -> 21.004543 | Y35: =T35/T15*100 -> 21.057879 | Z35: =Y35+(Y35-X35) -> 21.111216
A36: Finance, real estate and business services | B36: 33151.75 | C36: 35456.92 | D36: 36929.465 | E36: 38086.648 | F36: 40426.163 | G36: 40738.057 | H36: 42677.416 | I36: 44833.625 | J36: 47366.04 | K36: 50788.273 | L36: 56196.798 | M36: 60501.027 | N36: 64929.226 | O36: 68718.744 | P36: 69848.42 | Q36: 70712.529 | R36: 73637.859 | S36: 75095.521 | T36: 77490.773 | U36: =U16*Z36/100 -> 79334.873 | W36: =R36/R16*100 -> 13.511602 | X36: =S36/S16*100 -> 13.384115 | Y36: =T36/T16*100 -> 13.40376 | Z36: =Y36+(Y36-X36) -> 13.423405
A37: Personal services | B37: 15453.662 | C37: 15862.824 | D37: 15852.002 | E37: 16837.176 | F37: 17452.425 | G37: 18273.872 | H37: 18689.762 | I37: 19140.23 | J37: 20196.055 | K37: 20548.09 | L37: 21231.659 | M37: 22379.18 | N37: 23589.024 | O37: 24430.519 | P37: 24410.587 | Q37: 24557.94 | R37: 25219.535 | S37: 25793.173 | T37: 26310.581 | U37: =U17*Z37/100 -> 26724.911 | W37: =R37/R17*100 -> 16.574026 | X37: =S37/S17*100 -> 16.609176 | Y37: =T37/T17*100 -> 16.634726 | Z37: =Y37+(Y37-X37) -> 16.660275
A38: General government services | B38: 45540.186 | C38: 47263.239 | D38: 46120.249 | E38: 47004.915 | F38: 45367.76 | G38: 45237.199 | H38: 45658.179 | I38: 45848.019 | J38: 46855.527 | K38: 47487.823 | L38: 49626.64 | M38: 51105.541 | N38: 53635.115 | O38: 56590.888 | P38: 58446.708 | Q38: 60438.666 | R38: 62663.936 | S38: 65145.312 | T38: 67152.423 | U38: =U18*Z38/100 -> 69191.888 | W38: =R38/R18*100 -> 14.824858 | X38: =S38/S18*100 -> 14.882397 | Y38: =T38/T18*100 -> 14.882611 | Z38: =Y38+(Y38-X38) -> 14.882824
A39: All industries at basic prices | B39: 239477.61 | C39: 249164.67 | D39: 253307.44 | E39: 255958.41 | F39: 260082.01 | G39: 271894.22 | H39: =H33+H29+H26 -> 283179.31 | I39: =I33+I29+I26 -> 290425.73 | J39: =J33+J29+J26 -> 300282.59 | K39: =K33+K29+K26 -> 313579.07 | L39: =L33+L29+L26 -> 331740.38 | M39: =M33+M29+M26 -> 349332.33 | N39: =N33+N29+N26 -> 371529.16 | O39: =O33+O29+O26 -> 387068.48 | ... U39: =U33+U29+U26 -> 435657.38 | W39: =R39/R19*100 -> 15.890011 | X39: =S39/S19*100 -> 15.939732 | Y39: =T39/T19*100 -> 15.91553 | Z39: =Y39+(Y39-X39) -> 15.891328
A40: Taxes less subsidies on products | B40: 26163.977 | C40: 27538.347 | D40: 28298.2 | E40: 28096.495 | F40: 27568.441 | G40: 28373.697 | H40: 30140.849 | I40: 29999.216 | J40: 30494.695 | K40: 31950.458 | L40: 33393.03 | M40: 35532.7 | N40: 37152.159 | O40: 38027.118 | P40: 37162.927 | Q40: 39355.988 | R40: 40809.791 | S40: 42021.667 | T40: 42672.17 | U40: =U20*Z40/100 -> 43261.495 | W40: =R40/R20*100 -> 15.332458 | X40: =S40/S20*100 -> 15.406209 | Y40: =T40/T20*100 -> 15.445709 | Z40: =Y40+(Y40-X40) -> 15.48521
A41: KZN - GDPR at constant 2010 prices | B41: 265641.59 | C41: 276703.02 | D41: 281605.64 | E41: 284054.9 | F41: 287650.45 | G41: 300267.91 | H41: =H39+H40 -> 313320.16 | I41: =I39+I40 -> 320424.95 | J41: =J39+J40 -> 330777.28 | K41: =K39+K40 -> 345529.53 | L41: =L39+L40 -> 365133.41 | M41: =M39+M40 -> 384865.03 | N41: =N39+N40 -> 408681.32 | O41: =O39+O40 -> 425095.6 | ... U41: =U39+U40 -> 478918.87 | W41: =R41/R21*100 -> 15.837688 | X41: =S41/S21*100 -> 15.889538 | Y41: =T41/T21*100 -> 15.871729 | Z41: =Y41+(Y41-X41) -> 15.85392
A43: Structure Relationship
A44: National - Provincial Structure | B44: 1995 | C44: 1996 | D44: 1997 | E44: 1998 | F44: 1999 | G44: 2000 | H44: 2001 | I44: 2002 | J44: 2003 | K44: 2004 | L44: 2005 | M44: 2006 | N44: 2007 | O44: 2008 | P44: 2009 | Q44: 2010 | R44: 2011 | S44: 2012 | T44: 2013 | U44: 2014
A45: Primary Industries | B45: =B26/B6*100 -> 7.3246759 | C45: =C26/C6*100 -> 7.808693 | D45: =D26/D6*100 -> 7.7017217 | E45: =E26/E6*100 -> 7.8008194 | F45: =F26/F6*100 -> 7.4589209 | G45: =G26/G6*100 -> 7.6013735 | H45: =H26/H6*100 -> 7.680705 | I45: =I26/I6*100 -> 7.7374617 | ... U45: =U26/U6*100 -> 9.8208596 | V45: =U45+(U45-T45) -> 10.166725 | W45: =V45 -> 10.166725 | X45: =W45 -> 10.166725 | Y45: =X45 -> 10.166725
A46: Agriculture, forestry and fishing | B46: =B27/B7*100 -> 28.484108 | C46: =C27/C7*100 -> 26.516077 | D46: =D27/D7*100 -> 26.162531 | E46: =E27/E7*100 -> 27.989526 | F46: =F27/F7*100 -> 25.552196 | G46: =G27/G7*100 -> 25.255943 | H46: =H27/H7*100 -> 26.134989 | I46: =I27/I7*100 -> 25.57406 | ... U46: =U27/U7*100 -> 29.395237 | V46: =U46+(U46-T46) -> 29.464972 | W46: =V46 -> 29.464972 | X46: =W46 -> 29.464972 | Y46: =X46 -> 29.464972
A47: Mining and quarrying | B47: =B28/B8*100 -> 3.6510194 | C47: =C28/C8*100 -> 3.7487716 | D47: =D28/D8*100 -> 3.7268282 | E47: =E28/E8*100 -> 3.6801503 | F47: =F28/F8*100 -> 3.4812939 | G47: =G28/G8*100 -> 3.4925793 | H47: =H28/H8*100 -> 3.5233661 | I47: =I28/I8*100 -> 3.5004613 | ... U47: =U28/U8*100 -> 3.6487115 | V47: =U47+(U47-T47) -> 3.6579189 | W47: =V47 -> 3.6579189 | X47: =W47 -> 3.6579189 | Y47: =X47 -> 3.6579189
A48: Secondary Industries | B48: =B29/B9*100 -> 20.16969 | C48: =C29/C9*100 -> 20.033009 | D48: =D29/D9*100 -> 20.068485 | E48: =E29/E9*100 -> 19.908938 | F48: =F29/F9*100 -> 19.967048 | G48: =G29/G9*100 -> 20.098152 | H48: =H29/H9*100 -> 20.629319 | I48: =I29/I9*100 -> 19.961681 | ... U48: =U29/U9*100 -> 20.003827 | V48: =U48+(U48-T48) -> 20.050916 | W48: =V48 -> 20.050916 | X48: =W48 -> 20.050916 | Y48: =X48 -> 20.050916
A49: Manufacturing | B49: =B30/B10*100 -> 20.531588 | C49: =C30/C10*100 -> 20.602049 | D49: =D30/D10*100 -> 20.592216 | E49: =E30/E10*100 -> 20.540598 | F49: =F30/F10*100 -> 20.753178 | G49: =G30/G10*100 -> 20.85872 | H49: =H30/H10*100 -> 20.820557 | I49: =I30/I10*100 -> 20.789989 | ... U49: =U30/U10*100 -> 20.959939 | V49: =U49+(U49-T49) -> 20.989154 | W49: =V49 -> 20.989154 | X49: =W49 -> 20.989154 | Y49: =X49 -> 20.989154
A50: Electricity, gas and water | B50: =B31/B11*100 -> 15.649942 | C50: =C31/C11*100 -> 15.492886 | D50: =D31/D11*100 -> 15.424888 | E50: =E31/E11*100 -> 15.455909 | F50: =F31/F11*100 -> 15.506313 | G50: =G31/G11*100 -> 15.735791 | H50: =H31/H11*100 -> 16.132189 | I50: =I31/I11*100 -> 16.218726 | ... U50: =U31/U11*100 -> 15.683487 | V50: =U50+(U50-T50) -> 15.770379 | W50: =V50 -> 15.770379 | X50: =W50 -> 15.770379 | Y50: =X50 -> 15.770379
A51: Construction | B51: =B32/B12*100 -> 23.584052 | C51: =C32/C12*100 -> 22.717944 | D51: =D32/D12*100 -> 23.217908 | E51: =E32/E12*100 -> 21.895444 | F51: =F32/F12*100 -> 20.932261 | G51: =G32/G12*100 -> 20.837487 | H51: =H32/H12*100 -> 24.864223 | I51: =I32/I12*100 -> 19.163257 | ... U51: =U32/U12*100 -> 19.329634 | V51: =U51+(U51-T51) -> 19.408733 | W51: =V51 -> 19.408733 | X51: =W51 -> 19.408733 | Y51: =X51 -> 19.408733
A52: Tertiary industries | B52: =B33/B13*100 -> 15.612032 | C52: =C33/C13*100 -> 15.623416 | D52: =D33/D13*100 -> 15.440331 | E52: =E33/E13*100 -> 15.589286 | F52: =F33/F13*100 -> 15.466832 | G52: =G33/G13*100 -> 15.411242 | H52: =H33/H13*100 -> 15.540053 | I52: =I33/I13*100 -> 15.515419 | ... U52: =U33/U13*100 -> 15.756709 | V52: =U52+(U52-T52) -> 15.755081 | W52: =V52 -> 15.755081 | X52: =W52 -> 15.755081 | Y52: =X52 -> 15.755081
A53: Wholesale & retail trade; hotels & restaurants | B53: =B34/B14*100 -> 15.423484 | C53: =C34/C14*100 -> 15.207384 | D53: =D34/D14*100 -> 15.230743 | E53: =E34/E14*100 -> 15.167734 | F53: =F34/F14*100 -> 15.126971 | G53: =G34/G14*100 -> 15.182907 | H53: =H34/H14*100 -> 16.063728 | I53: =I34/I14*100 -> 16.087176 | ... U53: =U34/U14*100 -> 16.456222 | V53: =U53+(U53-T53) -> 16.394341 | W53: =V53 -> 16.394341 | X53: =W53 -> 16.394341 | Y53: =X53 -> 16.394341
A54: Transport , storage and communication | B54: =B35/B15*100 -> 22.188343 | C54: =C35/C15*100 -> 21.867725 | D54: =D35/D15*100 -> 21.470903 | E54: =E35/E15*100 -> 21.314974 | F54: =F35/F15*100 -> 20.9908 | G54: =G35/G15*100 -> 20.621755 | H54: =H35/H15*100 -> 20.421254 | I54: =I35/I15*100 -> 20.48779 | ... U54: =U35/U15*100 -> 21.111216 | V54: =U54+(U54-T54) -> 21.164552 | W54: =V54 -> 21.164552 | X54: =W54 -> 21.164552 | Y54: =X54 -> 21.164552
A55: Finance, real estate and business services | B55: =B36/B16*100 -> 13.604192 | C55: =C36/C16*100 -> 13.625597 | D55: =D36/D16*100 -> 13.553629 | E55: =E36/E16*100 -> 13.663784 | F55: =F36/F16*100 -> 13.797945 | G55: =G36/G16*100 -> 13.475836 | H55: =H36/H16*100 -> 13.051385 | I55: =I36/I16*100 -> 12.90107 | ... U55: =U36/U16*100 -> 13.423405 | V55: =U55+(U55-T55) -> 13.44305 | W55: =V55 -> 13.44305 | X55: =W55 -> 13.44305 | Y55: =X55 -> 13.44305
A56: Personal services | B56: =B37/B17*100 -> 16.535269 | C56: =C37/C17*100 -> 16.533574 | D56: =D37/D17*100 -> 16.527701 | E56: =E37/E17*100 -> 16.528262 | F56: =F37/F17*100 -> 16.494046 | G56: =G37/G17*100 -> 16.476538 | H56: =H37/H17*100 -> 16.480987 | I56: =I37/I17*100 -> 16.472379 | ... U56: =U37/U17*100 -> 16.660275 | V56: =U56+(U56-T56) -> 16.685825 | W56: =V56 -> 16.685825 | X56: =W56 -> 16.685825 | Y56: =X56 -> 16.685825
... A60: KZN - GDPR at constant 2010 prices | B60: =B41/B21*100 -> 15.163087 | C60: =C41/C21*100 -> 15.226497 | D60: =D41/D21*100 -> 15.128597 | E60: =E41/E21*100 -> 15.199609 | F60: =F41/F21*100 -> 15.081296 | G60: =G41/G21*100 -> 15.185477 | H60: =H41/H21*100 -> 15.47436 | I60: =I41/I21*100 -> 15.30593 | ... U60: =U41/U21*100 -> 15.918455 | V60: =U60+(U60-T60) -> 15.965181 | W60: =V60 -> 15.965181 | X60: =W60 -> 15.965181 | Y60: =X60 -> 15.965181
A62: SA – GDP by activity
A63: PA Change
A64: National Industry | C64: 1996 | D64: 1997 | E64: 1998 | F64: 1999 | G64: 2000 | H64: 2001 | I64: 2002 | J64: 2003 | K64: 2004 | L64: 2005 | M64: 2006 | N64: 2007 | O64: 2008 | P64: 2009 | Q64: 2010 | R64: 2011 | S64: 2012 | T64: 2013 | U64: 2014
A65: Primary Industries | C65: =(C6-B6)/B6*100 -> 2.8687616 | D65: =(D6-C6)/C6*100 -> 1.5573421 | E65: =(E6-D6)/D6*100 -> -1.0212747 | F65: =(F6-E6)/E6*100 -> -0.11172809 | G65: =(G6-F6)/F6*100 -> -0.054721649 | H65: =(H6-G6)/G6*100 -> -0.70414104 | I65: =(I6-H6)/H6*100 -> 2.0112217 | J65: =(J6-I6)/I6*100 -> 2.8751793 | ... U65: =(U6-T6)/T6*100 -> 0.043953592
A66: Agriculture, forestry and fishing | C66: =(C7-B7)/B7*100 -> 24 | D66: =(D7-C7)/C7*100 -> 0.9 | E66: =(E7-D7)/D7*100 -> -5.3 | F66: =(F7-E7)/E7*100 -> 6.2 | G66: =(G7-F7)/F7*100 -> 4.7 | H66: =(H7-G7)/G7*100 -> -3.3 | I66: =(I7-H7)/H7*100 -> 6.5 | J66: =(J7-I7)/I7*100 -> 0.68106961 | ... U66: =(U7-T7)/T7*100 -> 5.5668763
A67: Mining and quarrying | C67: =(C8-B8)/B8*100 -> -0.8 | D67: =(D8-C8)/C8*100 -> 1.7 | E67: =(E8-D8)/D8*100 -> -0.1 | F67: =(F8-E8)/E8*100 -> -1.4 | G67: =(G8-F8)/F8*100 -> -1.1 | H67: =(H8-G8)/G8*100 -> -0.1 | I67: =(I8-H8)/H8*100 -> 1 | J67: =(J8-I8)/I8*100 -> 3.3963798 | ... U67: =(U8-T8)/T8*100 -> -1.57963
A68: Secondary Industries | C68: =(C9-B9)/B9*100 -> 2.8760604 | D68: =(D9-C9)/C9*100 -> 2.9811606 | E68: =(E9-D9)/D9*100 -> -1.869337 | F68: =(F9-E9)/E9*100 -> 0.20540276 | G68: =(G9-F9)/F9*100 -> 7.0550774 | H68: =(H9-G9)/G9*100 -> 2.3709371 | I68: =(I9-H9)/H9*100 -> 3.2409103 | J68: =(J9-I9)/I9*100 -> 0.1926621 | ... U68: =(U9-T9)/T9*100 -> 0.44465922
A69: Manufacturing | C69: =(C10-B10)/B10*100 -> 1.4 | D69: =(D10-C10)/C10*100 -> 2.7 | E69: =(E10-D10)/D10*100 -> -0.2 | F69: =(F10-E10)/E10*100 -> 0.6 | G69: =(G10-F10)/F10*100 -> 8.1 | H69: =(H10-G10)/G10*100 -> 3.2 | I69: =(I10-H10)/H10*100 -> 2.8 | J69: =(J10-I10)/I10*100 -> -1.504237 | ... U69: =(U10-T10)/T10*100 -> 0.041118659
A70: Electricity, gas and water | C70: =(C11-B11)/B11*100 -> 10.8 | D70: =(D11-C11)/C11*100 -> 3.9 | E70: =(E11-D11)/D11*100 -> -6.3 | F70: =(F11-E11)/E11*100 -> -0.5 | G70: =(G11-F11)/F11*100 -> 3.1 | H70: =(H11-G11)/G11*100 -> -3.7 | I70: =(I11-H11)/H11*100 -> 3.5 | J70: =(J11-I11)/I11*100 -> 2.9505666 | ... U70: =(U11-T11)/T11*100 -> -0.89197398
A71: Construction | C71: =(C12-B12)/B12*100 -> 2.0159734 | D71: =(D12-C12)/C12*100 -> 3.4427236 | E71: =(E12-D12)/D12*100 -> -5.894375 | F71: =(F12-E12)/E12*100 -> -1.3573544 | G71: =(G12-F12)/F12*100 -> 5.6492369 | H71: =(H12-G12)/G12*100 -> 4.9256418 | I71: =(I12-H12)/H12*100 -> 5.8093347 | J71: =(J12-I12)/I12*100 -> 7.6873231 | ... U71: =(U12-T12)/T12*100 -> 2.8763465
A72: Tertiary industries | C72: =(C13-B13)/B13*100 -> 4.075377 | D72: =(D13-C13)/C13*100 -> 2.3944048 | E72: =(E13-D13)/D13*100 -> 1.8821457 | F72: =(F13-E13)/E13*100 -> 3.7456246 | G72: =(G13-F13)/F13*100 -> 3.8829093 | H72: =(H13-G13)/G13*100 -> 3.3513677 | I72: =(I13-H13)/H13*100 -> 3.890256 | J72: =(J13-I13)/I13*100 -> 4.0860175 | ... U72: =(U13-T13)/T13*100 -> 2.1471418
A73: Wholesale & retail trade; hotels & restaurants | C73: =(C14-B14)/B14*100 -> 3.7 | D73: =(D14-C14)/C14*100 -> 0.4 | E73: =(E14-D14)/D14*100 -> 1.3 | F73: =(F14-E14)/E14*100 -> 7.6 | G73: =(G14-F14)/F14*100 -> 8.1 | H73: =(H14-G14)/G14*100 -> 1.9 | I73: =(I14-H14)/H14*100 -> 2.3 | J73: =(J14-I14)/I14*100 -> 2.6657607 | ... U73: =(U14-T14)/T14*100 -> 1.2562459
A74: Transport , storage and communication | C74: =(C15-B15)/B15*100 -> 6.1 | D74: =(D15-C15)/C15*100 -> 7.6 | E74: =(E15-D15)/D15*100 -> 5.5 | F74: =(F15-E15)/E15*100 -> 5.2 | G74: =(G15-F15)/F15*100 -> 8.3 | H74: =(H15-G15)/G15*100 -> 5.9 | I74: =(I15-H15)/H15*100 -> 9 | J74: =(J15-I15)/I15*100 -> 6.3478429 | ... U74: =(U15-T15)/T15*100 -> 2.2609249
A75: Finance, real estate and business services | C75: =(C16-B16)/B16*100 -> 6.7853709 | D75: =(D16-C16)/C16*100 -> 4.7060867 | E75: =(E16-D16)/D16*100 -> 2.302056 | F75: =(F16-E16)/E16*100 -> 5.1105563 | G75: =(G16-F16)/F16*100 -> 3.1802295 | H75: =(H16-G16)/G16*100 -> 8.1675334 | I75: =(I16-H16)/H16*100 -> 6.2763462 | J75: =(J16-I16)/I16*100 -> 4.7992294 | ... U75: =(U16-T16)/T16*100 -> 2.229936
A76: Personal services | C76: =(C17-B17)/B17*100 -> 2.6582004 | D76: =(D17-C17)/C17*100 -> -0.032717766 | E76: =(E17-D17)/D17*100 -> 6.2112207 | F76: =(F17-E17)/E17*100 -> 3.8691359 | G76: =(G17-F17)/F17*100 -> 4.8180335 | H76: =(H17-G17)/G17*100 -> 2.2482669 | I76: =(I17-H17)/H17*100 -> 2.4637526 | J76: =(J17-I17)/I17*100 -> 5.5579361 | ... U76: =(U17-T17)/T17*100 -> 1.4189963
... A80: SA - GDP at constant 2010 prices | C80: =(C21-B21)/B21*100 -> 3.730256 | D80: =(D21-C21)/C21*100 -> 2.4303836 | E80: =(E21-D21)/D21*100 -> 0.39849236 | F80: =(F21-E21)/E21*100 -> 2.0602249 | G80: =(G21-F21)/F21*100 -> 3.6702378 | H80: =(H21-G21)/G21*100 -> 2.3988636 | I80: =(I21-H21)/H21*100 -> 3.3929606 | J80: =(J21-I21)/I21*100 -> 3.0368578 | ... U80: =(U21-T21)/T21*100 -> 1.5248535
A82: KZN – GDPR by activity
A83: PA Change
A84: Provincial Industry | C84: 1996 | D84: 1997 | E84: 1998 | F84: 1999 | G84: 2000 | H84: 2001 | I84: 2002 | J84: 2003 | K84: 2004 | L84: 2005 | M84: 2006 | N84: 2007 | O84: 2008 | P84: 2009 | Q84: 2010 | R84: 2011 | S84: 2012 | T84: 2013 | U84: 2014
A85: Primary Industries | C85: =(C26-B26)/B26*100 -> 9.6663649 | D85: =(D26-C26)/C26*100 -> 0.16610878 | E85: =(E26-D26)/D26*100 -> 0.25227953 | F85: =(F26-E26)/E26*100 -> -4.4896855 | G85: =(G26-F26)/F26*100 -> 1.8540624 | H85: =(H26-G26)/G26*100 -> 0.33215679 | I85: =(I26-H26)/H26*100 -> 2.7650354 | J85: =(J26-I26)/I26*100 -> 5.9117928 | ... U85: =(U26-T26)/T26*100 -> 3.6958554
A86: Agriculture, forestry and fishing | C86: =(C27-B27)/B27*100 -> 15.432565 | D86: =(D27-C27)/C27*100 -> -0.44532874 | E86: =(E27-D27)/D27*100 -> 1.3131371 | F86: =(F27-E27)/E27*100 -> -3.0479024 | G86: =(G27-F27)/F27*100 -> 3.4861061 | H86: =(H27-G27)/G27*100 -> 0.06569066 | I86: =(I27-H27)/H27*100 -> 4.2142174 | J86: =(J27-I27)/I27*100 -> 5.9347574 | ... U86: =(U27-T27)/T27*100 -> 5.8179103
A87: Mining and quarrying | C87: =(C28-B28)/B28*100 -> 1.8559743 | D87: =(D28-C28)/C28*100 -> 1.104701 | E87: =(E28-D28)/D28*100 -> -1.3512325 | F87: =(F28-E28)/E28*100 -> -6.7278354 | G87: =(G28-F28)/F28*100 -> -0.77939423 | H87: =(H28-G28)/G28*100 -> 0.78060942 | I87: =(I28-H28)/H28*100 -> 0.34341687 | J87: =(J28-I28)/I28*100 -> 5.871938 | ... U87: =(U28-T28)/T28*100 -> -1.330643
A88: Secondary Industries | C88: =(C29-B29)/B29*100 -> 2.1789158 | D88: =(D29-C29)/C29*100 -> 3.1635264 | E88: =(E29-D29)/D29*100 -> -2.6494896 | F88: =(F29-E29)/E29*100 -> 0.49788314 | G88: =(G29-F29)/F29*100 -> 7.7580022 | H88: =(H29-G29)/G29*100 -> 5.0764646 | I88: =(I29-H29)/H29*100 -> -0.10033124 | J88: =(J29-I29)/I29*100 -> 0.08391844 | ... U88: =(U29-T29)/T29*100 -> 0.68166447
A89: Manufacturing | C89: =(C30-B30)/B30*100 -> 1.7479865 | D89: =(D30-C30)/C30*100 -> 2.6509811 | E89: =(E30-D30)/D30*100 -> -0.45016265 | F89: =(F30-E30)/E30*100 -> 1.6411317 | G89: =(G30-F30)/F30*100 -> 8.6497519 | H89: =(H30-G30)/G30*100 -> 3.0111871 | I89: =(I30-H30)/H30*100 -> 2.6490722 | J89: =(J30-I30)/I30*100 -> -0.9002224 | ... U89: =(U30-T30)/T30*100 -> 0.18075483
A90: Electricity, gas and water | C90: =(C31-B31)/B31*100 -> 9.6880559 | D90: =(D31-C31)/C31*100 -> 3.4439858 | E90: =(E31-D31)/D31*100 -> -6.1115589 | F90: =(F31-E31)/E31*100 -> -0.17551452 | G90: =(G31-F31)/F31*100 -> 4.6257795 | H90: =(H31-G31)/G31*100 -> -1.2741236 | I90: =(I31-H31)/H31*100 -> 4.0551999 | J90: =(J31-I31)/I31*100 -> 1.0407445 | ... U90: =(U31-T31)/T31*100 -> -0.33982197
A91: Construction | C91: =(C32-B32)/B32*100 -> -1.7304948 | D91: =(D32-C32)/C32*100 -> 5.7192337 | E91: =(E32-D32)/D32*100 -> -11.254515 | F91: =(F32-E32)/E32*100 -> -5.6966588 | G91: =(G32-F32)/F32*100 -> 5.1708958 | H91: =(H32-G32)/G32*100 -> 25.201976 | I91: =(I32-H32)/H32*100 -> -18.451042 | J91: =(J32-I32)/I32*100 -> 5.9038485 | ... U91: =(U32-T32)/T32*100 -> 3.2990612
A92: Tertiary industries | C92: =(C33-B33)/B33*100 -> 4.1512725 | D92: =(D33-C33)/C33*100 -> 1.1944777 | E92: =(E33-D33)/D33*100 -> 2.8650207 | F92: =(F33-E33)/E33*100 -> 2.9306991 | G92: =(G33-F33)/F33*100 -> 3.5095397 | H92: =(H33-G33)/G33*100 -> 4.2152088 | I92: =(I33-H33)/H33*100 -> 3.7255657 | J92: =(J33-I33)/I33*100 -> 4.5226828 | ... U92: =(U33-T33)/T33*100 -> 2.1365935
A93: Wholesale & retail trade; hotels & restaurants | C93: =(C34-B34)/B34*100 -> 2.2470429 | D93: =(D34-C34)/C34*100 -> 0.55422229 | E93: =(E34-D34)/D34*100 -> 0.88092426 | F93: =(F34-E34)/E34*100 -> 7.3108266 | G93: =(G34-F34)/F34*100 -> 8.4997293 | H93: =(H34-G34)/G34*100 -> 7.8116277 | I93: =(I34-H34)/H34*100 -> 2.4493202 | J93: =(J34-I34)/I34*100 -> 3.4689505 | ... U93: =(U34-T34)/T34*100 -> 0.87691922
A94: Transport , storage and communication | C94: =(C35-B35)/B35*100 -> 4.5668686 | D94: =(D35-C35)/C35*100 -> 5.6474437 | E94: =(E35-D35)/D35*100 -> 4.7338215 | F94: =(F35-E35)/E35*100 -> 3.6000402 | G94: =(G35-F35)/F35*100 -> 6.3959468 | H94: =(H35-G35)/G35*100 -> 4.8703563 | I94: =(I35-H35)/H35*100 -> 9.3551418 | J94: =(J35-I35)/I35*100 -> 6.9910453 | ... U94: =(U35-T35)/T35*100 -> 2.5199359
A95: Finance, real estate and business services | C95: =(C36-B36)/B36*100 -> 6.9533878 | D95: =(D36-C36)/C36*100 -> 4.1530546 | E95: =(E36-D36)/D36*100 -> 3.1334936 | F95: =(F36-E36)/E36*100 -> 6.1426114 | G95: =(G36-F36)/F36*100 -> 0.77151661 | H95: =(H36-G36)/G36*100 -> 4.7605573 | I95: =(I36-H36)/H36*100 -> 5.0523433 | J95: =(J36-I36)/I36*100 -> 5.6484711 | ... U95: =(U36-T36)/T36*100 -> 2.3797671
A96: Personal services | C96: =(C37-B37)/B37*100 -> 2.6476745 | D96: =(D37-C37)/C37*100 -> -0.068225496 | E96: =(E37-D37)/D37*100 -> 6.2148253 | F96: =(F37-E37)/E37*100 -> 3.65411 | G96: =(G37-F37)/F37*100 -> 4.7067763 | H96: =(H37-G37)/G37*100 -> 2.2758734 | I96: =(I37-H37)/H37*100 -> 2.4102375 | J96: =(J37-I37)/I37*100 -> 5.5162605 | ... U96: =(U37-T37)/T37*100 -> 1.5747679
... A99: Taxes less subsidies on products | C99: =(C40-B40)/B40*100 -> 5.2529069 | D99: =(D40-C40)/C40*100 -> 2.759255 | E99: =(E40-D40)/D40*100 -> -0.71278421 | F99: =(F40-E40)/E40*100 -> -1.8794287 | G99: =(G40-F40)/F40*100 -> 2.9209343 | H99: =(H40-G40)/G40*100 -> 6.2281327 | I99: =(I40-H40)/H40*100 -> -0.46990193 | J99: =(J40-I40)/I40*100 -> 1.6516373 | ... U99: =(U40-T40)/T40*100 -> 1.3810523
A100: KZN - GDPR at constant 2010 prices | C100: =(C41-B41)/B41*100 -> 4.1640435 | D100: =(D41-C41)/C41*100 -> 1.7717994 | E100: =(E41-D41)/D41*100 -> 0.86974819 | F100: =(F41-E41)/E41*100 -> 1.2657932 | G100: =G98 -> 4.5417255 | H100: =(H41-G41)/G41*100 -> 4.3468657 | I100: =(I41-H41)/H41*100 -> 2.2675826 | J100: =(J41-I41)/I41*100 -> 3.2308136 | K100: =(K41-J41)/J41*100 -> 4.4598729 | L100: =(L41-K41)/K41*100 -> 5.673576 | M100: =(M41-L41)/L41*100 -> 5.4039474 | N100: =(N41-M41)/M41*100 -> 6.1882202 | O100: =(O41-N41)/N41*100 -> 4.0164005 | ... U100: =(U41-T41)/T41*100 -> 1.8237396
A102: Targeted GDP | C102: 5 | D102: 5 | E102: 5 | F102: 5 | G102: 5 | H102: 5 | I102: 5 | J102: 5 | K102: 5 | L102: 5 | M102: 5 | N102: 5 | O102: 5 | P102: 5 | Q102: 5 | R102: 5 | S102: 5 | T102: 5 | U102: 5
A103: Potential GDP | C103: 3.5 | D103: 3.5 | E103: 3.5 | F103: 3.5 | G103: 3.5 | H103: 3.5 | I103: 3.5 | J103: 3.5 | K103: 3.5 | L103: 3.5 | M103: 3.5 | N103: 3.5 | O103: 3.5 | P103: 3.5 | Q103: 3.5 | R103: 3.5 | S103: 3.5 | T103: 3.5 | U103: 3.5
A134: Primary Industries | B134: =B26/B$39*100 -> 8.4214546 | C134: =C26/C$39*100 -> 8.8764438 | D134: =D26/D$39*100 -> 8.7457756 | E134: =E26/E$39*100 -> 8.6770308 | F134: =F26/F$39*100 -> 8.1560617 | G134: =G26/G$39*100 -> 7.9463775 | H134: =H26/H$39*100 -> 7.6550458 | I134: =I26/I$39*100 -> 7.6704279 | ... P134: =P26/P$39*100 -> 6.5451681
A135: Agriculture, forestry and fishing | B135: =B27/B$39*100 -> 4.844725 | C135: =C27/C$39*100 -> 5.3749685 | D135: =D27/D$39*100 -> 5.2635177 | E135: =E27/E$39*100 -> 5.2774047 | F135: =F27/F$39*100 -> 5.0354315 | G135: =G27/G$39*100 -> 4.9845858 | H135: =H27/H$39*100 -> 4.789087 | I135: =I27/I$39*100 -> 4.8663812 | ... P135: =P27/P$39*100 -> 4.6025943
A136: Mining and quarrying | B136: =B28/B$39*100 -> 3.5767296 | C136: =C28/C$39*100 -> 3.5014753 | D136: =D28/D$39*100 -> 3.482258 | E136: =E28/E$39*100 -> 3.3996261 | F136: =F28/F$39*100 -> 3.1206301 | G136: =G28/G$39*100 -> 2.9617917 | H136: =H28/H$39*100 -> 2.8659588 | I136: =I28/I$39*100 -> 2.8040467 | ... P136: =P28/P$39*100 -> 1.9425738
A137: Secondary Industries | B137: =B29/B$39*100 -> 28.932042 | C137: =C29/C$39*100 -> 28.413113 | D137: =D29/D$39*100 -> 28.832581 | E137: =E29/E$39*100 -> 27.777957 | F137: =F29/F$39*100 -> 27.473647 | G137: =G29/G$39*100 -> 28.318887 | H137: =H29/H$39*100 -> 28.570647 | I137: =I29/I$39*100 -> 27.82983 | ... P137: =P29/P$39*100 -> 25.886637
A138: Manufacturing | B138: =B30/B$39*100 -> 21.524183 | C138: =C30/C$39*100 -> 21.048975 | D138: =D30/D$39*100 -> 21.253604 | E138: =E30/E$39*100 -> 20.938795 | F138: =F30/F$39*100 -> 20.944995 | G138: =G30/G$39*100 -> 21.768041 | H138: =H30/H$39*100 -> 21.529908 | I138: =I30/I$39*100 -> 21.548827 | ... P138: =P30/P$39*100 -> 18.464906
A139: Electricity, gas and water | B139: =B31/B$39*100 -> 3.3485652 | C139: =C31/C$39*100 -> 3.5301776 | D139: =D31/D$39*100 -> 3.592033 | E139: =E31/E$39*100 -> 3.3375747 | F139: =F31/F$39*100 -> 3.2788924 | G139: =G31/G$39*100 -> 3.2815287 | H139: =H31/H$39*100 -> 3.1106107 | I139: =I31/I$39*100 -> 3.1559918 | ... P139: =P31/P$39*100 -> 2.7256873
A140: Construction | B140: =B32/B$39*100 -> 4.0592933 | C140: =C32/C$39*100 -> 3.8339607 | D140: =D32/D$39*100 -> 3.9869444 | E140: =E32/E$39*100 -> 3.5015876 | F140: =F32/F$39*100 -> 3.2497591 | G140: =G32/G$39*100 -> 3.2693173 | H140: =H32/H$39*100 -> 3.9301281 | I140: =I32/I$39*100 -> 3.125011 | ... P140: =P32/P$39*100 -> 4.6960431
A141: Tertiary industries | B141: =B33/B$39*100 -> 62.646504 | C141: =C33/C$39*100 -> 62.710443 | D141: =D33/D$39*100 -> 62.421643 | E141: =E33/E$39*100 -> 63.545012 | F141: =F33/F$39*100 -> 64.370292 | G141: =G33/G$39*100 -> 63.734736 | H141: =H33/H$39*100 -> 63.774307 | I141: =I33/I$39*100 -> 64.499742 | ... P141: =P33/P$39*100 -> 67.568195
A142: Wholesale & retail trade; hotels & restaurants | B142: =B34/B$39*100 -> 13.704974 | C142: =C34/C$39*100 -> 13.468134 | D142: =D34/D$39*100 -> 13.321289 | E142: =E34/E$39*100 -> 13.299455 | F142: =F34/F$39*100 -> 14.045476 | G142: =G34/G$39*100 -> 14.577245 | H142: =H34/H$39*100 -> 15.089662 | I142: =I34/I$39*100 -> 15.073532 | ... P142: =P34/P$39*100 -> 15.265731
A143: Transport , storage and communication | B143: =B35/B$39*100 -> 9.6286276 | C143: =C35/C$39*100 -> 9.6769153 | D143: =D35/D$39*100 -> 10.056213 | E143: =E35/E$39*100 -> 10.423173 | F143: =F35/F$39*100 -> 10.627203 | G143: =G35/G$39*100 -> 10.815694 | H143: =H35/H$39*100 -> 10.890444 | I143: =I35/I$39*100 -> 11.612112 | ... P143: =P35/P$39*100 -> 12.356502
A144: Finance, real estate and business services | B144: =B36/B$39*100 -> 13.843361 | C144: =C36/C$39*100 -> 14.230316 | D144: =D36/D$39*100 -> 14.578911 | E144: =E36/E$39*100 -> 14.880015 | F144: =F36/F$39*100 -> 15.543621 | G144: =G36/G$39*100 -> 14.983054 | H144: =H36/H$39*100 -> 15.07081 | I144: =I36/I$39*100 -> 15.437208 | ... P144: =P36/P$39*100 -> 18.271499
...

Sheet Quarterly
A1: Quarterly GDP and GDPR
A3: SA – GDP by activity
A4: Constant 2010 prices - Rand million
A5: National Industry | B5: 1995q1 | C5: 1995q2 | D5: 1995q3 | E5: 1995q4 | F5: 1996q1 | G5: 1996q2 | H5: 1996q3 | I5: 1996q4 | J5: 1997q1 | K5: 1997q2 | L5: 1997q3 | M5: 1997q4 | N5: 1998q1 | O5: 1998q2 | P5: 1998q3 | Q5: 1998q4 | R5: 1999q1 | S5: 1999q2 | T5: 1999q3 | U5: 1999q4 | V5: 2000q1 | W5: 2000q2 | X5: 2000q3 | Y5: 2000q4 | Z5: 2001q1 | AA5: 2001q2 | AB5: 2001q3 | AC5: 2001q4 | AD5: 2002q1 | AE5: 2002q2 | AF5: 2002q3 | AG5: 2002q4 | AH5: 2003q1 | AI5: 2003q2 | AJ5: 2003q3 | AK5: 2003q4 | AL5: 2004q1 | AM5: 2004q2 | AN5: 2004q3 | AO5: 2004q4 | AP5: 2005q1 | AQ5: 2005q2 | AR5: 2005q3 | AS5: 2005q4 | AT5: 2006q1 | AU5: 2006q2 | AV5: 2006q3 | AW5: 2006q4 | AX5: 2007q1 | AY5: 2007q2 | AZ5: 2007q3 | BA5: 2007q4 | BB5: 2008q1 | BC5: 2008q2 | BD5: 2008q3 | BE5: 2008q4 | BF5: 2009q1 | BG5: 2009q2 | BH5: 2009q3 | BI5: 2009q4 | BJ5: 2010q1 | BK5: 2010q2 | BL5: 2010q3 | BM5: 2010q4 | BN5: 2011q1 | BO5: 2011q2 | BP5: 2011q3 | BQ5: 2011q4 | BR5: 2012q1 | BS5: 2012q2 | BT5: 2012q3 | BU5: 2012q4 | BV5: 2013q1 | BW5: 2013q2 | BX5: 2013q3 | BY5: 2013q4 | BZ5: 2014q1 | CA5: 2014q2 | CB5: 2014q3 | CC5: 2014q4
A6: Primary Industries | B6: =SUM(B7:B8) -> 66451.388 | C6: =SUM(C7:C8) -> 69582.845 | D6: =SUM(D7:D8) -> 71297.39 | E6: =SUM(E7:E8) -> 68005.396 | F6: =SUM(F7:F8) -> 66542.205 | G6: =SUM(G7:G8) -> 76676.168 | H6: =SUM(H7:H8) -> 72285.846 | I6: =SUM(I7:I8) -> 67731.541 | ... CC6: =SUM(CC7:CC8) -> 71182.749
A7: Agriculture, forestry and fishing | B7: 7808.6148 | C7: 11347.134 | D7: 12167.747 | E7: 9408.0997 | F7: 8573.7264 | G7: 19103.301 | H7: 13679.614 | I7: 9150.5374 | J7: 9466.7634 | K7: 18725.188 | L7: 13582.279 | M7: 9187.513 | N7: 9162.8312 | O7: 18080.503 | P7: 13113.338 | Q7: 7904.0988 | R7: 10054.371 | S7: 19983.855 | T7: 13977.512 | U7: 7237.2013 | V7: 8541.3628 | W7: 17124.159 | X7: 19090.928 | Y7: 8905.3771 | Z7: 9491.5501 | AA7: 19794.365 | AB7: 15172.844 | AC7: 7432.2272 | AD7: 10381.456 | AE7: 21742.441 | AF7: 14285.686 | AG7: 8854.3178 | AH7: 9534.5886 | AI7: 24048.574 | AJ7: 15012.234 | AK7: 7044.8901 | AL7: 9590.1209 | AM7: 21819.569 | AN7: 16496.18 | AO7: 8212.6111 | AP7: 11050.621 | AQ7: 20247.388 | AR7: 18072.372 | AS7: 8324.9098 | AT7: 11298.216 | AU7: 18265.598 | AV7: 15860.192 | AW7: 9119.513 | AX7: 11700.973 | AY7: 18877.074 | AZ7: 16246.529 | BA7: 9343.884 | BB7: 14448.318 | BC7: 22623.534 | BD7: 19281.361 | BE7: 10718.397 | BF7: 14121.695 | BG7: 21764.437 | BH7: 18713.038 | BI7: 11203.26 | BJ7: 14236.464 | BK7: 22159.434 | BL7: 18300.662 | BM7: 10908.23 | BN7: 14132.077 | BO7: 22130.71 | BP7: 18838.817 | BQ7: 11361.966 | BR7: 14678.424 | BS7: 23268.545 | BT7: 17973.008 | BU7: 10940.663 | BV7: 15239.365 | BW7: 24610.512 | BX7: 17330.893 | BY7: 10699.58 | BZ7: 14903 | CA7: 26202.28 | CB7: 19400.31 | CC7: 11153.57
A8: Mining and quarrying | B8: 58642.774 | C8: 58235.712 | D8: 59129.642 | E8: 58597.296 | F8: 57968.478 | G8: 57572.867 | H8: 58606.232 | I8: 58581.003 | J8: 57740.205 | K8: 58897.155 | L8: 60135.332 | M8: 59912.274 | N8: 59095.22 | O8: 59099.875 | P8: 59276.524 | Q8: 58976.662 | R8: 57763.478 | S8: 58056.963 | T8: 58627.176 | U8: 58690.388 | V8: 57126.055 | W8: 57821.901 | X8: 57789.317 | Y8: 57836.214 | Z8: 56774.455 | AA8: 58066.278 | AB8: 58101.189 | AC8: 57400.991 | AD8: 56490.857 | AE8: 58043.464 | AF8: 58892.965 | AG8: 59219.057 | AH8: 58130.651 | AI8: 60091.113 | AJ8: 61306.015 | AK8: 61020.117 | AL8: 61019.906 | AM8: 60856.825 | AN8: 62702.452 | AO8: 59600.472 | AP8: 63571.039 | AQ8: 62327.859 | AR8: 61526.536 | AS8: 59259.998 | AT8: 60131.256 | AU8: 60856.401 | AV8: 61270.299 | AW8: 62966.695 | AX8: 61301.183 | AY8: 60768.499 | AZ8: 61090.631 | BA8: 60502.848 | BB8: 56013.971 | BC8: 58711.499 | BD8: 57801.947 | BE8: 58136.084 | BF8: 52487.809 | BG8: 54872.811 | BH8: 55383.597 | BI8: 56086.793 | BJ8: 57311.199 | BK8: 54666.657 | BL8: 58678.754 | BM8: 59694.229 | BN8: 57526.064 | BO8: 58250.125 | BP8: 56240.453 | BQ8: 56629.298 | BR8: 52473.677 | BS8: 58104.992 | BT8: 55999.154 | BU8: 55394.577 | BV8: 54675.752 | BW8: 57304.446 | BX8: 57913.058 | BY8: 61015.144 | BZ8: 53991.552 | CA8: 56852.492 | CB8: 56386.958 | CC8: 60029.179
A9: Secondary Industries | B9: =SUM(B10:B12) -> 83002.24 | C9: =SUM(C10:C12) -> 84540.063 | D9: =SUM(D10:D12) -> 88952.483 | E9: =SUM(E10:E12) -> 87019.486 | F9: =SUM(F10:F12) -> 84811.274 | G9: =SUM(G10:G12) -> 86285.611 | H9: =SUM(H10:H12) -> 91230.288 | I9: =SUM(I10:I12) -> 91066.776 | ... CC9: =SUM(CC10:CC12) -> 143493.98
A10: Manufacturing | B10: 59932.646 | C10: 61081.256 | D10: 65401.611 | E10: 64639.59 | F10: 61296.726 | G10: 61799.016 | H10: 65690.039 | I10: 65784.095 | J10: 62320.706 | K10: 64461.104 | L10: 67583.131 | M10: 67078.313 | N10: 63536.636 | O10: 64625.556 | P10: 66593.894 | Q10: 66164.281 | R10: 62195.608 | S10: 63823.705 | T10: 67460.739 | U10: 69005.837 | V10: 66591.169 | W10: 68957.294 | X10: 73175.793 | Y10: 75022.993 | Z10: 70866.633 | AA10: 72291.908 | AB10: 74346.056 | AC10: 75322.566 | AD10: 71202.307 | AE10: 73938.114 | AF10: 77877.809 | AG10: 78008.095 | AH10: 72543.465 | AI10: 72785.68 | AJ10: 75949.776 | AK10: 75219.256 | AL10: 73926.641 | AM10: 75959.974 | AN10: 80648.751 | AO10: 80475.326 | AP10: 76594.578 | AQ10: 81417.564 | AR10: 86325.609 | AS10: 85968.563 | AT10: 81925.419 | AU10: 85868.174 | AV10: 91141.294 | AW10: 92637.155 | AX10: 87770.456 | AY10: 90785.762 | AZ10: 94519.206 | BA10: 97313.916 | BB10: 90118.83 | BC10: 96634.291 | BD10: 98624.099 | BE10: 93586.87 | BF10: 80618.515 | BG10: 81908.748 | BH10: 87368.739 | BI10: 88795.699 | BJ10: 83985.452 | BK10: 89493.433 | BL10: 92552.781 | BM10: 92667.673 | BN10: 88650.999 | BO10: 90895.999 | BP10: 94434.349 | BQ10: 95279.546 | BR10: 89030.4 | BS10: 92476.53 | BT10: 96300.5 | BU10: 98319 | BV10: 88826.385 | BW10: 94828.442 | BX10: 95915.263 | BY10: 99363.12 | BZ10: 90468.831 | CA10: 93383.683 | CB10: 95623.847 | CC10: 99612.666
A11: Electricity, gas and water | B11: 12695.422 | C11: 12943.779 | D11: 13153.433 | E11: 12447.581 | F11: 12939.299 | G11: 13785.925 | H11: 14931.15 | I11: 15117.784 | J11: 14351.002 | K11: 14882.513 | L11: 15072.716 | M11: 14682.118 | N11: 13584.48 | O11: 13912.325 | P11: 14013.146 | Q11: 13762.133 | R11: 13034.072 | S11: 13725.649 | T11: 14130.859 | U11: 14105.143 | V11: 13561.081 | W11: 14239.235 | X11: 14717.806 | Y11: 14182.469 | Z11: 13272.397 | AA11: 13633.254 | AB11: 14055.833 | AC11: 13641.185 | AD11: 13478.601 | AE11: 14125.764 | AF11: 14605.585 | AG11: 14303.813 | AH11: 13962.387 | AI11: 14511.603 | AJ11: 14995.389 | AK11: 14711.859 | AL11: 14807.823 | AM11: 15490.279 | AN11: 16115.632 | AO11: 15715.121 | AP11: 15588.622 | AQ11: 16300.026 | AR11: 16744.158 | AS11: 16817.519 | AT11: 16031.057 | AU11: 16836.47 | AV11: 17397.208 | AW11: 17423.695 | AX11: 16610.062 | AY11: 17327.923 | AZ11: 18091.772 | BA11: 17970.244 | BB11: 16087.417 | BC11: 16579.152 | BD11: 17839.499 | BE11: 17015.932 | BF11: 15693.848 | BG11: 16345.493 | BH11: 17221.826 | BI11: 17075.834 | BJ11: 16148.036 | BK11: 16780.316 | BL11: 17525.735 | BM11: 17484.912 | BN11: 16475.127 | BO11: 17138.199 | BP11: 17709.011 | BQ11: 17556.663 | BR11: 16528.422 | BS11: 17100.539 | BT11: 17688.156 | BU11: 17483.882 | BV11: 16058.938 | BW11: 17081.381 | BX11: 17779.173 | BY11: 17455.508 | BZ11: 16146.869 | CA11: 16858.397 | CB11: 17463.536 | CC11: 17296.311
A12: Construction | B12: 10374.172 | C12: 10515.028 | D12: 10397.439 | E12: 9932.3153 | F12: 10575.249 | G12: 10700.67 | H12: 10609.099 | I12: 10164.897 | J12: 10781.584 | K12: 10846.994 | L12: 10718.955 | M12: 11150.04 | N12: 10467.798 | O12: 10205.09 | P12: 9922.2901 | Q12: 10338.488 | R12: 10057.657 | S12: 10045.463 | T12: 9887.994 | U12: 10386.937 | V12: 10229.415 | W12: 10463.78 | X12: 10584.953 | Y12: 11380.956 | Z12: 11041.639 | AA12: 11132.5 | AB12: 10968.799 | AC12: 11617.4 | AD12: 11524.792 | AE12: 11536.059 | AF12: 11767.058 | AG12: 12532.7 | AH12: 12466.495 | AI12: 12468.12 | AJ12: 12695.799 | AK12: 13370.968 | AL12: 13249.885 | AM12: 13553.449 | AN12: 14067.295 | AO12: 14776.193 | AP12: 14810.003 | AQ12: 15226.954 | AR12: 15756.742 | AS12: 16486.939 | AT12: 16393.1 | AU12: 16803.1 | AV12: 17396.1 | AW12: 18188.08 | AX12: 18742.82 | AY12: 19202 | AZ12: 19850 | BA12: 21660 | BB12: 20925.12 | BC12: 21283.12 | BD12: 21920.1 | BE12: 23172.03 | BF12: 23052.08 | BG12: 23089 | BH12: 23657 | BI12: 24961 | BJ12: 23759.9 | BK12: 23636.9 | BL12: 23494.9 | BM12: 24558.9 | BN12: 23415.2 | BO12: 23633.1 | BP12: 23812.1 | BQ12: 24949 | BR12: 24217.8 | BS12: 24024.9 | BT12: 24153.91 | BU12: 25407 | BV12: 24799 | BW12: 24873 | BX12: 24957 | BY12: 25839 | BZ12: 25580 | CA12: 25558 | CB12: 25635 | CC12: 26585
A13: Tertiary industries | B13: =SUM(B14:B18) -> 231961.06 | C13: =SUM(C14:C18) -> 234621.08 | D13: =SUM(D14:D18) -> 242400.92 | E13: =SUM(E14:E18) -> 251970.35 | F13: =SUM(F14:F18) -> 242021.85 | G13: =SUM(G14:G18) -> 244693.4 | H13: =SUM(H14:H18) -> 251769.43 | I13: =SUM(I14:I18) -> 261631.2 | ... CC13: =SUM(CC14:CC18) -> 488182.44
A14: Wholesale & retail trade; hotels & restaurants | B14: 48609.405 | C14: 49866.385 | D14: 53184.776 | E14: 61134.044 | F14: 51363.796 | G14: 52192.327 | H14: 54721.933 | I14: 62389.954 | J14: 52450.741 | K14: 52791.793 | L14: 54818.711 | M14: 61489.437 | N14: 52475.789 | O14: 53629.274 | P14: 55609.317 | Q14: 62716.461 | R14: 54794.542 | S14: 56910.489 | T14: 60185.239 | U14: 69597.315 | V14: 60001.198 | W14: 62249.558 | X14: 64881.092 | Y14: 73916.232 | Z14: 62437.252 | AA14: 63719.027 | AB14: 65472.78 | AC14: 74378.934 | AD14: 63220.443 | AE14: 64781.849 | AF14: 67256.499 | AG14: 76867.387 | AH14: 64263.481 | AI14: 65980.058 | AJ14: 69595.698 | AK14: 79541.173 | AL14: 67174.388 | AM14: 69167.362 | AN14: 72314.419 | AO14: 85804.576 | AP14: 72273.363 | AQ14: 73933.367 | AR14: 77418.89 | AS14: 91584.686 | AT14: 76190.835 | AU14: 78373.553 | AV14: 82255.282 | AW14: 97178.905 | AX14: 81001.363 | AY14: 83088.505 | AZ14: 87014.281 | BA14: 101593.68 | BB14: 85186.756 | BC14: 85956.774 | BD14: 86367.209 | BE14: 101369.6 | BF14: 84232.192 | BG14: 84201.797 | BH14: 86309.913 | BI14: 100126.58 | BJ14: 86087.658 | BK14: 87914.598 | BL14: 90553.583 | BM14: 106023.69 | BN14: 89198.548 | BO14: 90780.841 | BP14: 94122.727 | BQ14: 110666.24 | BR14: 93218.563 | BS14: 94445.776 | BT14: 97258.097 | BU14: 113662.19 | BV14: 94982.313 | BW14: 96357.588 | BX14: 98940.602 | BY14: 115702.21 | BZ14: 96658.483 | CA14: 97135.512 | CB14: 100448.64 | CC14: 116840.22
A15: Transport , storage and communication | B15: 24777.506 | C15: 24835.795 | D15: 26875.359 | E15: 27432.605 | F15: 26709.014 | G15: 26588.416 | H15: 28403.459 | I15: 28559.572 | J15: 28289.266 | K15: 28554.859 | L15: 30526.569 | M15: 31269.564 | N15: 30566.49 | O15: 30690.138 | P15: 31771.528 | Q15: 32137.315 | R15: 31251.545 | S15: 31963.489 | T15: 33840.453 | U15: 34618.588 | V15: 34015.598 | W15: 34885.568 | X15: 36611.701 | Y15: 37090.157 | Z15: 35931.359 | AA15: 36614.693 | AB15: 38630.206 | AC15: 39840.345 | AD15: 39116.758 | AE15: 40166.932 | AF15: 42175.514 | AG15: 43148.893 | AH15: 41973.685 | AI15: 42794.307 | AJ15: 44468.819 | AK15: 45820.349 | AL15: 43714.734 | AM15: 44639.319 | AN15: 47079.005 | AO15: 48179.636 | AP15: 46194.48 | AQ15: 47178.672 | AR15: 49468.788 | AS15: 50491.793 | AT15: 48332.346 | AU15: 49486.752 | AV15: 52392.265 | AW15: 53013.078 | AX15: 52288.735 | AY15: 53319.34 | AZ15: 55961.955 | BA15: 56918.4 | BB15: 54391.89 | BC15: 55386.176 | BD15: 58000.578 | BE15: 58357.225 | BF15: 54584.494 | BG15: 55250.796 | BH15: 57750.345 | BI15: 58126.105 | BJ15: 54784.133 | BK15: 56121.357 | BL15: 59041.064 | BM15: 59552.446 | BN15: 56372.982 | BO15: 57926.856 | BP15: 60692.39 | BQ15: 61446.852 | BR15: 58067.02 | BS15: 59480.849 | BT15: 62036.436 | BU15: 62648.875 | BV15: 59180.445 | BW15: 60525.024 | BX15: 63404.452 | BY15: 63952.189 | BZ15: 60215.495 | CA15: 61995.263 | CB15: 64829.046 | CC15: 65608.195
A16: Finance, real estate and business services | B16: 59354.498 | C16: 59935.792 | D16: 61703.433 | E16: 62694.047 | F16: 61961.449 | G16: 63925.101 | H16: 66250.209 | I16: 68086.126 | J16: 67107.406 | K16: 68184.102 | L16: 68581.428 | M16: 68596.258 | N16: 67695.505 | O16: 69628.181 | P16: 70622.792 | Q16: 70795.111 | R16: 71207.154 | S16: 72934.7 | T16: 74167.11 | U16: 74677.874 | V16: 73764.818 | W16: 74896.496 | X16: 76183.178 | Y16: 77459.997 | Z16: 78410.22 | AA16: 81017.919 | AB16: 82935.216 | AC16: 84631.957 | AD16: 87007.795 | AE16: 86787.227 | AF16: 86368.787 | AG16: 87354.863 | AH16: 90926.972 | AI16: 90412.166 | AJ16: 90826.351 | AK16: 92031.4 | AL16: 96600.792 | AM16: 96730.272 | AN16: 97242.119 | AO16: 99316.086 | AP16: 102050.9 | AQ16: 102217 | AR16: 103148.8 | AS16: 104731.81 | AT16: 108259.01 | AU16: 111990.1 | AV16: 114925.1 | AW16: 116722.1 | AX16: 118778.9 | AY16: 119610.9 | AZ16: 121964.9 | BA16: 124319.89 | BB16: 127008.12 | BC16: 127417.12 | BD16: 128211.12 | BE16: 129080.12 | BF16: 129560.1 | BG16: 129156.1 | BH16: 128918.1 | BI16: 129480.01 | BJ16: 130988.2 | BK16: 131110.1 | BL16: 130730.2 | BM16: 130698.1 | BN16: 134387.1 | BO16: 135264.1 | BP16: 137589.02 | BQ16: 137757.02 | BR16: 140279.12 | BS16: 140046.12 | BT16: 140459.12 | BU16: 140295.11 | BV16: 142945.1 | BW16: 144066.04 | BX16: 144800 | BY16: 146316 | BZ16: 146869 | CA16: 146927 | CB16: 147963 | CC16: 149260
A17: Personal services | B17: 22682.454 | C17: 23324.34 | D17: 23739.231 | E17: 23712.761 | F17: 23991.525 | G17: 23896.516 | H17: 24021.649 | I17: 24033.418 | J17: 23771.625 | K17: 24041.351 | L17: 24237.959 | M17: 23860.782 | N17: 24532.899 | O17: 25247.532 | P17: 26012.639 | Q17: 26075.936 | R17: 25943 | S17: 26274.969 | T17: 26845.428 | U17: 26747.06 | V17: 26945.334 | W17: 27432.986 | X17: 28282.496 | Y17: 28247.624 | Z17: 28032.07 | AA17: 28167.977 | AB17: 28719.801 | AC17: 28482.11 | AD17: 28375.621 | AE17: 28723.624 | AF17: 29518.717 | AG17: 29577.939 | AH17: 29818.528 | AI17: 30512.663 | AJ17: 31439.642 | AK17: 30883.162 | AL17: 30418.355 | AM17: 31037.512 | AN17: 31703.237 | AO17: 31637.338 | AP17: 31914.407 | AQ17: 32224.864 | AR17: 32763.771 | AS17: 32631.826 | AT17: 33825.058 | AU17: 33926.855 | AV17: 34270.007 | AW17: 34276.08 | AX17: 36139.192 | AY17: 36360.434 | AZ17: 36350.309 | BA17: 34957.066 | BB17: 37562.545 | BC17: 38015.458 | BD17: 37754.608 | BE17: 35883.599 | BF17: 98060 | BG17: 98558 | BH17: 98604 | BI17: 98699 | BJ17: 99297 | BK17: 100769 | BL17: 101641 | BM17: 102940 | BN17: 103843 | BO17: 105207 | BP17: 106150 | BQ17: 107495 | BR17: 107790 | BS17: 108903 | BT17: 109957 | BU17: 111084 | BV17: 111476 | BW17: 112340 | BX17: 112993 | BY17: 114405 | BZ17: 114973 | CA17: 116138 | CB17: 116595 | CC17: 117205
A18: General government services | B18: 76537.2 | C18: 76658.772 | D18: 76898.117 | E18: 76996.895 | F18: 77996.065 | G18: 78091.043 | H18: 78372.178 | I18: 78562.135 | J18: 78679.908 | K18: 78706.501 | L18: 78995.235 | M18: 79109.209 | N18: 78213.241 | O18: 78294.087 | P18: 78282.538 | Q18: 78340.285 | R18: 77589.567 | S18: 77718.922 | T18: 77675.034 | U18: 77474.072 | V18: 76878.118 | W18: 76988.993 | X18: 76956.655 | Y18: 76758.003 | Z18: 76411.518 | AA18: 76309.882 | AB18: 76041.934 | AC18: 75944.918 | AD18: 75784.791 | AE18: 76675.356 | AF18: 77088.487 | AG18: 77342.475 | AH18: 77585.21 | AI18: 78723.332 | AJ18: 79300.431 | AK18: 79774.649 | AL18: 78919.45 | AM18: 80131.517 | AN18: 80650.746 | AO18: 81716.529 | AP18: 82034.518 | AQ18: 83823.964 | AR18: 84563.442 | AS18: 84843.15 | AT18: 85599 | AU18: 85929 | AV18: 86713 | AW18: 87290 | AX18: 88815 | AY18: 89824 | AZ18: 90891 | BA18: 92106 | BB18: 93530 | BC18: 94657 | BD18: 96279 | BE18: 97302 | BF18: 37176.469 | BG18: 37244.714 | BH18: 37161.173 | BI18: 36432.645 | BJ18: 36859.266 | BK18: 37281.402 | BL18: 37433.66 | BM18: 36988.672 | BN18: 38136.25 | BO18: 38295.345 | BP18: 38078.222 | BQ18: 37653.183 | BR18: 38841.451 | BS18: 39438.224 | BT18: 39163.733 | BU18: 37851.313 | BV18: 39398.146 | BW18: 40056.983 | BX18: 39906.422 | BY18: 38805.049 | BZ18: 40073.882 | CA18: 40592.409 | CB18: 40475.662 | CC18: 39269.028
A19: All industries at basic prices | B19: =B13+B9+B6 -> 381414.69 | C19: =C13+C9+C6 -> 388743.99 | D19: =D13+D9+D6 -> 402650.79 | E19: =E13+E9+E6 -> 406995.23 | F19: =F13+F9+F6 -> 393375.33 | G19: =G13+G9+G6 -> 407655.18 | H19: =H13+H9+H6 -> 415285.56 | I19: =I13+I9+I6 -> 420429.52 | ... CC19: =CC13+CC9+CC6 -> 702859.17
A20: Taxes less subsidies on products | B20: 42787.113 | C20: 42794.388 | D20: 43168.245 | E20: 43342.651 | F20: 44426.159 | G20: 44902.082 | H20: 45310.64 | I20: 45862.842 | J20: 46222.157 | K20: 46356.918 | L20: 46560.307 | M20: 46635.404 | N20: 45639.631 | O20: 45191.242 | P20: 46097.802 | Q20: 46730.065 | R20: 44774.237 | S20: 44697.957 | T20: 46125.528 | U20: 47068.188 | V20: 45352.176 | W20: 45426.416 | X20: 46918.163 | Y20: 47851.886 | Z20: 46088.867 | AA20: 46131.581 | AB20: 47489.909 | AC20: 48505.753 | AD20: 46708.631 | AE20: 48034.63 | AF20: 48943.518 | AG20: 49632.265 | AH20: 48038.492 | AI20: 49536.999 | AJ20: 49939.948 | AK20: 50989.161 | AL20: 49652.863 | AM20: 51805.358 | AN20: 52867.445 | AO20: 54152.248 | AP20: 52398.839 | AQ20: 54543.61 | AR20: 55532.316 | AS20: 56398.721 | AT20: 55914 | AU20: 57129 | AV20: 58502 | AW20: 60994 | AX20: 58952 | AY20: 59956 | AZ20: 61528 | BA20: 63426 | BB20: 61023 | BC20: 62159 | BD20: 62949 | BE20: 63232 | BF20: 59467 | BG20: 59485 | BH20: 60776 | BI20: 63159 | BJ20: 61073 | BK20: 62145 | BL20: 64038 | BM20: 65892 | BN20: 63906 | BO20: 65186 | BP20: 67341 | BQ20: 69733 | BR20: 66310 | BS20: 67361 | BT20: 68785 | BU20: 70302 | BV20: 66740 | BW20: 68493 | BX20: 69290 | BY20: 71749 | BZ20: 67983 | CA20: 68591 | CB20: 70150 | CC20: 72649
A21: SA - GDP at constant 2010 prices | B21: =B19+B20 -> 424201.8 | C21: =C19+C20 -> 431538.38 | D21: =D19+D20 -> 445819.03 | E21: =E19+E20 -> 450337.88 | F21: =F19+F20 -> 437801.49 | G21: =G19+G20 -> 452557.26 | H21: =H19+H20 -> 460596.2 | I21: =I19+I20 -> 466292.36 | ... CC21: =CC19+CC20 -> 775508.17
A23: KZN – GDPR by activity
A24: Constant 2010 prices - Rand million
A25: Provincial Industry | B25: =B5 -> 1995q1 | C25: =C5 -> 1995q2 | D25: =D5 -> 1995q3 | E25: =E5 -> 1995q4 | F25: =F5 -> 1996q1 | G25: =G5 -> 1996q2 | H25: =H5 -> 1996q3 | I25: =I5 -> 1996q4 | ... CC25: =CC5 -> 2014q4
A26: Primary Industries | B26: =SUM(B27:B28) -> 4365.2733 | C26: =SUM(C27:C28) -> 5358.327 | D26: =SUM(D27:D28) -> 5624.7089 | E26: =SUM(E27:E28) -> 4819.2119 | F26: =SUM(F27:F28) -> 4446.5218 | G26: =SUM(G27:G28) -> 7223.7213 | H26: =SUM(H27:H28) -> 5824.3108 | I26: =SUM(I27:I28) -> 4622.4316 | ... CC26: =SUM(CC27:CC28) -> 5468.9099
A27: Agriculture, forestry and fishing | B27: =B7*Annual!$B46/100 -> 2224.2142 | C27: =C7*Annual!$B46/100 -> 3232.1298 | D27: =D7*Annual!$B46/100 -> 3465.8742 | E27: =E7*Annual!$B46/100 -> 2679.8132 | F27: =F7*Annual!$C46/100 -> 2273.4159 | G27: =G7*Annual!$C46/100 -> 5065.446 | H27: =H7*Annual!$C46/100 -> 3627.2971 | I27: =I7*Annual!$C46/100 -> 2426.3636 | J27: =J7*Annual!$D46/100 -> 2476.7449 | K27: =K7*Annual!$D46/100 -> 4898.9831 | L27: =L7*Annual!$D46/100 -> 3553.4679 | M27: =M7*Annual!$D46/100 -> 2403.6859 | N27: =N7*Annual!$E46/100 -> 2564.633 | O27: =O7*Annual!$E46/100 -> 5060.647 | P27: =P7*Annual!$E46/100 -> 3670.3611 | Q27: =Q7*Annual!$E46/100 -> 2212.3198 | R27: =R7*Annual!$F46/100 -> 2569.1125 | S27: =S7*Annual!$F46/100 -> 5106.3138 | T27: =T7*Annual!$F46/100 -> 3571.5612 | U27: =U7*Annual!$F46/100 -> 1849.2639 | V27: =V7*Annual!$G46/100 -> 2157.2018 | W27: =W7*Annual!$G46/100 -> 4324.8679 | X27: =X7*Annual!$G46/100 -> 4821.594 | Y27: =Y7*Annual!$G46/100 -> 2249.137 | Z27: =Z7*Annual!H46/100 -> 2480.6156 | AA27: =AA7*Annual!H46/100 -> 5173.2552 | AB27: =AB7*Annual!H46/100 -> 3965.4211 | AC27: =AC7*Annual!H46/100 -> 1942.4118 | AD27: =AD7*Annual!$I46/100 -> 2654.9599 | AE27: =AE7*Annual!$I46/100 -> 5560.4249 | AF27: =AF7*Annual!$I46/100 -> 3653.4299 | AG27: =AG7*Annual!$I46/100 -> 2264.4086 | AH27: =AH7*Annual!$J46/100 -> 2565.6198 | AI27: =AI7*Annual!$J46/100 -> 6471.1232 | AJ27: =AJ7*Annual!$J46/100 -> 4039.5748 | AK27: =AK7*Annual!$J46/100 -> 1895.678 | AL27: =AL7*Annual!$K46/100 -> 2568.9388 | AM27: =AM7*Annual!$K46/100 -> 5844.8833 | AN27: =AN7*Annual!$K46/100 -> 4418.8888 | AO27: =AO7*Annual!$K46/100 -> 2199.9405 | AP27: =AP7*Annual!$L46/100 -> 2700.0372 | AQ27: =AQ7*Annual!$L46/100 -> 4947.1158 | AR27: =AR7*Annual!$L46/100 -> 4415.6866 | AS27: =AS7*Annual!$L46/100 -> 2034.0546 | AT27: =AT7*Annual!$M46/100 -> 2944.8033 | AU27: =AU7*Annual!$M46/100 -> 4760.8041 | AV27: =AV7*Annual!$M46/100 -> 4133.8513 | AW27: =AW7*Annual!$M46/100 -> 2376.9391 | AX27: =AX7*Annual!$N46/100 -> 3119.4954 | AY27: =AY7*Annual!$N46/100 -> 5032.6537 | AZ27: =AZ7*Annual!$N46/100 -> 4331.3468 | BA27: =BA7*Annual!$N46/100 -> 2491.0922 | BB27: =BB7*Annual!$O46/100 -> 3921.6063 | BC27: =BC7*Annual!$O46/100 -> 6140.5482 | BD27: =BD7*Annual!$O46/100 -> 5233.4054 | BE27: =BE7*Annual!$O46/100 -> 2909.2198 | BF27: =BF7*Annual!P46/100 -> 3775.983 | BG27: =BG7*Annual!P46/100 -> 5819.5666 | BH27: =BH7*Annual!P46/100 -> 5003.6567 | BI27: =BI7*Annual!P46/100 -> 2995.6262 | BJ27: =BJ7*Annual!Q46/100 -> 3843.9603 | BK27: =BK7*Annual!Q46/100 -> 5983.2262 | BL27: =BL7*Annual!Q46/100 -> 4941.3265 | BM27: =BM7*Annual!Q46/100 -> 2945.3102 | BN27: =BN7*Annual!$R46/100 -> 4111.7625 | BO27: =BO7*Annual!$R46/100 -> 6438.9843 | BP27: =BP7*Annual!$R46/100 -> 5481.2 | BQ27: =BQ7*Annual!$R46/100 -> 3305.7919 | BR27: =BR7*Annual!$S46/100 -> 4294.2856 | BS27: =BS7*Annual!$S46/100 -> 6807.3914 | BT27: =BT7*Annual!$S46/100 -> 5258.1414 | BU27: =BU7*Annual!$S46/100 -> 3200.7749 | BV27: =BV7*Annual!$T46/100 -> 4469.0204 | BW27: =BW7*Annual!$T46/100 -> 7217.1563 | BX27: =BX7*Annual!$T46/100 -> 5082.3715 | BY27: =BY7*Annual!$T46/100 -> 3137.7056 | BZ27: =BZ7*Annual!$U46/100 -> 4380.7722 | CA27: =CA7*Annual!$U46/100 -> 7702.2224 | CB27: =CB7*Annual!$U46/100 -> 5702.7672 | CC27: =CC7*Annual!$U46/100 -> 3278.6184
A28: Mining and quarrying | B28: =B8*Annual!$B47/100 -> 2141.0591 | C28: =C8*Annual!$B47/100 -> 2126.1971 | D28: =D8*Annual!$B47/100 -> 2158.8347 | E28: =E8*Annual!$B47/100 -> 2139.3987 | F28: =F8*Annual!$C47/100 -> 2173.1058 | G28: =G8*Annual!$C47/100 -> 2158.2753 | H28: =H8*Annual!$C47/100 -> 2197.0138 | I28: =I8*Annual!$C47/100 -> 2196.068 | J28: =J8*Annual!$D47/100 -> 2151.8783 | K28: =K8*Annual!$D47/100 -> 2194.9958 | L28: =L8*Annual!$D47/100 -> 2241.1405 | M28: =M8*Annual!$D47/100 -> 2232.8275 | N28: =N8*Annual!$E47/100 -> 2174.7929 | O28: =O8*Annual!$E47/100 -> 2174.9642 | P28: =P8*Annual!$E47/100 -> 2181.4652 | Q28: =Q8*Annual!$E47/100 -> 2170.4298 | R28: =R8*Annual!$F47/100 -> 2010.9165 | S28: =S8*Annual!$F47/100 -> 2021.1335 | T28: =T8*Annual!$F47/100 -> 2040.9843 | U28: =U8*Annual!$F47/100 -> 2043.1849 | V28: =V8*Annual!$G47/100 -> 1995.1728 | W28: =W8*Annual!$G47/100 -> 2019.4757 | X28: =X8*Annual!$G47/100 -> 2018.3377 | Y28: =Y8*Annual!$G47/100 -> 2019.9756 | Z28: =Z8*Annual!H47/100 -> 2000.3719 | AA28: =AA8*Annual!H47/100 -> 2045.8875 | AB28: =AB8*Annual!H47/100 -> 2047.1176 | AC28: =AC8*Annual!H47/100 -> 2022.447 | AD28: =AD8*Annual!$I47/100 -> 1977.4406 | AE28: =AE8*Annual!$I47/100 -> 2031.789 | AF28: =AF8*Annual!$I47/100 -> 2061.5254 | AG28: =AG8*Annual!$I47/100 -> 2072.9402 | AH28: =AH8*Annual!$J47/100 -> 2083.5599 | AI28: =AI8*Annual!$J47/100 -> 2153.8282 | AJ28: =AJ8*Annual!$J47/100 -> 2197.3736 | AK28: =AK8*Annual!$J47/100 -> 2187.1262 | AL28: =AL8*Annual!$K47/100 -> 2197.7446 | AM28: =AM8*Annual!$K47/100 -> 2191.8709 | AN28: =AN8*Annual!$K47/100 -> 2258.3446 | AO28: =AO8*Annual!$K47/100 -> 2146.6211 | AP28: =AP8*Annual!$L47/100 -> 2124.5531 | AQ28: =AQ8*Annual!$L47/100 -> 2083.0058 | AR28: =AR8*Annual!$L47/100 -> 2056.2255 | AS28: =AS8*Annual!$L47/100 -> 1980.4775 | AT28: =AT8*Annual!$M47/100 -> 1954.001 | AU28: =AU8*Annual!$M47/100 -> 1977.565 | AV28: =AV8*Annual!$M47/100 -> 1991.0149 | AW28: =AW8*Annual!$M47/100 -> 2046.1403 | AX28: =AX8*Annual!$N47/100 -> 2054.7503 | AY28: =AY8*Annual!$N47/100 -> 2036.8953 | AZ28: =AZ8*Annual!$N47/100 -> 2047.6928 | BA28: =BA8*Annual!$N47/100 -> 2027.991 | BB28: =BB8*Annual!$O47/100 -> 1853.7046 | BC28: =BC8*Annual!$O47/100 -> 1942.9755 | BD28: =BD8*Annual!$O47/100 -> 1912.8752 | BE28: =BE8*Annual!$O47/100 -> 1923.9329 | BF28: =BF8*Annual!P47/100 -> 1781.1923 | BG28: =BG8*Annual!P47/100 -> 1862.1282 | BH28: =BH8*Annual!P47/100 -> 1879.4619 | BI28: =BI8*Annual!P47/100 -> 1903.3251 | BJ28: =BJ8*Annual!Q47/100 -> 1981.0111 | BK28: =BK8*Annual!Q47/100 -> 1889.6002 | BL28: =BL8*Annual!Q47/100 -> 2028.2818 | BM28: =BM8*Annual!Q47/100 -> 2063.3826 | BN28: =BN8*Annual!$R47/100 -> 1985.3369 | BO28: =BO8*Annual!$R47/100 -> 2010.3256 | BP28: =BP8*Annual!$R47/100 -> 1940.9679 | BQ28: =BQ8*Annual!$R47/100 -> 1954.3877 | BR28: =BR8*Annual!$S47/100 -> 1904.9503 | BS28: =BS8*Annual!$S47/100 -> 2109.3837 | BT28: =BT8*Annual!$S47/100 -> 2032.9355 | BU28: =BU8*Annual!$S47/100 -> 2010.9876 | BV28: =BV8*Annual!$T47/100 -> 1989.9263 | BW28: =BW8*Annual!$T47/100 -> 2085.5977 | BX28: =BX8*Annual!$T47/100 -> 2107.7482 | BY28: =BY8*Annual!$T47/100 -> 2220.6487 | BZ28: =BZ8*Annual!$U47/100 -> 1969.996 | CA28: =CA8*Annual!$U47/100 -> 2074.3834 | CB28: =CB8*Annual!$U47/100 -> 2057.3974 | CC28: =CC8*Annual!$U47/100 -> 2190.2916
A29: Secondary Industries | B29: =SUM(B30:B32) -> 16738.601 | C29: =SUM(C30:C32) -> 17046.516 | D29: =SUM(D30:D32) -> 17938.632 | E29: =SUM(E30:E32) -> 17562.016 | F29: =SUM(F30:F32) -> 17035.531 | G29: =SUM(G30:G32) -> 17298.673 | H29: =SUM(H30:H32) -> 18256.929 | I29: =SUM(I30:I32) -> 18204.308 | ... CC29: =SUM(CC30:CC32) -> 28730.202
A30: Manufacturing | B30: =B10*Annual!$B49/100 -> 12305.124 | C30: =C10*Annual!$B49/100 -> 12540.952 | D30: =D10*Annual!$B49/100 -> 13427.99 | E30: =E10*Annual!$B49/100 -> 13271.534 | F30: =F10*Annual!$C49/100 -> 12628.382 | G30: =G10*Annual!$C49/100 -> 12731.864 | H30: =H10*Annual!$C49/100 -> 13533.494 | I30: =I10*Annual!$C49/100 -> 13552.871 | J30: =J10*Annual!$D49/100 -> 12833.214 | K30: =K10*Annual!$D49/100 -> 13273.969 | L30: =L10*Annual!$D49/100 -> 13916.864 | M30: =M10*Annual!$D49/100 -> 13812.911 | N30: =N10*Annual!$E49/100 -> 13050.805 | O30: =O10*Annual!$E49/100 -> 13274.476 | P30: =P10*Annual!$E49/100 -> 13678.784 | Q30: =Q10*Annual!$E49/100 -> 13590.539 | R30: =R10*Annual!$F49/100 -> 12907.565 | S30: =S10*Annual!$F49/100 -> 13245.447 | T30: =T10*Annual!$F49/100 -> 14000.247 | U30: =U10*Annual!$F49/100 -> 14320.904 | V30: =V10*Annual!$G49/100 -> 13890.065 | W30: =W10*Annual!$G49/100 -> 14383.609 | X30: =X10*Annual!$G49/100 -> 15263.534 | Y30: =Y10*Annual!$G49/100 -> 15648.836 | Z30: =Z10*Annual!H49/100 -> 14754.828 | AA30: =AA10*Annual!H49/100 -> 15051.578 | AB30: =AB10*Annual!H49/100 -> 15479.263 | AC30: =AC10*Annual!H49/100 -> 15682.578 | AD30: =AD10*Annual!$I49/100 -> 14802.952 | AE30: =AE10*Annual!$I49/100 -> 15371.726 | AF30: =AF10*Annual!$I49/100 -> 16190.788 | AG30: =AG10*Annual!$I49/100 -> 16217.874 | AH30: =AH10*Annual!$J49/100 -> 15174.266 | AI30: =AI10*Annual!$J49/100 -> 15224.931 | AJ30: =AJ10*Annual!$J49/100 -> 15886.78 | AK30: =AK10*Annual!$J49/100 -> 15733.974 | AL30: =AL10*Annual!$K49/100 -> 15433.928 | AM30: =AM10*Annual!$K49/100 -> 15858.434 | AN30: =AN10*Annual!$K49/100 -> 16837.327 | AO30: =AO10*Annual!$K49/100 -> 16801.12 | AP30: =AP10*Annual!$L49/100 -> 15985.596 | AQ30: =AQ10*Annual!$L49/100 -> 16992.172 | AR30: =AR10*Annual!$L49/100 -> 18016.501 | AS30: =AS10*Annual!$L49/100 -> 17941.984 | AT30: =AT10*Annual!$M49/100 -> 17033.584 | AU30: =AU10*Annual!$M49/100 -> 17853.345 | AV30: =AV10*Annual!$M49/100 -> 18949.71 | AW30: =AW10*Annual!$M49/100 -> 19260.723 | AX30: =AX10*Annual!$N49/100 -> 18261.276 | AY30: =AY10*Annual!$N49/100 -> 18888.632 | AZ30: =AZ10*Annual!$N49/100 -> 19665.402 | BA30: =BA10*Annual!$N49/100 -> 20246.862 | BB30: =BB10*Annual!$O49/100 -> 18735.665 | BC30: =BC10*Annual!$O49/100 -> 20090.227 | BD30: =BD10*Annual!$O49/100 -> 20503.907 | BE30: =BE10*Annual!$O49/100 -> 19456.669 | BF30: =BF10*Annual!P49/100 -> 16801.953 | BG30: =BG10*Annual!P49/100 -> 17070.854 | BH30: =BH10*Annual!P49/100 -> 18208.788 | BI30: =BI10*Annual!P49/100 -> 18506.185 | BJ30: =BJ10*Annual!Q49/100 -> 17571.067 | BK30: =BK10*Annual!Q49/100 -> 18723.422 | BL30: =BL10*Annual!Q49/100 -> 19363.486 | BM30: =BM10*Annual!Q49/100 -> 19387.523 | BN30: =BN10*Annual!$R49/100 -> 18523.156 | BO30: =BO10*Annual!$R49/100 -> 18992.237 | BP30: =BP10*Annual!$R49/100 -> 19731.557 | BQ30: =BQ10*Annual!$R49/100 -> 19908.156 | BR30: =BR10*Annual!$S49/100 -> 18608.698 | BS30: =BS10*Annual!$S49/100 -> 19328.991 | BT30: =BT10*Annual!$S49/100 -> 20128.258 | BU30: =BU10*Annual!$S49/100 -> 20550.155 | BV30: =BV10*Annual!$T49/100 -> 18592.006 | BW30: =BW10*Annual!$T49/100 -> 19848.28 | BX30: =BX10*Annual!$T49/100 -> 20075.759 | BY30: =BY10*Annual!$T49/100 -> 20797.421 | BZ30: =BZ10*Annual!$U49/100 -> 18962.212 | CA30: =CA10*Annual!$U49/100 -> 19573.163 | CB30: =CB10*Annual!$U49/100 -> 20042.7 | CC30: =CC10*Annual!$U49/100 -> 20878.754
A31: Electricity, gas and water | B31: =B11*Annual!$B50/100 -> 1986.8262 | C31: =C11*Annual!$B50/100 -> 2025.6939 | D31: =D11*Annual!$B50/100 -> 2058.5046 | E31: =E11*Annual!$B50/100 -> 1948.0392 | F31: =F11*Annual!$C50/100 -> 2004.6708 | G31: =G11*Annual!$C50/100 -> 2135.8376 | H31: =H11*Annual!$C50/100 -> 2313.266 | I31: =I11*Annual!$C50/100 -> 2342.181 | J31: =J11*Annual!$D50/100 -> 2213.626 | K31: =K11*Annual!$D50/100 -> 2295.6109 | L31: =L11*Annual!$D50/100 -> 2324.9496 | M31: =M11*Annual!$D50/100 -> 2264.7003 | N31: =N11*Annual!$E50/100 -> 2099.6049 | O31: =O11*Annual!$E50/100 -> 2150.2762 | P31: =P11*Annual!$E50/100 -> 2165.8592 | Q31: =Q11*Annual!$E50/100 -> 2127.0627 | R31: =R11*Annual!$F50/100 -> 2021.1041 | S31: =S11*Annual!$F50/100 -> 2128.3421 | T31: =T11*Annual!$F50/100 -> 2191.1753 | U31: =U11*Annual!$F50/100 -> 2187.1877 | V31: =V11*Annual!$G50/100 -> 2133.9435 | W31: =W11*Annual!$G50/100 -> 2240.6563 | X31: =X11*Annual!$G50/100 -> 2315.9633 | Y31: =Y11*Annual!$G50/100 -> 2231.7237 | Z31: =Z11*Annual!H50/100 -> 2141.1282 | AA31: =AA11*Annual!H50/100 -> 2199.3423 | AB31: =AB11*Annual!H50/100 -> 2267.5136 | AC31: =AC11*Annual!H50/100 -> 2200.6217 | AD31: =AD11*Annual!$I50/100 -> 2186.0573 | AE31: =AE11*Annual!$I50/100 -> 2291.019 | AF31: =AF11*Annual!$I50/100 -> 2368.8398 | AG31: =AG11*Annual!$I50/100 -> 2319.8963 | AH31: =AH11*Annual!$J50/100 -> 2222.5125 | AI31: =AI11*Annual!$J50/100 -> 2309.9359 | AJ31: =AJ11*Annual!$J50/100 -> 2386.9443 | AK31: =AK11*Annual!$J50/100 -> 2341.8123 | AL31: =AL11*Annual!$K50/100 -> 2380.0265 | AM31: =AM11*Annual!$K50/100 -> 2489.716 | AN31: =AN11*Annual!$K50/100 -> 2590.2276 | AO31: =AO11*Annual!$K50/100 -> 2525.8543 | AP31: =AP11*Annual!$L50/100 -> 2533.2276 | AQ31: =AQ11*Annual!$L50/100 -> 2648.8342 | AR31: =AR11*Annual!$L50/100 -> 2721.0078 | AS31: =AS11*Annual!$L50/100 -> 2732.9293 | AT31: =AT11*Annual!$M50/100 -> 2611.9462 | AU31: =AU11*Annual!$M50/100 -> 2743.1725 | AV31: =AV11*Annual!$M50/100 -> 2834.5337 | AW31: =AW11*Annual!$M50/100 -> 2838.8493 | AX31: =AX11*Annual!$N50/100 -> 2704.1476 | AY31: =AY11*Annual!$N50/100 -> 2821.0166 | AZ31: =AZ11*Annual!$N50/100 -> 2945.3726 | BA31: =BA11*Annual!$N50/100 -> 2925.5876 | BB31: =BB11*Annual!$O50/100 -> 2593.4168 | BC31: =BC11*Annual!$O50/100 -> 2672.6883 | BD31: =BD11*Annual!$O50/100 -> 2875.866 | BE31: =BE11*Annual!$O50/100 -> 2743.1006 | BF31: =BF11*Annual!P50/100 -> 2465.0859 | BG31: =BG11*Annual!P50/100 -> 2567.442 | BH31: =BH11*Annual!P50/100 -> 2705.0906 | BI31: =BI11*Annual!P50/100 -> 2682.1591 | BJ31: =BJ11*Annual!Q50/100 -> 2506.0973 | BK31: =BK11*Annual!Q50/100 -> 2604.2241 | BL31: =BL11*Annual!Q50/100 -> 2719.9095 | BM31: =BM11*Annual!Q50/100 -> 2713.574 | BN31: =BN11*Annual!$R50/100 -> 2547.489 | BO31: =BO11*Annual!$R50/100 -> 2650.0174 | BP31: =BP11*Annual!$R50/100 -> 2738.28 | BQ31: =BQ11*Annual!$R50/100 -> 2714.723 | BR31: =BR11*Annual!$S50/100 -> 2563.5091 | BS31: =BS11*Annual!$S50/100 -> 2652.2428 | BT31: =BT11*Annual!$S50/100 -> 2743.3804 | BU31: =BU11*Annual!$S50/100 -> 2711.6981 | BV31: =BV11*Annual!$T50/100 -> 2504.6475 | BW31: =BW11*Annual!$T50/100 -> 2664.1138 | BX31: =BX11*Annual!$T50/100 -> 2772.9456 | BY31: =BY11*Annual!$T50/100 -> 2722.4648 | BZ31: =BZ11*Annual!$U50/100 -> 2532.392 | CA31: =CA11*Annual!$U50/100 -> 2643.9845 | CB31: =CB11*Annual!$U50/100 -> 2738.8913 | CC31: =CC11*Annual!$U50/100 -> 2712.6647
A32: Construction | B32: =B12*Annual!$B51/100 -> 2446.6502 | C32: =C12*Annual!$B51/100 -> 2479.8697 | D32: =D12*Annual!$B51/100 -> 2452.1374 | E32: =E12*Annual!$B51/100 -> 2342.4424 | F32: =F12*Annual!$C51/100 -> 2402.4791 | G32: =G12*Annual!$C51/100 -> 2430.9722 | H32: =H12*Annual!$C51/100 -> 2410.1692 | I32: =I12*Annual!$C51/100 -> 2309.2556 | J32: =J12*Annual!$D51/100 -> 2503.2583 | K32: =K12*Annual!$D51/100 -> 2518.4452 | L32: =L12*Annual!$D51/100 -> 2488.717 | M32: =M12*Annual!$D51/100 -> 2588.8059 | N32: =N12*Annual!$E51/100 -> 2291.9708 | O32: =O12*Annual!$E51/100 -> 2234.4499 | P32: =P12*Annual!$E51/100 -> 2172.5295 | Q32: =Q12*Annual!$E51/100 -> 2263.6579 | R32: =R12*Annual!$F51/100 -> 2105.2949 | S32: =S12*Annual!$F51/100 -> 2102.7424 | T32: =T12*Annual!$F51/100 -> 2069.7807 | U32: =U12*Annual!$F51/100 -> 2174.2208 | V32: =V12*Annual!$G51/100 -> 2131.553 | W32: =W12*Annual!$G51/100 -> 2180.3887 | X32: =X12*Annual!$G51/100 -> 2205.6382 | Y32: =Y12*Annual!$G51/100 -> 2371.5053 | Z32: =Z12*Annual!H51/100 -> 2745.4178 | AA32: =AA12*Annual!H51/100 -> 2768.0096 | AB32: =AB12*Annual!H51/100 -> 2727.3067 | AC32: =AC12*Annual!H51/100 -> 2888.5762 | AD32: =AD12*Annual!$I51/100 -> 2208.5256 | AE32: =AE12*Annual!$I51/100 -> 2210.6846 | AF32: =AF12*Annual!$I51/100 -> 2254.9515 | AG32: =AG12*Annual!$I51/100 -> 2401.6735 | AH32: =AH12*Annual!$J51/100 -> 2349.4211 | AI32: =AI12*Annual!$J51/100 -> 2349.7273 | AJ32: =AJ12*Annual!$J51/100 -> 2392.6353 | AK32: =AK12*Annual!$J51/100 -> 2519.8769 | AL32: =AL12*Annual!$K51/100 -> 2512.9866 | AM32: =AM12*Annual!$K51/100 -> 2570.5609 | AN32: =AN12*Annual!$K51/100 -> 2668.0173 | AO32: =AO12*Annual!$K51/100 -> 2802.4678 | AP32: =AP12*Annual!$L51/100 -> 2852.4757 | AQ32: =AQ12*Annual!$L51/100 -> 2932.7824 | AR32: =AR12*Annual!$L51/100 -> 3034.822 | AS32: =AS12*Annual!$L51/100 -> 3175.4613 | AT32: =AT12*Annual!$M51/100 -> 3081.3119 | AU32: =AU12*Annual!$M51/100 -> 3158.3772 | AV32: =AV12*Annual!$M51/100 -> 3269.8398 | AW32: =AW12*Annual!$M51/100 -> 3418.7035 | AX32: =AX12*Annual!$N51/100 -> 3511.3122 | AY32: =AY12*Annual!$N51/100 -> 3597.3358 | AZ32: =AZ12*Annual!$N51/100 -> 3718.7332 | BA32: =BA12*Annual!$N51/100 -> 4057.8217 | BB32: =BB12*Annual!$O51/100 -> 3929.6565 | BC32: =BC12*Annual!$O51/100 -> 3996.8875 | BD32: =BD12*Annual!$O51/100 -> 4116.5099 | BE32: =BE12*Annual!$O51/100 -> 4351.6175 | BF32: =BF12*Annual!P51/100 -> 4367.2067 | BG32: =BG12*Annual!P51/100 -> 4374.2012 | BH32: =BH12*Annual!P51/100 -> 4481.8085 | BI32: =BI12*Annual!P51/100 -> 4728.8508 | BJ32: =BJ12*Annual!Q51/100 -> 4542.9086 | BK32: =BK12*Annual!Q51/100 -> 4519.3909 | BL32: =BL12*Annual!Q51/100 -> 4492.2404 | BM32: =BM12*Annual!Q51/100 -> 4695.6779 | BN32: =BN12*Annual!$R51/100 -> 4480.4627 | BO32: =BO12*Annual!$R51/100 -> 4522.1575 | BP32: =BP12*Annual!$R51/100 -> 4556.4089 | BQ32: =BQ12*Annual!$R51/100 -> 4773.953 | BR32: =BR12*Annual!$S51/100 -> 4642.8996 | BS32: =BS12*Annual!$S51/100 -> 4605.9179 | BT32: =BT12*Annual!$S51/100 -> 4630.651 | BU32: =BU12*Annual!$S51/100 -> 4870.8863 | BV32: =BV12*Annual!$T51/100 -> 4773.9399 | BW32: =BW12*Annual!$T51/100 -> 4788.1853 | BX32: =BX12*Annual!$T51/100 -> 4804.3558 | BY32: =BY12*Annual!$T51/100 -> 4974.1455 | BZ32: =BZ12*Annual!$U51/100 -> 4944.5203 | CA32: =CA12*Annual!$U51/100 -> 4940.2678 | CB32: =CB12*Annual!$U51/100 -> 4955.1516 | CC32: =CC12*Annual!$U51/100 -> 5138.7831
A33: Tertiary industries | B33: =SUM(B34:B38) -> 36170.403 | C33: =SUM(C34:C38) -> 36580.453 | D33: =SUM(D34:D38) -> 37889.38 | E33: =SUM(E34:E38) -> 39384.114 | F33: =SUM(F34:F38) -> 37837.676 | G33: =SUM(G34:G38) -> 38203.494 | H33: =SUM(H34:H38) -> 39365.037 | I33: =SUM(I34:I38) -> 40846.062 | ... CC33: =SUM(CC34:CC38) -> 78484.963
A34: Wholesale & retail trade; hotels & restaurants | B34: =B14*Annual!$B53/100 -> 7497.264 | C34: =C14*Annual!$B53/100 -> 7691.1341 | D34: =D14*Annual!$B53/100 -> 8202.9456 | E34: =E14*Annual!$B53/100 -> 9428.9998 | F34: =F14*Annual!$C53/100 -> 7811.0894 | G34: =G14*Annual!$C53/100 -> 7937.0873 | H34: =H14*Annual!$C53/100 -> 8321.7743 | I34: =I14*Annual!$C53/100 -> 9487.8796 | J34: =J14*Annual!$D53/100 -> 7988.6377 | K34: =K14*Annual!$D53/100 -> 8040.5825 | L34: =L14*Annual!$D53/100 -> 8349.2972 | M34: =M14*Annual!$D53/100 -> 9365.2983 | N34: =N14*Annual!$E53/100 -> 7959.3882 | O34: =O14*Annual!$E53/100 -> 8134.3456 | P34: =P14*Annual!$E53/100 -> 8434.6733 | Q34: =Q14*Annual!$E53/100 -> 9512.666 | R34: =R14*Annual!$F53/100 -> 8288.7545 | S34: =S14*Annual!$F53/100 -> 8608.8332 | T34: =T14*Annual!$F53/100 -> 9104.2036 | U34: =U14*Annual!$F53/100 -> 10527.966 | V34: =V14*Annual!$G53/100 -> 9109.9262 | W34: =W14*Annual!$G53/100 -> 9451.2925 | X34: =X14*Annual!$G53/100 -> 9850.8359 | Y34: =Y14*Annual!$G53/100 -> 11222.633 | Z34: =Z14*Annual!H53/100 -> 10029.751 | AA34: =AA14*Annual!H53/100 -> 10235.651 | AB34: =AB14*Annual!H53/100 -> 10517.37 | AC34: =AC14*Annual!H53/100 -> 11948.03 | AD34: =AD14*Annual!$I53/100 -> 10170.384 | AE34: =AE14*Annual!$I53/100 -> 10421.57 | AF34: =AF14*Annual!$I53/100 -> 10819.671 | AG34: =AG14*Annual!$I53/100 -> 12365.791 | AH34: =AH14*Annual!$J53/100 -> 10419.058 | AI34: =AI14*Annual!$J53/100 -> 10697.367 | AJ34: =AJ14*Annual!$J53/100 -> 11283.572 | AK34: =AK14*Annual!$J53/100 -> 12896.035 | AL34: =AL14*Annual!$K53/100 -> 10895.031 | AM34: =AM14*Annual!$K53/100 -> 11218.272 | AN34: =AN14*Annual!$K53/100 -> 11728.694 | AO34: =AO14*Annual!$K53/100 -> 13916.666 | AP34: =AP14*Annual!$L53/100 -> 11658.727 | AQ34: =AQ14*Annual!$L53/100 -> 11926.509 | AR34: =AR14*Annual!$L53/100 -> 12488.774 | AS34: =AS14*Annual!$L53/100 -> 14773.919 | AT34: =AT14*Annual!$M53/100 -> 12341.733 | AU34: =AU14*Annual!$M53/100 -> 12695.3 | AV34: =AV14*Annual!$M53/100 -> 13324.08 | AW34: =AW14*Annual!$M53/100 -> 15741.475 | AX34: =AX14*Annual!$N53/100 -> 13182.136 | AY34: =AY14*Annual!$N53/100 -> 13521.797 | AZ34: =AZ14*Annual!$N53/100 -> 14160.676 | BA34: =BA14*Annual!$N53/100 -> 16533.323 | BB34: =BB14*Annual!$O53/100 -> 13823.773 | BC34: =BC14*Annual!$O53/100 -> 13948.729 | BD34: =BD14*Annual!$O53/100 -> 14015.332 | BE34: =BE14*Annual!$O53/100 -> 16449.861 | BF34: =BF14*Annual!P53/100 -> 13851.865 | BG34: =BG14*Annual!P53/100 -> 13846.866 | BH34: =BH14*Annual!P53/100 -> 14193.543 | BI34: =BI14*Annual!P53/100 -> 16465.675 | BJ34: =BJ14*Annual!Q53/100 -> 14167.871 | BK34: =BK14*Annual!Q53/100 -> 14468.539 | BL34: =BL14*Annual!Q53/100 -> 14902.85 | BM34: =BM14*Annual!Q53/100 -> 17448.842 | BN34: =BN14*Annual!$R53/100 -> 14810.019 | BO34: =BO14*Annual!$R53/100 -> 15072.734 | BP34: =BP14*Annual!$R53/100 -> 15627.601 | BQ34: =BQ14*Annual!$R53/100 -> 18374.393 | BR34: =BR14*Annual!$S53/100 -> 15455.621 | BS34: =BS14*Annual!$S53/100 -> 15659.093 | BT34: =BT14*Annual!$S53/100 -> 16125.375 | BU34: =BU14*Annual!$S53/100 -> 18845.17 | BV34: =BV14*Annual!$T53/100 -> 15689.275 | BW34: =BW14*Annual!$T53/100 -> 15916.444 | BX34: =BX14*Annual!$T53/100 -> 16343.109 | BY34: =BY14*Annual!$T53/100 -> 19111.809 | BZ34: =BZ14*Annual!$U53/100 -> 15906.334 | CA34: =CA14*Annual!$U53/100 -> 15984.835 | CB34: =CB14*Annual!$U53/100 -> 16530.051 | CC34: =CC14*Annual!$U53/100 -> 19227.485
A35: Transport , storage and communication | B35: =B15*Annual!$B54/100 -> 5497.7181 | C35: =C15*Annual!$B54/100 -> 5510.6515 | D35: =D15*Annual!$B54/100 -> 5963.1969 | E35: =E15*Annual!$B54/100 -> 6086.8406 | F35: =F15*Annual!$C54/100 -> 5840.6538 | G35: =G15*Annual!$C54/100 -> 5814.2817 | H35: =H15*Annual!$C54/100 -> 6211.1903 | I35: =I15*Annual!$C54/100 -> 6245.3285 | J35: =J15*Annual!$D54/100 -> 6073.961 | K35: =K15*Annual!$D54/100 -> 6130.9862 | L35: =L15*Annual!$D54/100 -> 6554.3301 | M35: =M15*Annual!$D54/100 -> 6713.8579 | N35: =N15*Annual!$E54/100 -> 6515.2394 | O35: =O15*Annual!$E54/100 -> 6541.5949 | P35: =P15*Annual!$E54/100 -> 6772.0931 | Q35: =Q15*Annual!$E54/100 -> 6850.0604 | R35: =R15*Annual!$F54/100 -> 6559.9493 | S35: =S15*Annual!$F54/100 -> 6709.3922 | T35: =T15*Annual!$F54/100 -> 7103.3819 | U35: =U15*Annual!$F54/100 -> 7266.7187 | V35: =V15*Annual!$G54/100 -> 7014.6133 | W35: =W15*Annual!$G54/100 -> 7194.0163 | X35: =X15*Annual!$G54/100 -> 7549.9753 | Y35: =Y15*Annual!$G54/100 -> 7648.6412 | Z35: =Z15*Annual!H54/100 -> 7337.634 | AA35: =AA15*Annual!H54/100 -> 7477.1793 | AB35: =AB15*Annual!H54/100 -> 7888.7724 | AC35: =AC15*Annual!H54/100 -> 8135.898 | AD35: =AD15*Annual!$I54/100 -> 8014.1592 | AE35: =AE15*Annual!$I54/100 -> 8229.3166 | AF35: =AF15*Annual!$I54/100 -> 8640.8307 | AG35: =AG15*Annual!$I54/100 -> 8840.2546 | AH35: =AH15*Annual!$J54/100 -> 8651.491 | AI35: =AI15*Annual!$J54/100 -> 8820.6351 | AJ35: =AJ15*Annual!$J54/100 -> 9165.7805 | AK35: =AK15*Annual!$J54/100 -> 9444.3539 | AL35: =AL15*Annual!$K54/100 -> 8975.2692 | AM35: =AM15*Annual!$K54/100 -> 9165.1 | AN35: =AN15*Annual!$K54/100 -> 9666.0029 | AO35: =AO15*Annual!$K54/100 -> 9891.9784 | AP35: =AP15*Annual!$L54/100 -> 9540.3574 | AQ35: =AQ15*Annual!$L54/100 -> 9743.6184 | AR35: =AR15*Annual!$L54/100 -> 10216.587 | AS35: =AS15*Annual!$L54/100 -> 10427.864 | AT35: =AT15*Annual!$M54/100 -> 9989.8923 | AU35: =AU15*Annual!$M54/100 -> 10228.498 | AV35: =AV15*Annual!$M54/100 -> 10829.044 | AW35: =AW15*Annual!$M54/100 -> 10957.36 | AX35: =AX15*Annual!$N54/100 -> 10887.276 | AY35: =AY15*Annual!$N54/100 -> 11101.863 | AZ35: =AZ15*Annual!$N54/100 -> 11652.094 | BA35: =BA15*Annual!$N54/100 -> 11851.239 | BB35: =BB15*Annual!$O54/100 -> 11349.573 | BC35: =BC15*Annual!$O54/100 -> 11557.044 | BD35: =BD15*Annual!$O54/100 -> 12102.573 | BE35: =BE15*Annual!$O54/100 -> 12176.992 | BF35: =BF15*Annual!P54/100 -> 11423.34 | BG35: =BG15*Annual!P54/100 -> 11562.783 | BH35: =BH15*Annual!P54/100 -> 12085.883 | BI35: =BI15*Annual!P54/100 -> 12164.522 | BJ35: =BJ15*Annual!Q54/100 -> 11524.215 | BK35: =BK15*Annual!Q54/100 -> 11805.509 | BL35: =BL15*Annual!Q54/100 -> 12419.689 | BM35: =BM15*Annual!Q54/100 -> 12527.262 | BN35: =BN15*Annual!$R54/100 -> 11830.423 | BO35: =BO15*Annual!$R54/100 -> 12156.519 | BP35: =BP15*Annual!$R54/100 -> 12736.894 | BQ35: =BQ15*Annual!$R54/100 -> 12895.225 | BR35: =BR15*Annual!$S54/100 -> 12196.712 | BS35: =BS15*Annual!$S54/100 -> 12493.681 | BT35: =BT15*Annual!$S54/100 -> 13030.47 | BU35: =BU15*Annual!$S54/100 -> 13159.11 | BV35: =BV15*Annual!$T54/100 -> 12462.147 | BW35: =BW15*Annual!$T54/100 -> 12745.287 | BX35: =BX15*Annual!$T54/100 -> 13351.633 | BY35: =BY15*Annual!$T54/100 -> 13466.975 | BZ35: =BZ15*Annual!$U54/100 -> 12712.223 | CA35: =CA15*Annual!$U54/100 -> 13087.954 | CB35: =CB15*Annual!$U54/100 -> 13686.2 | CC35: =CC15*Annual!$U54/100 -> 13850.688
A36: Finance, real estate and business services | B36: =B16*Annual!$B55/100 -> 8074.6996 | C36: =C16*Annual!$B55/100 -> 8153.78 | D36: =D16*Annual!$B55/100 -> 8394.2532 | E36: =E16*Annual!$B55/100 -> 8529.0182 | F36: =F16*Annual!$C55/100 -> 8442.6171 | G36: =G16*Annual!$C55/100 -> 8710.1764 | H36: =H16*Annual!$C55/100 -> 9026.9862 | I36: =I16*Annual!$C55/100 -> 9277.1408 | J36: =J16*Annual!$D55/100 -> 9095.4891 | K36: =K16*Annual!$D55/100 -> 9241.4205 | L36: =L16*Annual!$D55/100 -> 9295.2726 | M36: =M16*Annual!$D55/100 -> 9297.2826 | N36: =N16*Annual!$E55/100 -> 9249.7673 | O36: =O16*Annual!$E55/100 -> 9513.8439 | P36: =P16*Annual!$E55/100 -> 9649.7454 | Q36: =Q16*Annual!$E55/100 -> 9673.2907 | R36: =R16*Annual!$F55/100 -> 9825.1239 | S36: =S16*Annual!$F55/100 -> 10063.49 | T36: =T16*Annual!$F55/100 -> 10233.537 | U36: =U16*Annual!$F55/100 -> 10304.012 | V36: =V16*Annual!$G55/100 -> 9940.4258 | W36: =W16*Annual!$G55/100 -> 10092.929 | X36: =X16*Annual!$G55/100 -> 10266.32 | Y36: =Y16*Annual!$G55/100 -> 10438.382 | Z36: =Z16*Annual!H55/100 -> 10233.619 | AA36: =AA16*Annual!H55/100 -> 10573.96 | AB36: =AB16*Annual!H55/100 -> 10824.194 | AC36: =AC16*Annual!H55/100 -> 11045.642 | AD36: =AD16*Annual!$I55/100 -> 11224.936 | AE36: =AE16*Annual!$I55/100 -> 11196.481 | AF36: =AF16*Annual!$I55/100 -> 11142.497 | AG36: =AG16*Annual!$I55/100 -> 11269.712 | AH36: =AH16*Annual!$J55/100 -> 11825.611 | AI36: =AI16*Annual!$J55/100 -> 11758.657 | AJ36: =AJ16*Annual!$J55/100 -> 11812.524 | AK36: =AK16*Annual!$J55/100 -> 11969.248 | AL36: =AL16*Annual!$K55/100 -> 12583.54 | AM36: =AM16*Annual!$K55/100 -> 12600.407 | AN36: =AN16*Annual!$K55/100 -> 12667.082 | AO36: =AO16*Annual!$K55/100 -> 12937.244 | AP36: =AP16*Annual!$L55/100 -> 13914.727 | AQ36: =AQ16*Annual!$L55/100 -> 13937.374 | AR36: =AR16*Annual!$L55/100 -> 14064.426 | AS36: =AS16*Annual!$L55/100 -> 14280.271 | AT36: =AT16*Annual!$M55/100 -> 14493.992 | AU36: =AU16*Annual!$M55/100 -> 14993.519 | AV36: =AV16*Annual!$M55/100 -> 15386.465 | AW36: =AW16*Annual!$M55/100 -> 15627.052 | AX36: =AX16*Annual!$N55/100 -> 15912.165 | AY36: =AY16*Annual!$N55/100 -> 16023.623 | AZ36: =AZ16*Annual!$N55/100 -> 16338.976 | BA36: =BA16*Annual!$N55/100 -> 16654.461 | BB36: =BB16*Annual!$O55/100 -> 17056.004 | BC36: =BC16*Annual!$O55/100 -> 17110.929 | BD36: =BD16*Annual!$O55/100 -> 17217.556 | BE36: =BE16*Annual!$O55/100 -> 17334.254 | BF36: =BF16*Annual!P55/100 -> 17500.131 | BG36: =BG16*Annual!P55/100 -> 17445.562 | BH36: =BH16*Annual!P55/100 -> 17413.414 | BI36: =BI16*Annual!P55/100 -> 17489.313 | BJ36: =BJ16*Annual!Q55/100 -> 17692.55 | BK36: =BK16*Annual!Q55/100 -> 17709.015 | BL36: =BL16*Annual!Q55/100 -> 17657.702 | BM36: =BM16*Annual!Q55/100 -> 17653.366 | BN36: =BN16*Annual!$R55/100 -> 18157.85 | BO36: =BO16*Annual!$R55/100 -> 18276.347 | BP36: =BP16*Annual!$R55/100 -> 18590.481 | BQ36: =BQ16*Annual!$R55/100 -> 18613.181 | BR36: =BR16*Annual!$S55/100 -> 18775.119 | BS36: =BS16*Annual!$S55/100 -> 18743.934 | BT36: =BT16*Annual!$S55/100 -> 18799.21 | BU36: =BU16*Annual!$S55/100 -> 18777.259 | BV36: =BV16*Annual!$T55/100 -> 19160.018 | BW36: =BW16*Annual!$T55/100 -> 19310.266 | BX36: =BX16*Annual!$T55/100 -> 19408.644 | BY36: =BY16*Annual!$T55/100 -> 19611.845 | BZ36: =BZ16*Annual!$U55/100 -> 19714.82 | CA36: =CA16*Annual!$U55/100 -> 19722.606 | CB36: =CB16*Annual!$U55/100 -> 19861.672 | CC36: =CC16*Annual!$U55/100 -> 20035.774
A37: Personal services | B37: =B17*Annual!$B56/100 -> 3750.6047 | C37: =C17*Annual!$B56/100 -> 3856.7425 | D37: =D17*Annual!$B56/100 -> 3925.3457 | E37: =E17*Annual!$B56/100 -> 3920.9689 | F37: =F17*Annual!$C56/100 -> 3966.6565 | G37: =G17*Annual!$C56/100 -> 3950.9481 | H37: =H17*Annual!$C56/100 -> 3971.6371 | I37: =I17*Annual!$C56/100 -> 3973.5828 | J37: =J17*Annual!$D56/100 -> 3928.9031 | K37: =K17*Annual!$D56/100 -> 3973.4826 | L37: =L17*Annual!$D56/100 -> 4005.9775 | M37: =M17*Annual!$D56/100 -> 3943.6388 | N37: =N17*Annual!$E56/100 -> 4054.8618 | O37: =O17*Annual!$E56/100 -> 4172.9782 | P37: =P17*Annual!$E56/100 -> 4299.4372 | Q37: =Q17*Annual!$E56/100 -> 4309.899 | R37: =R17*Annual!$F56/100 -> 4279.0503 | S37: =S17*Annual!$F56/100 -> 4333.8054 | T37: =T17*Annual!$F56/100 -> 4427.8972 | U37: =U17*Annual!$F56/100 -> 4411.6723 | V37: =V17*Annual!$G56/100 -> 4439.6583 | W37: =W17*Annual!$G56/100 -> 4520.0065 | X37: =X17*Annual!$G56/100 -> 4659.9764 | Y37: =Y17*Annual!$G56/100 -> 4654.2306 | Z37: =Z17*Annual!H56/100 -> 4619.9618 | AA37: =AA17*Annual!H56/100 -> 4642.3606 | AB37: =AB17*Annual!H56/100 -> 4733.3067 | AC37: =AC17*Annual!H56/100 -> 4694.1328 | AD37: =AD17*Annual!$I56/100 -> 4674.1399 | AE37: =AE17*Annual!$I56/100 -> 4731.4643 | AF37: =AF17*Annual!$I56/100 -> 4862.4351 | AG37: =AG17*Annual!$I56/100 -> 4872.1904 | AH37: =AH17*Annual!$J56/100 -> 4909.8818 | AI37: =AI17*Annual!$J56/100 -> 5024.1773 | AJ37: =AJ17*Annual!$J56/100 -> 5176.8123 | AK37: =AK17*Annual!$J56/100 -> 5085.1831 | AL37: =AL17*Annual!$K56/100 -> 5008.4688 | AM37: =AM17*Annual!$K56/100 -> 5110.4148 | AN37: =AN17*Annual!$K56/100 -> 5220.0284 | AO37: =AO17*Annual!$K56/100 -> 5209.178 | AP37: =AP17*Annual!$L56/100 -> 5230.9915 | AQ37: =AQ17*Annual!$L56/100 -> 5281.8776 | AR37: =AR17*Annual!$L56/100 -> 5370.2081 | AS37: =AS17*Annual!$L56/100 -> 5348.5815 | AT37: =AT17*Annual!$M56/100 -> 5553.8384 | AU37: =AU17*Annual!$M56/100 -> 5570.5528 | AV37: =AV17*Annual!$M56/100 -> 5626.8959 | AW37: =AW17*Annual!$M56/100 -> 5627.8931 | AX37: =AX17*Annual!$N56/100 -> 5928.0026 | AY37: =AY17*Annual!$N56/100 -> 5964.2935 | AZ37: =AZ17*Annual!$N56/100 -> 5962.6327 | BA37: =BA17*Annual!$N56/100 -> 5734.0955 | BB37: =BB17*Annual!$O56/100 -> 6149.9518 | BC37: =BC17*Annual!$O56/100 -> 6224.1053 | BD37: =BD17*Annual!$O56/100 -> 6181.3975 | BE37: =BE17*Annual!$O56/100 -> 5875.0653 | BF37: =BF17*Annual!P56/100 -> 16172.024 | BG37: =BG17*Annual!P56/100 -> 16254.154 | BH37: =BH17*Annual!P56/100 -> 16261.74 | BI37: =BI17*Annual!P56/100 -> 16277.408 | BJ37: =BJ17*Annual!Q56/100 -> 16414.312 | BK37: =BK17*Annual!Q56/100 -> 16657.641 | BL37: =BL17*Annual!Q56/100 -> 16801.787 | BM37: =BM17*Annual!Q56/100 -> 17016.518 | BN37: =BN17*Annual!$R56/100 -> 17210.965 | BO37: =BO17*Annual!$R56/100 -> 17437.035 | BP37: =BP17*Annual!$R56/100 -> 17593.328 | BQ37: =BQ17*Annual!$R56/100 -> 17816.249 | BR37: =BR17*Annual!$S56/100 -> 17903.031 | BS37: =BS17*Annual!$S56/100 -> 18087.891 | BT37: =BT17*Annual!$S56/100 -> 18262.952 | BU37: =BU17*Annual!$S56/100 -> 18450.137 | BV37: =BV17*Annual!$T56/100 -> 18543.727 | BW37: =BW17*Annual!$T56/100 -> 18687.451 | BX37: =BX17*Annual!$T56/100 -> 18796.076 | BY37: =BY17*Annual!$T56/100 -> 19030.958 | BZ37: =BZ17*Annual!$U56/100 -> 19154.818 | CA37: =CA17*Annual!$U56/100 -> 19348.911 | CB37: =CB17*Annual!$U56/100 -> 19425.048 | CC37: =CC17*Annual!$U56/100 -> 19526.676
A38: General government services | B38: =B18*Annual!$B57/100 -> 11350.116 | C38: =C18*Annual!$B57/100 -> 11368.145 | D38: =D18*Annual!$B57/100 -> 11403.639 | E38: =E18*Annual!$B57/100 -> 11418.287 | F38: =F18*Annual!$C57/100 -> 11776.659 | G38: =G18*Annual!$C57/100 -> 11791 | H38: =H18*Annual!$C57/100 -> 11833.449 | I38: =I18*Annual!$C57/100 -> 11862.131 | J38: =J18*Annual!$D57/100 -> 11501.877 | K38: =K18*Annual!$D57/100 -> 11505.764 | L38: =L18*Annual!$D57/100 -> 11547.973 | M38: =M18*Annual!$D57/100 -> 11564.635 | N38: =N18*Annual!$E57/100 -> 11740.826 | O38: =O18*Annual!$E57/100 -> 11752.962 | P38: =P18*Annual!$E57/100 -> 11751.229 | Q38: =Q18*Annual!$E57/100 -> 11759.897 | R38: =R18*Annual!$F57/100 -> 11338.311 | S38: =S18*Annual!$F57/100 -> 11357.214 | T38: =T18*Annual!$F57/100 -> 11350.801 | U38: =U18*Annual!$F57/100 -> 11321.434 | V38: =V18*Annual!$G57/100 -> 11306.752 | W38: =W18*Annual!$G57/100 -> 11323.059 | X38: =X18*Annual!$G57/100 -> 11318.303 | Y38: =Y18*Annual!$G57/100 -> 11289.086 | Z38: =Z18*Annual!H57/100 -> 11449.676 | AA38: =AA18*Annual!H57/100 -> 11434.447 | AB38: =AB18*Annual!H57/100 -> 11394.297 | AC38: =AC18*Annual!H57/100 -> 11379.759 | AD38: =AD18*Annual!$I57/100 -> 11321.874 | AE38: =AE18*Annual!$I57/100 -> 11454.92 | AF38: =AF18*Annual!$I57/100 -> 11516.64 | AG38: =AG18*Annual!$I57/100 -> 11554.585 | AH38: =AH18*Annual!$J57/100 -> 11526.584 | AI38: =AI18*Annual!$J57/100 -> 11695.671 | AJ38: =AJ18*Annual!$J57/100 -> 11781.409 | AK38: =AK18*Annual!$J57/100 -> 11851.862 | AL38: =AL18*Annual!$K57/100 -> 11659.926 | AM38: =AM18*Annual!$K57/100 -> 11839.002 | AN38: =AN18*Annual!$K57/100 -> 11915.715 | AO38: =AO18*Annual!$K57/100 -> 12073.179 | AP38: =AP18*Annual!$L57/100 -> 12142.922 | AQ38: =AQ18*Annual!$L57/100 -> 12407.799 | AR38: =AR18*Annual!$L57/100 -> 12517.258 | AS38: =AS18*Annual!$L57/100 -> 12558.661 | AT38: =AT18*Annual!$M57/100 -> 12660.465 | AU38: =AU18*Annual!$M57/100 -> 12709.274 | AV38: =AV18*Annual!$M57/100 -> 12825.231 | AW38: =AW18*Annual!$M57/100 -> 12910.572 | AX38: =AX18*Annual!$N57/100 -> 13172.369 | AY38: =AY18*Annual!$N57/100 -> 13322.016 | AZ38: =AZ18*Annual!$N57/100 -> 13480.265 | BA38: =BA18*Annual!$N57/100 -> 13660.465 | BB38: =BB18*Annual!$O57/100 -> 13864.299 | BC38: =BC18*Annual!$O57/100 -> 14031.358 | BD38: =BD18*Annual!$O57/100 -> 14271.794 | BE38: =BE18*Annual!$O57/100 -> 14423.437 | BF38: =BF18*Annual!P57/100 -> 5515.934 | BG38: =BG18*Annual!P57/100 -> 5526.0596 | BH38: =BH18*Annual!P57/100 -> 5513.6645 | BI38: =BI18*Annual!P57/100 -> 5405.5716 | BJ38: =BJ18*Annual!Q57/100 -> 5505.3537 | BK38: =BK18*Annual!Q57/100 -> 5568.4046 | BL38: =BL18*Annual!Q57/100 -> 5591.1461 | BM38: =BM18*Annual!Q57/100 -> 5524.682 | BN38: =BN18*Annual!$R57/100 -> 5653.6451 | BO38: =BO18*Annual!$R57/100 -> 5677.2307 | BP38: =BP18*Annual!$R57/100 -> 5645.0425 | BQ38: =BQ18*Annual!$R57/100 -> 5582.0311 | BR38: =BR18*Annual!$S57/100 -> 5780.539 | BS38: =BS18*Annual!$S57/100 -> 5869.3531 | BT38: =BT18*Annual!$S57/100 -> 5828.5023 | BU38: =BU18*Annual!$S57/100 -> 5633.1827 | BV38: =BV18*Annual!$T57/100 -> 5863.4727 | BW38: =BW18*Annual!$T57/100 -> 5961.5249 | BX38: =BX18*Annual!$T57/100 -> 5939.1175 | BY38: =BY18*Annual!$T57/100 -> 5775.2044 | BZ38: =BZ18*Annual!$U57/100 -> 5964.1256 | CA38: =CA18*Annual!$U57/100 -> 6041.297 | CB38: =CB18*Annual!$U57/100 -> 6023.9217 | CC38: =CC18*Annual!$U57/100 -> 5844.3405
A39: All industries at basic prices | B39: =B33+B29+B26 -> 57274.277 | C39: =C33+C29+C26 -> 58985.296 | D39: =D33+D29+D26 -> 61452.721 | E39: =E33+E29+E26 -> 61765.342 | F39: =F33+F29+F26 -> 59319.729 | G39: =G33+G29+G26 -> 62725.888 | H39: =H33+H29+H26 -> 63446.277 | I39: =I33+I29+I26 -> 63672.802 | ... CC39: =CC33+CC29+CC26 -> 112684.08
A40: Taxes less subsidies on products | B40: =B20*Annual!$B59/100 -> 6505.1162 | C40: =C20*Annual!$B59/100 -> 6506.2224 | D40: =D20*Annual!$B59/100 -> 6563.0615 | E40: =E20*Annual!$B59/100 -> 6589.5772 | F40: =F20*Annual!$C59/100 -> 6777.9019 | G40: =G20*Annual!$C59/100 -> 6850.5113 | H40: =H20*Annual!$C59/100 -> 6912.8433 | I40: =I20*Annual!$C59/100 -> 6997.0902 | J40: =J20*Annual!$D59/100 -> 7040.8039 | K40: =K20*Annual!$D59/100 -> 7061.3314 | L40: =L20*Annual!$D59/100 -> 7092.3128 | M40: =M20*Annual!$D59/100 -> 7103.7519 | N40: =N20*Annual!$E59/100 -> 6982.0454 | O40: =O20*Annual!$E59/100 -> 6913.4499 | P40: =P20*Annual!$E59/100 -> 7052.1373 | Q40: =Q20*Annual!$E59/100 -> 7148.8622 | R40: =R20*Annual!$F59/100 -> 6757.4508 | S40: =S20*Annual!$F59/100 -> 6745.9385 | T40: =T20*Annual!$F59/100 -> 6961.3915 | U40: =U20*Annual!$F59/100 -> 7103.6604 | V40: =V20*Annual!$G59/100 -> 6935.1568 | W40: =W20*Annual!$G59/100 -> 6946.5093 | X40: =X20*Annual!$G59/100 -> 7174.6241 | Y40: =Y20*Annual!$G59/100 -> 7317.407 | Z40: =Z20*Annual!H59/100 -> 7380.6518 | AA40: =AA20*Annual!H59/100 -> 7387.492 | AB40: =AB20*Annual!H59/100 -> 7605.0141 | AC40: =AC20*Annual!H59/100 -> 7767.6909 | AD40: =AD20*Annual!$I59/100 -> 7248.2374 | AE40: =AE20*Annual!$I59/100 -> 7454.0057 | AF40: =AF20*Annual!$I59/100 -> 7595.0468 | AG40: =AG20*Annual!$I59/100 -> 7701.9265 | AH40: =AH20*Annual!$J59/100 -> 7379.7742 | AI40: =AI20*Annual!$J59/100 -> 7609.9781 | AJ40: =AJ20*Annual!$J59/100 -> 7671.88 | AK40: =AK20*Annual!$J59/100 -> 7833.0623 | AL40: =AL20*Annual!$K59/100 -> 7609.5912 | AM40: =AM20*Annual!$K59/100 -> 7939.4737 | AN40: =AN20*Annual!$K59/100 -> 8102.2446 | AO40: =AO20*Annual!$K59/100 -> 8299.1481 | AP40: =AP20*Annual!$L59/100 -> 7994.3718 | AQ40: =AQ20*Annual!$L59/100 -> 8321.5946 | AR40: =AR20*Annual!$L59/100 -> 8472.4392 | AS40: =AS20*Annual!$L59/100 -> 8604.6246 | AT40: =AT20*Annual!$M59/100 -> 8543.8374 | AU40: =AU20*Annual!$M59/100 -> 8729.4933 | AV40: =AV20*Annual!$M59/100 -> 8939.292 | AW40: =AW20*Annual!$M59/100 -> 9320.0776 | AX40: =AX20*Annual!$N59/100 -> 8981.2847 | AY40: =AY20*Annual!$N59/100 -> 9134.2433 | AZ40: =AZ20*Annual!$N59/100 -> 9373.7361 | BA40: =BA20*Annual!$N59/100 -> 9662.8947 | BB40: =BB20*Annual!$O59/100 -> 9305.8265 | BC40: =BC20*Annual!$O59/100 -> 9479.0631 | BD40: =BD20*Annual!$O59/100 -> 9599.5358 | BE40: =BE20*Annual!$O59/100 -> 9642.6925 | BF40: =BF20*Annual!P59/100 -> 9098.7487 | BG40: =BG20*Annual!P59/100 -> 9101.5027 | BH40: =BH20*Annual!P59/100 -> 9299.0322 | BI40: =BI20*Annual!P59/100 -> 9663.6431 | BJ40: =BJ20*Annual!Q59/100 -> 9494.7945 | BK40: =BK20*Annual!Q59/100 -> 9661.4544 | BL40: =BL20*Annual!Q59/100 -> 9955.7522 | BM40: =BM20*Annual!Q59/100 -> 10243.987 | BN40: =BN20*Annual!$R59/100 -> 9798.3608 | BO40: =BO20*Annual!$R59/100 -> 9994.6162 | BP40: =BP20*Annual!$R59/100 -> 10325.031 | BQ40: =BQ20*Annual!$R59/100 -> 10691.783 | BR40: =BR20*Annual!$S59/100 -> 10215.857 | BS40: =BS20*Annual!$S59/100 -> 10377.776 | BT40: =BT20*Annual!$S59/100 -> 10597.161 | BU40: =BU20*Annual!$S59/100 -> 10830.873 | BV40: =BV20*Annual!$T59/100 -> 10308.466 | BW40: =BW20*Annual!$T59/100 -> 10579.23 | BX40: =BX20*Annual!$T59/100 -> 10702.332 | BY40: =BY20*Annual!$T59/100 -> 11082.142 | BZ40: =BZ20*Annual!$U59/100 -> 10527.31 | CA40: =CA20*Annual!$U59/100 -> 10621.46 | CB40: =CB20*Annual!$U59/100 -> 10862.875 | CC40: =CC20*Annual!$U59/100 -> 11249.85
A41: KZN - GDPR at constant 2010 prices | B41: =B39+B40 -> 63779.393 | C41: =C39+C40 -> 65491.518 | D41: =D39+D40 -> 68015.782 | E41: =E39+E40 -> 68354.92 | F41: =F39+F40 -> 66097.631 | G41: =G39+G40 -> 69576.4 | H41: =H39+H40 -> 70359.12 | I41: =I39+I40 -> 70669.892 | ... CC41: =CC39+CC40 -> 123933.93
A43: SA – GDP by activity
A44: Quarterly Change
A45: National Industry | B45: =B25 -> 1995q1 | C45: =C25 -> 1995q2 | D45: =D25 -> 1995q3 | E45: =E25 -> 1995q4 | F45: =F25 -> 1996q1 | G45: =G25 -> 1996q2 | H45: =H25 -> 1996q3 | I45: =I25 -> 1996q4 | ... CC45: =CC25 -> 2014q4
A46: Primary Industries | C46: =(C6-B6)/B6*100 -> 4.7124027 | D46: =(D6-C6)/C6*100 -> 2.4640327 | E46: =(E6-D6)/D6*100 -> -4.6172708 | F46: =(F6-E6)/E6*100 -> -2.1515813 | G46: =(G6-F6)/F6*100 -> 15.229377 | H46: =(H6-G6)/G6*100 -> -5.7257969 | I46: =(I6-H6)/H6*100 -> -6.3004113 | J46: =(J6-I6)/I6*100 -> -0.77448647 | ... CC46: =(CC6-CB6)/CB6*100 -> -6.0755847
A47: Agriculture, forestry and fishing | C47: =(C7-B7)/B7*100 -> 45.31558 | D47: =(D7-C7)/C7*100 -> 7.2318999 | E47: =(E7-D7)/D7*100 -> -22.68002 | F47: =(F7-E7)/E7*100 -> -8.8686703 | G47: =(G7-F7)/F7*100 -> 122.81211 | H47: =(H7-G7)/G7*100 -> -28.391359 | I47: =(I7-H7)/H7*100 -> -33.108219 | J47: =(J7-I7)/I7*100 -> 3.4558189 | ... CC47: =(CC7-CB7)/CB7*100 -> -42.50829
A48: Mining and quarrying | C48: =(C8-B8)/B8*100 -> -0.69413852 | D48: =(D8-C8)/C8*100 -> 1.5350215 | E48: =(E8-D8)/D8*100 -> -0.90030304 | F48: =(F8-E8)/E8*100 -> -1.0731178 | G48: =(G8-F8)/F8*100 -> -0.68245929 | H48: =(H8-G8)/G8*100 -> 1.7948822 | I48: =(I8-H8)/H8*100 -> -0.04304833 | J48: =(J8-I8)/I8*100 -> -1.4352735 | ... CC48: =(CC8-CB8)/CB8*100 -> 6.4593311
A49: Secondary Industries | C49: =(C9-B9)/B9*100 -> 1.8527486 | D49: =(D9-C9)/C9*100 -> 5.2193239 | E49: =(E9-D9)/D9*100 -> -2.1730674 | F49: =(F9-E9)/E9*100 -> -2.5376064 | G49: =(G9-F9)/F9*100 -> 1.7383748 | H49: =(H9-G9)/G9*100 -> 5.7305921 | I49: =(I9-H9)/H9*100 -> -0.17922986 | J49: =(J9-I9)/I9*100 -> -3.9679491 | ... CC49: =(CC9-CB9)/CB9*100 -> 3.4396719
A50: Manufacturing | C50: =(C10-B10)/B10*100 -> 1.9165017 | D50: =(D10-C10)/C10*100 -> 7.0731273 | E50: =(E10-D10)/D10*100 -> -1.1651424 | F50: =(F10-E10)/E10*100 -> -5.1715423 | G50: =(G10-F10)/F10*100 -> 0.81944128 | H50: =(H10-G10)/G10*100 -> 6.2962525 | I50: =(I10-H10)/H10*100 -> 0.14318153 | J50: =(J10-I10)/I10*100 -> -5.2647814 | ... CC50: =(CC10-CB10)/CB10*100 -> 4.1713646
A51: Electricity, gas and water | C51: =(C11-B11)/B11*100 -> 1.9562705 | D51: =(D11-C11)/C11*100 -> 1.6197272 | E51: =(E11-D11)/D11*100 -> -5.3662948 | F51: =(F11-E11)/E11*100 -> 3.9503102 | G51: =(G11-F11)/F11*100 -> 6.5430585 | H51: =(H11-G11)/G11*100 -> 8.3072055 | I51: =(I11-H11)/H11*100 -> 1.2499668 | J51: =(J11-I11)/I11*100 -> -5.0720521 | ... CC51: =(CC11-CB11)/CB11*100 -> -0.95756346
A52: Construction | C52: =(C12-B12)/B12*100 -> 1.3577556 | D52: =(D12-C12)/C12*100 -> -1.1182967 | E52: =(E12-D12)/D12*100 -> -4.473443 | F52: =(F12-E12)/E12*100 -> 6.47315 | G52: =(G12-F12)/F12*100 -> 1.1859888 | H52: =(H12-G12)/G12*100 -> -0.85574866 | I52: =(I12-H12)/H12*100 -> -4.1869939 | J52: =(J12-I12)/I12*100 -> 6.0668326 | ... CC52: =(CC12-CB12)/CB12*100 -> 3.7058709
A53: Tertiary industries | C53: =(C13-B13)/B13*100 -> 1.1467538 | D53: =(D13-C13)/C13*100 -> 3.3159129 | E53: =(E13-D13)/D13*100 -> 3.9477724 | F53: =(F13-E13)/E13*100 -> -3.9482828 | G53: =(G13-F13)/F13*100 -> 1.1038481 | H53: =(H13-G13)/G13*100 -> 2.8917928 | I53: =(I13-H13)/H13*100 -> 3.9169866 | J53: =(J13-I13)/I13*100 -> -4.3313868 | ... CC53: =(CC13-CB13)/CB13*100 -> 3.7998423
A54: Wholesale & retail trade; hotels & restaurants | C54: =(C14-B14)/B14*100 -> 2.5858784 | D54: =(D14-C14)/C14*100 -> 6.6545655 | E54: =(E14-D14)/D14*100 -> 14.946511 | F54: =(F14-E14)/E14*100 -> -15.981682 | G54: =(G14-F14)/F14*100 -> 1.6130641 | H54: =(H14-G14)/G14*100 -> 4.8467018 | I54: =(I14-H14)/H14*100 -> 14.012701 | J54: =(J14-I14)/I14*100 -> -15.930791 | ... CC54: =(CC14-CB14)/CB14*100 -> 16.318363
A55: Transport , storage and communication | C55: =(C15-B15)/B15*100 -> 0.23525002 | D55: =(D15-C15)/C15*100 -> 8.2121937 | E55: =(E15-D15)/D15*100 -> 2.0734475 | F55: =(F15-E15)/E15*100 -> -2.6377028 | G55: =(G15-F15)/F15*100 -> -0.45152585 | H55: =(H15-G15)/G15*100 -> 6.8264428 | I55: =(I15-H15)/H15*100 -> 0.54962377 | J55: =(J15-I15)/I15*100 -> -0.94646309 | ... CC55: =(CC15-CB15)/CB15*100 -> 1.2018522
A56: Finance, real estate and business services | C56: =(C16-B16)/B16*100 -> 0.97936015 | D56: =(D16-C16)/C16*100 -> 2.9492234 | E56: =(E16-D16)/D16*100 -> 1.6054441 | F56: =(F16-E16)/E16*100 -> -1.1685277 | G56: =(G16-F16)/F16*100 -> 3.1691508 | H56: =(H16-G16)/G16*100 -> 3.6372377 | I56: =(I16-H16)/H16*100 -> 2.7711869 | J56: =(J16-I16)/I16*100 -> -1.4374739 | ... CC56: =(CC16-CB16)/CB16*100 -> 0.87657049
A57: Personal services | C57: =(C17-B17)/B17*100 -> 2.8298824 | D57: =(D17-C17)/C17*100 -> 1.7787884 | E57: =(E17-D17)/D17*100 -> -0.11150273 | F57: =(F17-E17)/E17*100 -> 1.1755864 | G57: =(G17-F17)/F17*100 -> -0.3960117 | H57: =(H17-G17)/G17*100 -> 0.52364746 | I57: =(I17-H17)/H17*100 -> 0.0489901 | J57: =(J17-I17)/I17*100 -> -1.0892862 | ... CC57: =(CC17-CB17)/CB17*100 -> 0.52317852
... A61: SA - GDP at constant 2010 prices | C61: =(C21-B21)/B21*100 -> 1.7295018 | D61: =(D21-C21)/C21*100 -> 3.3092425 | E61: =(E21-D21)/D21*100 -> 1.0136067 | F61: =(F21-E21)/E21*100 -> -2.7837759 | G61: =(G21-F21)/F21*100 -> 3.3704264 | H61: =(H21-G21)/G21*100 -> 1.7763364 | I61: =(I21-H21)/H21*100 -> 1.2366926 | J61: =(J21-I21)/I21*100 -> -3.2406707 | ... CC61: =(CC21-CB21)/CB21*100 -> 2.7202587
A63: KZN – GDPR by activity
A64: Quarterly Change
A65: Provincial Industry | B65: =B45 -> 1995q1 | C65: =C45 -> 1995q2 | D65: =D45 -> 1995q3 | E65: =E45 -> 1995q4 | F65: =F45 -> 1996q1 | G65: =G45 -> 1996q2 | H65: =H45 -> 1996q3 | I65: =I45 -> 1996q4 | ... CC65: =CC45 -> 2014q4
A66: Primary Industries | C66: =(C26-B26)/B26*100 -> 22.748946 | D66: =(D26-C26)/C26*100 -> 4.9713647 | E66: =(E26-D26)/D26*100 -> -14.320688 | F66: =(F26-E26)/E26*100 -> -7.7334252 | G66: =(G26-F26)/F26*100 -> 62.457797 | H66: =(H26-G26)/G26*100 -> -19.372432 | I66: =(I26-H26)/H26*100 -> -20.635561 | J66: =(J26-I26)/I26*100 -> 0.13394673 | ... CC66: =(CC26-CB26)/CB26*100 -> -29.525852
A67: Agriculture, forestry and fishing | C67: =(C27-B27)/B27*100 -> 45.31558 | D67: =(D27-C27)/C27*100 -> 7.2318999 | E67: =(E27-D27)/D27*100 -> -22.68002 | F67: =(F27-E27)/E27*100 -> -15.165136 | G67: =(G27-F27)/F27*100 -> 122.81211 | H67: =(H27-G27)/G27*100 -> -28.391359 | I67: =(I27-H27)/H27*100 -> -33.108219 | J67: =(J27-I27)/I27*100 -> 2.0764127 | ... CC67: =(CC27-CB27)/CB27*100 -> -42.50829
A68: Mining and quarrying | C68: =(C28-B28)/B28*100 -> -0.69413852 | D68: =(D28-C28)/C28*100 -> 1.5350215 | E68: =(E28-D28)/D28*100 -> -0.90030304 | F68: =(F28-E28)/E28*100 -> 1.575544 | G68: =(G28-F28)/F28*100 -> -0.68245929 | H68: =(H28-G28)/G28*100 -> 1.7948822 | I68: =(I28-H28)/H28*100 -> -0.04304833 | J68: =(J28-I28)/I28*100 -> -2.0122203 | ... CC68: =(CC28-CB28)/CB28*100 -> 6.4593311
A69: Secondary Industries | C69: =(C29-B29)/B29*100 -> 1.8395513 | D69: =(D29-C29)/C29*100 -> 5.233421 | E69: =(E29-D29)/D29*100 -> -2.0994667 | F69: =(F29-E29)/E29*100 -> -2.99786 | G69: =(G29-F29)/F29*100 -> 1.5446661 | H69: =(H29-G29)/G29*100 -> 5.539475 | I69: =(I29-H29)/H29*100 -> -0.28822545 | J69: =(J29-I29)/I29*100 -> -3.5937076 | ... CC69: =(CC29-CB29)/CB29*100 -> 3.5817435
A70: Manufacturing | C70: =(C30-B30)/B30*100 -> 1.9165017 | D70: =(D30-C30)/C30*100 -> 7.0731273 | E70: =(E30-D30)/D30*100 -> -1.1651424 | F70: =(F30-E30)/E30*100 -> -4.8461081 | G70: =(G30-F30)/F30*100 -> 0.81944128 | H70: =(H30-G30)/G30*100 -> 6.2962525 | I70: =(I30-H30)/H30*100 -> 0.14318153 | J70: =(J30-I30)/I30*100 -> -5.3099986 | ... CC70: =(CC30-CB30)/CB30*100 -> 4.1713646
A71: Electricity, gas and water | C71: =(C31-B31)/B31*100 -> 1.9562705 | D71: =(D31-C31)/C31*100 -> 1.6197272 | E71: =(E31-D31)/D31*100 -> -5.3662948 | F71: =(F31-E31)/E31*100 -> 2.9071068 | G71: =(G31-F31)/F31*100 -> 6.5430585 | H71: =(H31-G31)/G31*100 -> 8.3072055 | I71: =(I31-H31)/H31*100 -> 1.2499668 | J71: =(J31-I31)/I31*100 -> -5.4886882 | ... CC71: =(CC31-CB31)/CB31*100 -> -0.95756346
A72: Construction | C72: =(C32-B32)/B32*100 -> 1.3577556 | D72: =(D32-C32)/C32*100 -> -1.1182967 | E72: =(E32-D32)/D32*100 -> -4.473443 | F72: =(F32-E32)/E32*100 -> 2.5629949 | G72: =(G32-F32)/F32*100 -> 1.1859888 | H72: =(H32-G32)/G32*100 -> -0.85574866 | I72: =(I32-H32)/H32*100 -> -4.1869939 | J72: =(J32-I32)/I32*100 -> 8.4010926 | ... CC72: =(CC32-CB32)/CB32*100 -> 3.7058709
A73: Tertiary industries | C73: =(C33-B33)/B33*100 -> 1.1336622 | D73: =(D33-C33)/C33*100 -> 3.5782148 | E73: =(E33-D33)/D33*100 -> 3.9449955 | F73: =(F33-E33)/E33*100 -> -3.926553 | G73: =(G33-F33)/F33*100 -> 0.96680742 | H73: =(H33-G33)/G33*100 -> 3.0404109 | I73: =(I33-H33)/H33*100 -> 3.7622866 | J73: =(J33-I33)/I33*100 -> -5.526101 | ... CC73: =(CC33-CB33)/CB33*100 -> 3.916578
A74: Wholesale & retail trade; hotels & restaurants | C74: =(C34-B34)/B34*100 -> 2.5858784 | D74: =(D34-C34)/C34*100 -> 6.6545655 | E74: =(E34-D34)/D34*100 -> 14.946511 | F74: =(F34-E34)/E34*100 -> -17.158876 | G74: =(G34-F34)/F34*100 -> 1.6130641 | H74: =(H34-G34)/G34*100 -> 4.8467018 | I74: =(I34-H34)/H34*100 -> 14.012701 | J74: =(J34-I34)/I34*100 -> -15.801654 | ... CC74: =(CC34-CB34)/CB34*100 -> 16.318363
A75: Transport , storage and communication | C75: =(C35-B35)/B35*100 -> 0.23525002 | D75: =(D35-C35)/C35*100 -> 8.2121937 | E75: =(E35-D35)/D35*100 -> 2.0734475 | F75: =(F35-E35)/E35*100 -> -4.0445756 | G75: =(G35-F35)/F35*100 -> -0.45152585 | H75: =(H35-G35)/G35*100 -> 6.8264428 | I75: =(I35-H35)/H35*100 -> 0.54962377 | J75: =(J35-I35)/I35*100 -> -2.7439315 | ... CC75: =(CC35-CB35)/CB35*100 -> 1.2018522
A76: Finance, real estate and business services | C76: =(C36-B36)/B36*100 -> 0.97936015 | D76: =(D36-C36)/C36*100 -> 2.9492234 | E76: =(E36-D36)/D36*100 -> 1.6054441 | F76: =(F36-E36)/E36*100 -> -1.0130255 | G76: =(G36-F36)/F36*100 -> 3.1691508 | H76: =(H36-G36)/G36*100 -> 3.6372377 | I76: =(I36-H36)/H36*100 -> 2.7711869 | J76: =(J36-I36)/I36*100 -> -1.9580572 | ... CC76: =(CC36-CB36)/CB36*100 -> 0.87657049
A77: Personal services | C77: =(C37-B37)/B37*100 -> 2.8298824 | D77: =(D37-C37)/C37*100 -> 1.7787884 | E77: =(E37-D37)/D37*100 -> -0.11150273 | F77: =(F37-E37)/E37*100 -> 1.1652125 | G77: =(G37-F37)/F37*100 -> -0.3960117 | H77: =(H37-G37)/G37*100 -> 0.52364746 | I77: =(I37-H37)/H37*100 -> 0.0489901 | J77: =(J37-I37)/I37*100 -> -1.1244187 | ... CC77: =(CC37-CB37)/CB37*100 -> 0.52317852
... A81: KZN - GDPR at constant 2010 prices | C81: =(C41-B41)/B41*100 -> 2.6844488 | D81: =(D41-C41)/C41*100 -> 3.8543376 | E81: =(E41-D41)/D41*100 -> 0.49861579 | F81: =(F41-E41)/E41*100 -> -3.3023055 | G81: =(G41-F41)/F41*100 -> 5.2630758 | H81: =(H41-G41)/G41*100 -> 1.1249797 | I81: =(I41-H41)/H41*100 -> 0.44169411 | J81: =(J41-I41)/I41*100 -> -4.0491062 | ... CC81: =(CC41-CB41)/CB41*100 -> 1.6796335
A83: SA – GDP by activity
A84: Annual Change
A85: National Industry | B85: =B65 -> 1995q1 | C85: =C65 -> 1995q2 | D85: =D65 -> 1995q3 | E85: =E65 -> 1995q4 | F85: =F65 -> 1996q1 | G85: =G65 -> 1996q2 | H85: =H65 -> 1996q3 | I85: =I65 -> 1996q4 | ... CC85: =CC65 -> 2014q4
A86: Primary Industries | F86: =(F6-B6)/B6*100 -> 0.13666556 | G86: =(G6-C6)/C6*100 -> 10.194068 | H86: =(H6-D6)/D6*100 -> 1.3863854 | I86: =(I6-E6)/E6*100 -> -0.40269672 | J86: =(J6-F6)/F6*100 -> 0.9990115 | K86: =(K6-G6)/G6*100 -> 1.2339894 | L86: =(L6-H6)/H6*100 -> 1.9806979 | M86: =(M6-I6)/I6*100 -> 2.020102 | ... CC86: =(CC6-BY6)/BY6*100 -> -0.74179387
A87: Agriculture, forestry and fishing | F87: =(F7-B7)/B7*100 -> 9.798301 | G87: =(G7-C7)/C7*100 -> 68.353533 | H87: =(H7-D7)/D7*100 -> 12.425199 | I87: =(I7-E7)/E7*100 -> -2.7376655 | J87: =(J7-F7)/F7*100 -> 10.415973 | K87: =(K7-G7)/G7*100 -> -1.9793056 | L87: =(L7-H7)/H7*100 -> -0.71153566 | M87: =(M7-I7)/I7*100 -> 0.40408102 | ... CC87: =(CC7-BY7)/BY7*100 -> 4.2430637
A88: Mining and quarrying | F88: =(F8-B8)/B8*100 -> -1.1498355 | G88: =(G8-C8)/C8*100 -> -1.1382099 | H88: =(H8-D8)/D8*100 -> -0.88519081 | I88: =(I8-E8)/E8*100 -> -0.027805376 | J88: =(J8-F8)/F8*100 -> -0.39378776 | K88: =(K8-G8)/G8*100 -> 2.3001954 | L88: =(L8-H8)/H8*100 -> 2.6091074 | M88: =(M8-I8)/I8*100 -> 2.2725296 | ... CC88: =(CC8-BY8)/BY8*100 -> -1.6159356
A89: Secondary Industries | F89: =(F9-B9)/B9*100 -> 2.1794993 | G89: =(G9-C9)/C9*100 -> 2.0647585 | H89: =(H9-D9)/D9*100 -> 2.5606985 | I89: =(I9-E9)/E9*100 -> 4.6510162 | J89: =(J9-F9)/F9*100 -> 3.1151743 | K89: =(K9-G9)/G9*100 -> 4.5256672 | L89: =(L9-H9)/H9*100 -> 2.3506598 | M89: =(M9-I9)/I9*100 -> 2.0245531 | ... CC89: =(CC9-BY9)/BY9*100 -> 0.58626315
A90: Manufacturing | F90: =(F10-B10)/B10*100 -> 2.276021 | G90: =(G10-C10)/C10*100 -> 1.1750906 | H90: =(H10-D10)/D10*100 -> 0.44100931 | I90: =(I10-E10)/E10*100 -> 1.7705946 | J90: =(J10-F10)/F10*100 -> 1.6705298 | K90: =(K10-G10)/G10*100 -> 4.307653 | L90: =(L10-H10)/H10*100 -> 2.8818555 | M90: =(M10-I10)/I10*100 -> 1.9673729 | ... CC90: =(CC10-BY10)/BY10*100 -> 0.25114531
A91: Electricity, gas and water | F91: =(F11-B11)/B11*100 -> 1.9209819 | G91: =(G11-C11)/C11*100 -> 6.5061824 | H91: =(H11-D11)/D11*100 -> 13.515233 | I91: =(I11-E11)/E11*100 -> 21.451586 | J91: =(J11-F11)/F11*100 -> 10.910201 | K91: =(K11-G11)/G11*100 -> 7.9544041 | L91: =(L11-H11)/H11*100 -> 0.94812779 | M91: =(M11-I11)/I11*100 -> -2.8818107 | ... CC91: =(CC11-BY11)/BY11*100 -> -0.91201419
A92: Construction | F92: =(F12-B12)/B12*100 -> 1.9382448 | G92: =(G12-C12)/C12*100 -> 1.7654943 | H92: =(H12-D12)/D12*100 -> 2.0356993 | I92: =(I12-E12)/E12*100 -> 2.341667 | J92: =(J12-F12)/F12*100 -> 1.951116 | K92: =(K12-G12)/G12*100 -> 1.3674309 | L92: =(L12-H12)/H12*100 -> 1.035482 | M92: =(M12-I12)/I12*100 -> 9.6916155 | ... CC92: =(CC12-BY12)/BY12*100 -> 2.8871086
A93: Tertiary industries | F93: =(F13-B13)/B13*100 -> 4.3372742 | G93: =(G13-C13)/C13*100 -> 4.2930151 | H93: =(H13-D13)/D13*100 -> 3.8648839 | I93: =(I13-E13)/E13*100 -> 3.8341227 | J93: =(J13-F13)/F13*100 -> 3.4199785 | K93: =(K13-G13)/G13*100 -> 3.0998806 | L93: =(L13-H13)/H13*100 -> 2.1410355 | M93: =(M13-I13)/I13*100 -> 1.0297112 | ... CC93: =(CC13-BY13)/BY13*100 -> 1.8786224
A94: Wholesale & retail trade; hotels & restaurants | F94: =(F14-B14)/B14*100 -> 5.6663752 | G94: =(G14-C14)/C14*100 -> 4.6643488 | H94: =(H14-D14)/D14*100 -> 2.8902205 | I94: =(I14-E14)/E14*100 -> 2.0543543 | J94: =(J14-F14)/F14*100 -> 2.1161694 | K94: =(K14-G14)/G14*100 -> 1.1485718 | L94: =(L14-H14)/H14*100 -> 0.17685392 | M94: =(M14-I14)/I14*100 -> -1.4433688 | ... CC94: =(CC14-BY14)/BY14*100 -> 0.98356437
A95: Transport , storage and communication | F95: =(F15-B15)/B15*100 -> 7.7954114 | G95: =(G15-C15)/C15*100 -> 7.056836 | H95: =(H15-D15)/D15*100 -> 5.6858805 | I95: =(I15-E15)/E15*100 -> 4.1081279 | J95: =(J15-F15)/F15*100 -> 5.9165467 | K95: =(K15-G15)/G15*100 -> 7.3958616 | L95: =(L15-H15)/H15*100 -> 7.4748259 | M95: =(M15-I15)/I15*100 -> 9.4889105 | ... CC95: =(CC15-BY15)/BY15*100 -> 2.5894446
A96: Finance, real estate and business services | F96: =(F16-B16)/B16*100 -> 4.3921718 | G96: =(G16-C16)/C16*100 -> 6.6559711 | H96: =(H16-D16)/D16*100 -> 7.3687578 | I96: =(I16-E16)/E16*100 -> 8.6006244 | J96: =(J16-F16)/F16*100 -> 8.3050938 | K96: =(K16-G16)/G16*100 -> 6.6624861 | L96: =(L16-H16)/H16*100 -> 3.5188102 | M96: =(M16-I16)/I16*100 -> 0.74924471 | ... CC96: =(CC16-BY16)/BY16*100 -> 2.0120834
A97: Personal services | F97: =(F17-B17)/B17*100 -> 5.7712959 | G97: =(G17-C17)/C17*100 -> 2.4531262 | H97: =(H17-D17)/D17*100 -> 1.1896693 | I97: =(I17-E17)/E17*100 -> 1.3522528 | J97: =(J17-F17)/F17*100 -> -0.9165746 | K97: =(K17-G17)/G17*100 -> 0.60609265 | L97: =(L17-H17)/H17*100 -> 0.90047922 | M97: =(M17-I17)/I17*100 -> -0.71831317 | ... CC97: =(CC17-BY17)/BY17*100 -> 2.4474455
... A101: SA - GDP at constant 2010 prices | F101: =(F21-B21)/B21*100 -> 3.2059467 | G101: =(G21-C21)/C21*100 -> 4.8706867 | H101: =(H21-D21)/D21*100 -> 3.3146119 | I101: =(I21-E21)/E21*100 -> 3.5427794 | J101: =(J21-F21)/F21*100 -> 3.0561512 | K101: =(K21-G21)/G21*100 -> 3.0694932 | L101: =(L21-H21)/H21*100 -> 2.2180855 | M101: =(M21-I21)/I21*100 -> 1.4322664 | ... CC101: =(CC21-BY21)/BY21*100 -> 1.3336392
A103: KZN – GDPR by activity
A104: Annual Change
A105: Provincial Industry | B105: =B85 -> 1995q1 | C105: =C85 -> 1995q2 | D105: =D85 -> 1995q3 | E105: =E85 -> 1995q4 | F105: =F85 -> 1996q1 | G105: =G85 -> 1996q2 | H105: =H85 -> 1996q3 | I105: =I85 -> 1996q4 | ... CC105: =CC85 -> 2014q4
A106: Primary Industries | F106: =(F26-B26)/B26*100 -> 1.8612459 | G106: =(G26-C26)/C26*100 -> 34.813 | H106: =(H26-D26)/D26*100 -> 3.5486616 | I106: =(I26-E26)/E26*100 -> -4.083247 | J106: =(J26-F26)/F26*100 -> 4.0953678 | K106: =(K26-G26)/G26*100 -> -1.79606 | L106: =(L26-H26)/H26*100 -> -0.50997359 | M106: =(M26-I26)/I26*100 -> 0.30464209 | ... CC106: =(CC26-BY26)/BY26*100 -> 2.0632383
A107: Agriculture, forestry and fishing | F107: =(F27-B27)/B27*100 -> 2.2120932 | G107: =(G27-C27)/C27*100 -> 56.721614 | H107: =(H27-D27)/D27*100 -> 4.6574928 | I107: =(I27-E27)/E27*100 -> -9.4577356 | J107: =(J27-F27)/F27*100 -> 8.9437654 | K107: =(K27-G27)/G27*100 -> -3.2862437 | L107: =(L27-H27)/H27*100 -> -2.0353773 | M107: =(M27-I27)/I27*100 -> -0.93463549 | ... CC107: =(CC27-BY27)/BY27*100 -> 4.4909498
A108: Mining and quarrying | F108: =(F28-B28)/B28*100 -> 1.4967723 | G108: =(G28-C28)/C28*100 -> 1.5087092 | H108: =(H28-D28)/D28*100 -> 1.7685026 | I108: =(I28-E28)/E28*100 -> 2.6488436 | J108: =(J28-F28)/F28*100 -> -0.97683084 | K108: =(K28-G28)/G28*100 -> 1.7013832 | L108: =(L28-H28)/H28*100 -> 2.0084869 | M108: =(M28-I28)/I28*100 -> 1.6738793 | ... CC108: =(CC28-BY28)/BY28*100 -> -1.3670405
A109: Secondary Industries | F109: =(F29-B29)/B29*100 -> 1.7739286 | G109: =(G29-C29)/C29*100 -> 1.4792335 | H109: =(H29-D29)/D29*100 -> 1.7743691 | I109: =(I29-E29)/E29*100 -> 3.6572795 | J109: =(J29-F29)/F29*100 -> 3.0205519 | K109: =(K29-G29)/G29*100 -> 4.5630787 | L109: =(L29-H29)/H29*100 -> 2.5940912 | M109: =(M29-I29)/I29*100 -> 2.5384598 | ... CC109: =(CC29-BY29)/BY29*100 -> 0.82884342
A110: Manufacturing | F110: =(F30-B30)/B30*100 -> 2.6270138 | G110: =(G30-C30)/C30*100 -> 1.5223053 | H110: =(H30-D30)/D30*100 -> 0.78570474 | I110: =(I30-E30)/E30*100 -> 2.119853 | J110: =(J30-F30)/F30*100 -> 1.6220023 | K110: =(K30-G30)/G30*100 -> 4.2578668 | L110: =(L30-H30)/H30*100 -> 2.8327498 | M110: =(M30-I30)/I30*100 -> 1.9187037 | ... CC110: =(CC30-BY30)/BY30*100 -> 0.39107464
A111: Electricity, gas and water | F111: =(F31-B31)/B31*100 -> 0.89814409 | G111: =(G31-C31)/C31*100 -> 5.4373294 | H111: =(H31-D31)/D31*100 -> 12.37604 | I111: =(I31-E31)/E31*100 -> 20.232747 | J111: =(J31-F31)/F31*100 -> 10.423419 | K111: =(K31-G31)/G31*100 -> 7.4805952 | L111: =(L31-H31)/H31*100 -> 0.50506927 | M111: =(M31-I31)/I31*100 -> -3.3080597 | ... CC111: =(CC31-BY31)/BY31*100 -> -0.35997383
A112: Construction | F112: =(F32-B32)/B32*100 -> -1.8053689 | G112: =(G32-C32)/C32*100 -> -1.9717753 | H112: =(H32-D32)/D32*100 -> -1.7114933 | I112: =(I32-E32)/E32*100 -> -1.4167621 | J112: =(J32-F32)/F32*100 -> 4.1947996 | K112: =(K32-G32)/G32*100 -> 3.5982691 | L112: =(L32-H32)/H32*100 -> 3.2590148 | M112: =(M32-I32)/I32*100 -> 12.105648 | ... CC112: =(CC32-BY32)/BY32*100 -> 3.3098675
A113: Tertiary industries | F113: =(F33-B33)/B33*100 -> 4.6094968 | G113: =(G33-C33)/C33*100 -> 4.4369074 | H113: =(H33-D33)/D33*100 -> 3.894645 | I113: =(I33-E33)/E33*100 -> 3.7120246 | J113: =(J33-F33)/F33*100 -> 1.9853003 | K113: =(K33-G33)/G33*100 -> 1.8028264 | L113: =(L33-H33)/H33*100 -> 0.98517297 | M113: =(M33-I33)/I33*100 -> 0.094622989 | ... CC113: =(CC33-BY33)/BY33*100 -> 1.9327707
A114: Wholesale & retail trade; hotels & restaurants | F114: =(F34-B34)/B34*100 -> 4.1858668 | G114: =(G34-C34)/C34*100 -> 3.19788 | H114: =(H34-D34)/D34*100 -> 1.4486093 | I114: =(I34-E34)/E34*100 -> 0.62445461 | J114: =(J34-F34)/F34*100 -> 2.2730279 | K114: =(K34-G34)/G34*100 -> 1.303944 | L114: =(L34-H34)/H34*100 -> 0.33073344 | M114: =(M34-I34)/I34*100 -> -1.2919781 | ... CC114: =(CC34-BY34)/BY34*100 -> 0.60525926
A115: Transport , storage and communication | F115: =(F35-B35)/B35*100 -> 6.2377815 | G115: =(G35-C35)/C35*100 -> 5.5098784 | H115: =(H35-D35)/D35*100 -> 4.1587331 | I115: =(I35-E35)/E35*100 -> 2.6037787 | J115: =(J35-F35)/F35*100 -> 3.9945391 | K115: =(K35-G35)/G35*100 -> 5.4470097 | L115: =(L35-H35)/H35*100 -> 5.5245411 | M115: =(M35-I35)/I35*100 -> 7.5020772 | ... CC115: =(CC35-BY35)/BY35*100 -> 2.8492876
...

Sheet Seasonal
A1: Seasonally adjusted and annualised quarterly GDP and GDPR
A3: SA – GDP by activity
A4: Seasonally adjusted and annualised quarterly - Rand million
A5: National Industry | B5: 1995q1 | C5: 1995q2 | D5: 1995q3 | E5: 1995q4 | F5: 1996q1 | G5: 1996q2 | H5: 1996q3 | I5: 1996q4 | J5: 1997q1 | K5: 1997q2 | L5: 1997q3 | M5: 1997q4 | N5: 1998q1 | O5: 1998q2 | P5: 1998q3 | Q5: 1998q4 | R5: 1999q1 | S5: 1999q2 | T5: 1999q3 | U5: 1999q4 | V5: 2000q1 | W5: 2000q2 | X5: 2000q3 | Y5: 2000q4 | Z5: 2001q1 | AA5: 2001q2 | AB5: 2001q3 | AC5: 2001q4 | AD5: 2002q1 | AE5: 2002q2 | AF5: 2002q3 | AG5: 2002q4 | AH5: 2003q1 | AI5: 2003q2 | AJ5: 2003q3 | AK5: 2003q4 | AL5: 2004q1 | AM5: 2004q2 | AN5: 2004q3 | AO5: 2004q4 | AP5: 2005q1 | AQ5: 2005q2 | AR5: 2005q3 | AS5: 2005q4 | AT5: 2006q1 | AU5: 2006q2 | AV5: 2006q3 | AW5: 2006q4 | AX5: 2007q1 | AY5: 2007q2 | AZ5: 2007q3 | BA5: 2007q4 | BB5: 2008q1 | BC5: 2008q2 | BD5: 2008q3 | BE5: 2008q4 | BF5: 2009q1 | BG5: 2009q2 | BH5: 2009q3 | BI5: 2009q4 | BJ5: 2010q1 | BK5: 2010q2 | BL5: 2010q3 | BM5: 2010q4 | BN5: 2011q1 | BO5: 2011q2 | BP5: 2011q3 | BQ5: 2011q4 | BR5: 2012q1 | BS5: 2012q2 | BT5: 2012q3 | BU5: 2012q4 | BV5: 2013q1 | BW5: 2013q2 | BX5: 2013q3 | BY5: 2013q4 | BZ5: 2014q1 | CA5: 2014q2 | CB5: 2014q3 | CC5: 2014q4
A6: Primary Industries | B6: =SUM(B7:B8) -> 285854 | C6: =SUM(C7:C8) -> 275244.76 | D6: =SUM(D7:D8) -> 270847.88 | E6: =SUM(E7:E8) -> 269401.43 | F6: =SUM(F7:F8) -> 278372.09 | G6: =SUM(G7:G8) -> 282233.24 | H6: =SUM(H7:H8) -> 285563.92 | I6: =SUM(I7:I8) -> 286773.76 | ... CC6: =SUM(CC7:CC8) -> 307690.29
A7: Agriculture, forestry and fishing | B7: 48268.218 | C7: 40812.852 | D7: 36911.707 | E7: 36933.612 | F7: 43608.296 | G7: 50603.506 | H7: 53599.165 | I7: 54217.734 | J7: 51014.167 | K7: 51177.787 | L7: 51041.903 | M7: 50613.116 | N7: 48927.216 | O7: 47779.534 | P7: 47642.184 | Q7: 48694.151 | R7: 49982.201 | S7: 50642.471 | T7: 51527.934 | U7: 52859.167 | V7: 53533.134 | W7: 53915.468 | X7: 53986.658 | Y7: 53212.059 | Z7: 52205.274 | AA7: 51887.506 | AB7: 51748.706 | AC7: 51722.451 | AD7: 53178.724 | AE7: 54941.875 | AF7: 56100.356 | AG7: 56834.632 | AH7: 56897.476 | AI7: 56405.398 | AJ7: 54802.674 | AK7: 54455.597 | AL7: 54753.312 | AM7: 55270.071 | AN7: 56479.441 | AO7: 57971.101 | AP7: 57651.49 | AQ7: 57550.48 | AR7: 57687.9 | AS7: 57891.28 | AT7: 59248.288 | AU7: 54399.82 | AV7: 52505.024 | AW7: 52020.952 | AX7: 53678.676 | AY7: 55597.452 | AZ7: 56449.312 | BA7: 58948.396 | BB7: 62508.112 | BC7: 65039.18 | BD7: 69498.408 | BE7: 71240.728 | BF7: 69881.716 | BG7: 66646.04 | BH7: 64204.588 | BI7: 62477.34 | BJ7: 63003.056 | BK7: 64583.236 | BL7: 66718.828 | BM7: 68114.04 | BN7: 67798.076 | BO7: 66433.792 | BP7: 65943.644 | BQ7: 65678.748 | BR7: 65858.068 | BS7: 66630.152 | BT7: 67016.68 | BU7: 67937.664 | BV7: 67436.404 | BW7: 67252.604 | BX7: 67849.512 | BY7: 68982.88 | BZ7: 69794.424 | CA7: 70757.014 | CB7: 72380.292 | CC7: 73704.94
A8: Mining and quarrying | B8: 237585.78 | C8: 234431.91 | D8: 233936.17 | E8: 232467.82 | F8: 234763.8 | G8: 231629.73 | H8: 231964.75 | I8: 232556.03 | J8: 233511.74 | K8: 236423.57 | L8: 238250.84 | M8: 238553.73 | N8: 239377.4 | O8: 237089.57 | P8: 234980.94 | Q8: 234345.21 | R8: 234161.37 | S8: 232473.33 | T8: 232576.97 | U8: 233340.36 | V8: 231872.45 | W8: 231132.33 | X8: 229193.59 | Y8: 230095.59 | Z8: 230730.43 | AA8: 231836.87 | AB8: 230282.17 | AC8: 228522.18 | AD8: 229871.02 | AE8: 231578.5 | AF8: 233719.7 | AG8: 235416.17 | AH8: 236782.06 | AI8: 239417.57 | AJ8: 242436.21 | AK8: 243555.73 | AL8: 244790.8 | AM8: 241788.88 | AN8: 248252.23 | AO8: 241886.72 | AP8: 249435.35 | AQ8: 247452.4 | AR8: 245616.09 | AS8: 244237.89 | AT8: 239459.71 | AU8: 243388.83 | AV8: 246929.74 | AW8: 251120.35 | AX8: 250884.92 | AY8: 243351.93 | AZ8: 242207.4 | BA8: 238208.37 | BB8: 228986.74 | BC8: 234898.2 | BD8: 229547.77 | BE8: 229221.29 | BF8: 214553.5 | BG8: 221158.5 | BH8: 218310.5 | BI8: 221300.5 | BJ8: 231108.5 | BK8: 217539.5 | BL8: 232481.5 | BM8: 240272.5 | BN8: 235877.5 | BO8: 234145.5 | BP8: 222755.5 | BQ8: 221802.5 | BR8: 215797.5 | BS8: 228586.5 | BT8: 223739.5 | BU8: 219764.5 | BV8: 227240.5 | BW8: 224622.5 | BX8: 231209.5 | BY8: 240558.5 | BZ8: 225453.4 | CA8: 223726.74 | CB8: 225875.24 | CC8: 233985.35
A9: Secondary Industries | B9: =SUM(B10:B12) -> 340659.83 | C9: =SUM(C10:C12) -> 343875.52 | D9: =SUM(D10:D12) -> 345922.37 | E9: =SUM(E10:E12) -> 343599.29 | F9: =SUM(F10:F12) -> 348095.95 | G9: =SUM(G10:G12) -> 350149.8 | H9: =SUM(H10:H12) -> 355247.78 | I9: =SUM(I10:I12) -> 360082.27 | ... CC9: =SUM(CC10:CC12) -> 556271.71
A10: Manufacturing | B10: 248115.11 | C10: 251269.34 | D10: 253333.61 | E10: 251502.33 | F10: 253779.2 | G10: 253187.38 | H10: 254726.28 | I10: 256586.63 | J10: 258194 | K10: 263012.85 | L10: 262600.51 | M10: 261965.68 | N10: 263100 | O10: 262895.43 | P10: 259533.07 | Q10: 258153 | R10: 257640.64 | S10: 259524 | T10: 263681.19 | U10: 269097.74 | V10: 276001.9 | W10: 280517.61 | X10: 286382.88 | Y10: 292086.62 | Z10: 293787.94 | AA10: 293790 | AB10: 290650.25 | AC10: 293080.44 | AD10: 295447.5 | AE10: 300610.19 | AF10: 303985.9 | AG10: 304061.71 | AH10: 301227.21 | AI10: 297425.7 | AJ10: 294496.51 | AK10: 292843.29 | AL10: 301528.68 | AM10: 308853.74 | AN10: 316231.11 | AO10: 317429.21 | AP10: 317373.5 | AQ10: 329672.78 | AR10: 337228.5 | AS10: 336950.5 | AT10: 341608.14 | AU10: 348131.43 | AV10: 354985.2 | AW10: 361563.4 | AX10: 366999.14 | AY10: 368686.4 | AZ10: 368731.81 | BA10: 377140.01 | BB10: 376366.4 | BC10: 391090.4 | BD10: 383877.4 | BE10: 364522.14 | BF10: 340102.31 | BG10: 330873.48 | BH10: 337511.5 | BI10: 346279.5 | BJ10: 352735.32 | BK10: 360344.89 | BL10: 358703.8 | BM10: 363013.37 | BN10: 372628.83 | BO10: 367589.96 | BP10: 366642.08 | BQ10: 370182.72 | BR10: 375617.49 | BS10: 374498.44 | BT10: 375211.4 | BU10: 379178.4 | BV10: 371598.69 | BW10: 382014.08 | BX10: 375520.97 | BY10: 386599.12 | BZ10: 380286.45 | CA10: 376429.49 | CB10: 375514.43 | CC10: 384125.74
A11: Electricity, gas and water | B11: 51547.223 | C11: 51567.75 | D11: 51252.457 | E11: 50593.411 | F11: 52742.609 | G11: 54954.518 | H11: 58265.307 | I11: 61134.204 | J11: 59837.852 | K11: 59995.073 | L11: 58781.173 | M11: 57339.302 | N11: 56253.741 | O11: 55499.235 | P11: 54688.561 | Q11: 54646.809 | R11: 54226.773 | S11: 54774.29 | T11: 55042.716 | U11: 55939.115 | V11: 56508.27 | W11: 56919.132 | X11: 57138.283 | Y11: 56236.676 | Z11: 55312.228 | AA11: 54537.536 | AB11: 54440.065 | AC11: 54120.845 | AD11: 54963.723 | AE11: 56242.624 | AF11: 56944.59 | AG11: 57904.113 | AH11: 57875.898 | AI11: 57893.743 | AJ11: 58151.498 | AK11: 58803.816 | AL11: 59914.145 | AM11: 61076.025 | AN11: 63147.978 | AO11: 64377.271 | AP11: 64399.973 | AQ11: 65002.723 | AR11: 65508.32 | AS11: 66890.283 | AT11: 67367.248 | AU11: 67554.26 | AV11: 67693.48 | AW11: 68138.732 | AX11: 69176.888 | AY11: 69789.864 | AZ11: 70477.032 | BA11: 70556.22 | BB11: 67409.24 | BC11: 66999.692 | BD11: 69094.128 | BE11: 66584.936 | BF11: 65803.288 | BG11: 66089.904 | BH11: 66634.412 | BI11: 66820.396 | BJ11: 67819.444 | BK11: 67784.088 | BL11: 67594.488 | BM11: 68557.98 | BN11: 68933.044 | BO11: 69045.528 | BP11: 68704.764 | BQ11: 68832.668 | BR11: 69020.592 | BS11: 68430.963 | BT11: 68820.012 | BU11: 68932.432 | BV11: 68098.184 | BW11: 68603.316 | BX11: 68925.968 | BY11: 67872.532 | BZ11: 67910.587 | CA11: 67820.673 | CB11: 67637.218 | CC11: 67691.973
A12: Construction | B12: 40997.498 | C12: 41038.426 | D12: 41336.308 | E12: 41503.55 | F12: 41574.143 | G12: 42007.895 | H12: 42256.191 | I12: 42361.429 | J12: 42838.934 | K12: 43375.411 | L12: 43758.63 | M12: 44017.326 | N12: 41768.347 | O12: 40798.403 | P12: 40426.446 | Q12: 40741.448 | R12: 40288.924 | S12: 40255.484 | T12: 40381.865 | U12: 40585.918 | V12: 41055.466 | W12: 41988.189 | X12: 43258.984 | Y12: 44333.783 | Z12: 44303.495 | AA12: 44679.466 | AB12: 44817.448 | AC12: 45240.949 | AD12: 45924.344 | AE12: 46624.4 | AF12: 47759.302 | AG12: 49134.409 | AH12: 49938.366 | AI12: 50604.494 | AJ12: 51240.297 | AK12: 52222.391 | AL12: 53374.444 | AM12: 54865.408 | AN12: 56370.138 | AO12: 57977.298 | AP12: 59555.4 | AQ12: 61306.401 | AR12: 63245.401 | AS12: 65015.361 | AT12: 66089.46 | AU12: 67884.44 | AV12: 69730.44 | AW12: 71417.18 | AX12: 75088.64 | AY12: 78386.64 | AZ12: 80139 | BA12: 84205 | BB12: 84456.46 | BC12: 86200.46 | BD12: 88983.4 | BE12: 89561.14 | BF12: 93103.1 | BG12: 93662.04 | BH12: 95651.08 | BI12: 96620.08 | BJ12: 95729.6 | BK12: 95253.6 | BL12: 95558.6 | BM12: 95260.6 | BN12: 94310.4 | BO12: 95281.4 | BP12: 96340.4 | BQ12: 97305.4 | BR12: 96759.6 | BS12: 97053.6 | BT12: 97975.6 | BU12: 99425.64 | BV12: 99234 | BW12: 100486 | BX12: 100634 | BY12: 101518 | BZ12: 102444 | CA12: 102984 | CB12: 103550 | CC12: 104454
A13: Tertiary industries | B13: =SUM(B14:B18) -> 946593.09 | C13: =SUM(C14:C18) -> 956576.52 | D13: =SUM(D14:D18) -> 966550.66 | E13: =SUM(E14:E18) -> 974093.26 | F13: =SUM(F14:F18) -> 984520.47 | G13: =SUM(G14:G18) -> 994212.03 | H13: =SUM(H14:H18) -> 1005353.5 | I13: =SUM(I14:I18) -> 1016377.5 | ... CC13: =SUM(CC14:CC18) -> 1894186.5
A14: Wholesale & retail trade; hotels & restaurants | B14: 206774.47 | C14: 210758.8 | D14: 215168.23 | E14: 218476.92 | F14: 218129.91 | G14: 219494.13 | H14: 221323.86 | I14: 223724.15 | J14: 224362.75 | K14: 222898.32 | L14: 221563.21 | M14: 217378.45 | N14: 222562.51 | O14: 224465.8 | P14: 225316.01 | Q14: 225379.05 | R14: 232905.93 | S14: 238313.18 | T14: 244482.83 | U14: 250248.39 | V14: 255324.56 | W14: 260168.8 | X14: 263538.91 | Y14: 265160.04 | Z14: 265656.31 | AA14: 265934.37 | AB14: 265900.95 | AC14: 266540.34 | AD14: 268545.6 | AE14: 270767.29 | AF14: 272383.84 | AG14: 276807.97 | AH14: 277176.99 | AI14: 278337.53 | AJ14: 280188.27 | AK14: 281818.85 | AL14: 285622.48 | AM14: 290993.65 | AN14: 297053.39 | AO14: 304173.46 | AP14: 307920.92 | AQ14: 312587.35 | AR14: 317054.98 | AS14: 323277.97 | AT14: 326748.4 | AU14: 331597.49 | AV14: 336451.4 | AW14: 341197 | AX14: 346130.29 | AY14: 350629.25 | AZ14: 355030.76 | BA14: 359001.03 | BB14: 362440.62 | BC14: 360428.5 | BD14: 356395.99 | BE14: 356256.25 | BF14: 355457.22 | BG14: 353477.41 | BH14: 354689.33 | BI14: 355857.99 | BJ14: 361160.24 | BK14: 368103.26 | BL14: 373440.48 | BM14: 379614.13 | BN14: 380337.5 | BO14: 383238.23 | BP14: 386360.1 | BQ14: 389137.6 | BR14: 393652.08 | BS14: 397507.7 | BT14: 400317.31 | BU14: 402861.41 | BV14: 403732.82 | BW14: 405886.67 | BX14: 406229.97 | BY14: 408081.41 | BZ14: 409631.51 | CA14: 409375.92 | CB14: 412821.27 | CC14: 412502.73
A15: Transport , storage and communication | B15: 100047.2 | C15: 102752.19 | D15: 105322.89 | E15: 107562.78 | F15: 108137.07 | G15: 109579.45 | H15: 111317.4 | I15: 112007.91 | J15: 114823.17 | K15: 117218.69 | L15: 119862.87 | M15: 122656.29 | N15: 124402.43 | O15: 125438.48 | P15: 124847.14 | Q15: 125973.83 | R15: 127469.21 | S15: 130347.07 | T15: 133157.3 | U15: 135722.72 | V15: 138930.05 | W15: 142024.66 | X15: 144115.94 | Y15: 145341.44 | Z15: 146817.46 | AA15: 149027.4 | AB15: 152185.6 | AC15: 156035.93 | AD15: 159827.7 | AE15: 163476.14 | AF15: 166273.18 | AG15: 168855.37 | AH15: 171892.5 | AI15: 173878.9 | AJ15: 175719.76 | AK15: 178737.48 | AL15: 180416.15 | AM15: 182166.9 | AN15: 184724.41 | AO15: 187143.31 | AP15: 189318.74 | AQ15: 192107.51 | AR15: 194706.1 | AS15: 197202.56 | AT15: 199979.9 | AU15: 202460.69 | AV15: 204462.18 | AW15: 205994.99 | AX15: 211207.69 | AY15: 216892.4 | AZ15: 221409.47 | BA15: 224444.18 | BB15: 224894.91 | BC15: 225641.56 | BD15: 226899.49 | BE15: 227107.53 | BF15: 225757.94 | BG15: 225151.51 | BH15: 225582.6 | BI15: 226354.9 | BJ15: 227028.72 | BK15: 228782.85 | BL15: 230229.8 | BM15: 231954.63 | BN15: 233901.79 | BO15: 236135.93 | BP15: 237114.3 | BQ15: 238604.32 | BR15: 240252.65 | BS15: 241854.22 | BT15: 242757.47 | BU15: 244068.39 | BV15: 245297.35 | BW15: 246253.22 | BX15: 247859.69 | BY15: 248838.19 | BZ15: 249719.39 | CA15: 252096.14 | CB15: 253493.18 | CC15: 255283.28
A16: Finance, real estate and business services | B16: 241241.49 | C16: 242723.61 | D16: 244716.74 | E16: 246069.24 | F16: 251176.79 | G16: 257123.3 | H16: 263260.43 | I16: 269331 | J16: 270675.4 | K16: 272136.9 | L16: 272979 | M16: 274085.5 | N16: 274789.41 | O16: 278660.16 | P16: 280703.3 | Q16: 280813.49 | R16: 288508.43 | S16: 291692.37 | T16: 294925.27 | U16: 296821.28 | V16: 298356.41 | W16: 299473.84 | X16: 303095.51 | Y16: 308292.18 | Z16: 316824.21 | AA16: 323954.32 | AB16: 330330.3 | AC16: 336872.41 | AD16: 344525.44 | AE16: 349033.28 | AF16: 347768.49 | AG16: 348747.49 | AH16: 357036.18 | AI16: 361879.49 | AJ16: 367338.97 | AK16: 370532.91 | AL16: 381003.26 | AM16: 388358.48 | AN16: 392260.12 | AO16: 397935.21 | AP16: 401943.54 | AQ16: 409621.5 | AR16: 417131.5 | AS16: 419897.5 | AT16: 434909.42 | AU16: 447441.42 | AV16: 458853.4 | AW16: 466381 | AX16: 475257.6 | AY16: 478038.6 | AZ16: 488036.6 | BA16: 497365.56 | BB16: 506970.48 | BC16: 509822.48 | BD16: 513568.48 | BE16: 516504.48 | BF16: 516388.42 | BG16: 515602.42 | BH16: 516722.4 | BI16: 519744 | BJ16: 521462.49 | BK16: 524164.49 | BL16: 524117.49 | BM16: 524361.49 | BN16: 534194.4 | BO16: 541569.4 | BP16: 549929.08 | BQ16: 554296.08 | BR16: 558239.48 | BS16: 560730.48 | BT16: 561990.48 | BU16: 563357.44 | BV16: 569964.35 | BW16: 576939.2 | BX16: 580901 | BY16: 584704 | BZ16: 586677 | CA16: 588411 | CB16: 591922 | CC16: 597066
A17: Personal services | B17: 91811.256 | C17: 93345.922 | D17: 94126.441 | E17: 94551.407 | F17: 97208.547 | G17: 95704.164 | H17: 95195.638 | I17: 95664.062 | J17: 95500.512 | K17: 95758.15 | L17: 96145.057 | M17: 96243.173 | N17: 99057.992 | O17: 101127.24 | P17: 102984.98 | Q17: 104305.81 | R17: 104703.51 | S17: 105361.79 | T17: 106186.28 | U17: 106990.24 | V17: 108765.5 | W17: 110133.5 | X17: 111740 | Y17: 112994.6 | Z17: 113107.55 | AA17: 113153.14 | AB17: 113442.82 | AC17: 113904.31 | AD17: 114448.53 | AE17: 115423.69 | AF17: 116628.24 | AG17: 118283.14 | AH17: 120479.33 | AI17: 122328.89 | AJ17: 123674.7 | AK17: 124133.06 | AL17: 124405.44 | AM17: 124121.34 | AN17: 124862.34 | AO17: 125796.64 | AP17: 127039.13 | AQ17: 128846.22 | AR17: 130445.36 | AS17: 131808.73 | AT17: 134505.12 | AU17: 135825.02 | AV17: 137003.91 | AW17: 137857.94 | AX17: 140488.08 | AY17: 142613.58 | AZ17: 144864.29 | BA17: 147262.05 | BB17: 147931.79 | BC17: 148496.34 | BD17: 149817.21 | BE17: 150619.52 | BF17: 150576.28 | BG17: 149180.53 | BH17: 147420.53 | BI17: 144882.66 | BJ17: 146335.74 | BK17: 148183.66 | BL17: 149321.48 | BM17: 150411.12 | BN17: 151058 | BO17: 151889.06 | BP17: 152351.96 | BQ17: 153352.98 | BR17: 154055.47 | BS17: 154862.61 | BT17: 155705.06 | BU17: 156555.76 | BV17: 157018.53 | BW17: 158068.61 | BX17: 158550.55 | BY17: 159028.71 | BZ17: 159623.83 | CA17: 160219.83 | CB17: 160735.83 | CC17: 161064.44
A18: General government services | B18: 306718.67 | C18: 306996.01 | D18: 307216.36 | E18: 307432.91 | F18: 309868.15 | G18: 312310.98 | H18: 314256.14 | I18: 315650.42 | J18: 316208.89 | K18: 315756.79 | L18: 315167.93 | M18: 314829.8 | N18: 314375.19 | O18: 313585.2 | P18: 312568.84 | Q18: 311991.37 | R18: 311783.48 | S18: 311229.1 | T18: 310150.38 | U18: 308667.42 | V18: 308829.12 | W18: 308272.43 | X18: 307260.69 | Y18: 305964.84 | Z18: 306844.91 | AA18: 305521.34 | AB18: 303638.77 | AC18: 302827.99 | AD18: 305126.06 | AE18: 306473.15 | AF18: 307633.78 | AG18: 308331.44 | AH18: 312528.67 | AI18: 314443.22 | AJ18: 316418.86 | AK18: 318143.73 | AL18: 317978.16 | AM18: 320207.78 | AN18: 321779.93 | AO18: 325707.1 | AP18: 331394.29 | AQ18: 335258.5 | AR18: 337191 | AS18: 337216.5 | AT18: 341924 | AU18: 343992 | AV18: 346693 | AW18: 349515 | AX18: 355482 | AY18: 358892 | AZ18: 363586 | BA18: 368584 | BB18: 374076 | BC18: 378246 | BD18: 385261 | BE18: 389488.99 | BF18: 391833 | BG18: 394400 | BH18: 394563 | BI18: 394888 | BJ18: 397571 | BK18: 403208 | BL18: 406628 | BM18: 411181 | BN18: 415380 | BO18: 420828 | BP18: 424602 | BQ18: 429970 | BR18: 431356 | BS18: 435104 | BT18: 439835 | BU18: 444641 | BV18: 446096 | BW18: 449165 | BX18: 452264 | BY18: 457331 | BZ18: 459992 | CA18: 464452 | CB18: 466930 | CC18: 468270
A19: All industries at basic prices | B19: =B13+B9+B6 -> 1573106.9 | C19: =C13+C9+C6 -> 1575696.8 | D19: =D13+D9+D6 -> 1583320.9 | E19: =E13+E9+E6 -> 1587094 | F19: =F13+F9+F6 -> 1610988.5 | G19: =G13+G9+G6 -> 1626595.1 | H19: =H13+H9+H6 -> 1646165.2 | I19: =I13+I9+I6 -> 1663233.6 | ... CC19: =CC13+CC9+CC6 -> 2758148.5
A20: Taxes less subsidies on products | B20: 171151.75 | C20: 171173.38 | D20: 172672.98 | E20: 173371.48 | F20: 175053.47 | G20: 180270.82 | H20: 182228.82 | I20: 184453.79 | J20: 185086.06 | K20: 185669.62 | L20: 186026.23 | M20: 186317.23 | N20: 185326.62 | O20: 183656.49 | P20: 182807.7 | Q20: 182844.15 | R20: 181849.42 | S20: 181694.54 | T20: 182953.51 | U20: 184166.18 | V20: 184195.8 | W20: 184655.73 | X20: 186104.7 | Y20: 187238.34 | Z20: 187186.83 | AA20: 187534.66 | AB20: 188363.04 | AC20: 189779.92 | AD20: 191115.05 | AE20: 192138.52 | AF20: 195111.07 | AG20: 194911.53 | AH20: 197003.52 | AI20: 197759.21 | AJ20: 198664.24 | AK20: 200591.44 | AL20: 202935.75 | AM20: 206878.99 | AN20: 210766.87 | AO20: 213330.04 | AP20: 213768.01 | AQ20: 218174.79 | AR20: 221183.39 | AS20: 222367.78 | AT20: 227713 | AU20: 231525 | AV20: 233065 | AW20: 237853 | AX20: 239956 | AY20: 242652 | AZ20: 245134 | BA20: 247706 | BB20: 248608 | BC20: 250563 | BD20: 250975 | BE20: 247306 | BF20: 242825 | BG20: 240889 | BH20: 242003 | BI20: 245831 | BJ20: 248706 | BK20: 251331 | BL20: 255075 | BM20: 257480 | BN20: 261480 | BO20: 264653 | BP20: 267478 | BQ20: 271053 | BR20: 271431 | BS20: 272982 | BT20: 273534 | BU20: 273085 | BV20: 273981 | BW20: 277099 | BX20: 275286 | BY20: 278722 | BZ20: 278959 | CA20: 277787 | CB20: 278644 | CC20: 282102
A21: SA - GDP at constant 2010 prices | B21: =B19+B20 -> 1744258.7 | C21: =C19+C20 -> 1746870.2 | D21: =D19+D20 -> 1755993.9 | E21: =E19+E20 -> 1760465.5 | F21: =F19+F20 -> 1786042 | G21: =G19+G20 -> 1806865.9 | H21: =H19+H20 -> 1828394 | I21: =I19+I20 -> 1847687.4 | ... CC21: =CC19+CC20 -> 3040250.5
A23: KZN – GDPR by activity
A24: Seasonally adjusted and annualised quarterly - Rand million
A25: Provincial Industry | B25: =B5 -> 1995q1 | C25: =C5 -> 1995q2 | D25: =D5 -> 1995q3 | E25: =E5 -> 1995q4 | F25: =F5 -> 1996q1 | G25: =G5 -> 1996q2 | H25: =H5 -> 1996q3 | I25: =I5 -> 1996q4 | ... CC25: =CC5 -> 2014q4
A26: Primary Industries | B26: =SUM(B27:B28) -> 22423.074 | C26: =SUM(C27:C28) -> 20184.331 | D26: =SUM(D27:D28) -> 19055.026 | E26: =SUM(E27:E28) -> 19007.655 | F26: =SUM(F27:F28) -> 20363.968 | G26: =SUM(G27:G28) -> 22101.334 | H26: =SUM(H27:H28) -> 22908.225 | I26: =SUM(I27:I28) -> 23094.411 | ... CC26: =SUM(CC27:CC28) -> 30203.192
A27: Agriculture, forestry and fishing | B27: =B7/Quarterly!B7*Quarterly!B27 -> 13748.771 | C27: =C7/Quarterly!C7*Quarterly!C27 -> 11625.177 | D27: =D7/Quarterly!D7*Quarterly!D27 -> 10513.97 | E27: =E7/Quarterly!E7*Quarterly!E27 -> 10520.21 | F27: =F7/Quarterly!F7*Quarterly!F27 -> 11563.21 | G27: =G7/Quarterly!G7*Quarterly!G27 -> 13418.065 | H27: =H7/Quarterly!H7*Quarterly!H27 -> 14212.396 | I27: =I7/Quarterly!I7*Quarterly!I27 -> 14376.416 | ... CC27: =CC7/Quarterly!CC7*Quarterly!CC27 -> 21665.742
A28: Mining and quarrying | B28: =B8/Quarterly!B8*Quarterly!B28 -> 8674.3029 | C28: =C8/Quarterly!C8*Quarterly!C28 -> 8559.1546 | D28: =D8/Quarterly!D8*Quarterly!D28 -> 8541.0552 | E28: =E8/Quarterly!E8*Quarterly!E28 -> 8487.4452 | F28: =F8/Quarterly!F8*Quarterly!F28 -> 8800.7585 | G28: =G8/Quarterly!G8*Quarterly!G28 -> 8683.2696 | H28: =H8/Quarterly!H8*Quarterly!H28 -> 8695.8287 | I28: =I8/Quarterly!I8*Quarterly!I28 -> 8717.9942 | ... CC28: =CC8/Quarterly!CC8*Quarterly!CC28 -> 8537.4504
A29: Secondary Industries | B29: =SUM(B30:B32) -> 68677.954 | C29: =SUM(C30:C32) -> 69338.434 | D29: =SUM(D30:D32) -> 69783.17 | E29: =SUM(E30:E32) -> 69343.481 | F29: =SUM(F30:F32) -> 69899.858 | G29: =SUM(G30:G32) -> 70219.16 | H29: =SUM(H30:H32) -> 71105.549 | I29: =SUM(I30:I32) -> 71957.202 | ... CC29: =SUM(CC30:CC32) -> 111319.56
A30: Manufacturing | B30: =B10/Quarterly!B10*Quarterly!B30 -> 50941.973 | C30: =C10/Quarterly!C10*Quarterly!C30 -> 51589.587 | D30: =D10/Quarterly!D10*Quarterly!D30 -> 52013.414 | E30: =E10/Quarterly!E10*Quarterly!E30 -> 51637.422 | F30: =F10/Quarterly!F10*Quarterly!F30 -> 52283.715 | G30: =G10/Quarterly!G10*Quarterly!G30 -> 52161.789 | H30: =H10/Quarterly!H10*Quarterly!H30 -> 52478.834 | I30: =I10/Quarterly!I10*Quarterly!I30 -> 52862.104 | ... CC30: =CC10/Quarterly!CC10*Quarterly!CC30 -> 80512.521
A31: Electricity, gas and water | B31: =B11/Quarterly!B11*Quarterly!B31 -> 8067.1105 | C31: =C11/Quarterly!C11*Quarterly!C31 -> 8070.3231 | D31: =D11/Quarterly!D11*Quarterly!D31 -> 8020.9799 | E31: =E11/Quarterly!E11*Quarterly!E31 -> 7917.8396 | F31: =F11/Quarterly!F11*Quarterly!F31 -> 8171.3522 | G31: =G11/Quarterly!G11*Quarterly!G31 -> 8514.0407 | H31: =H11/Quarterly!H11*Quarterly!H31 -> 9026.9773 | I31: =I11/Quarterly!I11*Quarterly!I31 -> 9471.4523 | ... CC31: =CC11/Quarterly!CC11*Quarterly!CC31 -> 10616.462
A32: Construction | B32: =B12/Quarterly!B12*Quarterly!B32 -> 9668.8713 | C32: =C12/Quarterly!C12*Quarterly!C32 -> 9678.5239 | D32: =D12/Quarterly!D12*Quarterly!D32 -> 9748.7766 | E32: =E12/Quarterly!E12*Quarterly!E32 -> 9788.2189 | F32: =F12/Quarterly!F12*Quarterly!F32 -> 9444.7905 | G32: =G12/Quarterly!G12*Quarterly!G32 -> 9543.33 | H32: =H12/Quarterly!H12*Quarterly!H32 -> 9599.7377 | I32: =I12/Quarterly!I12*Quarterly!I32 -> 9623.6455 | ... CC32: =CC12/Quarterly!CC12*Quarterly!CC32 -> 20190.576
A33: Tertiary industries | B33: =SUM(B34:B38) -> 147575.81 | C33: =SUM(C34:C38) -> 149287.04 | D33: =SUM(D34:D38) -> 150970.42 | E33: =SUM(E34:E38) -> 152264.11 | F33: =SUM(F34:F38) -> 153902.48 | G33: =SUM(G34:G38) -> 155355.72 | H33: =SUM(H34:H38) -> 157059.86 | I33: =SUM(I34:I38) -> 158691.01 | ... CC33: =SUM(CC34:CC38) -> 298447.94
A34: Wholesale & retail trade; hotels & restaurants | B34: =B14/Quarterly!B14*Quarterly!B34 -> 31891.829 | C34: =C14/Quarterly!C14*Quarterly!C34 -> 32506.35 | D34: =D14/Quarterly!D14*Quarterly!D34 -> 33186.439 | E34: =E14/Quarterly!E14*Quarterly!E34 -> 33696.754 | F34: =F14/Quarterly!F14*Quarterly!F34 -> 33171.853 | G34: =G14/Quarterly!G14*Quarterly!G34 -> 33379.315 | H34: =H14/Quarterly!H14*Quarterly!H34 -> 33657.568 | I34: =I14/Quarterly!I14*Quarterly!I34 -> 34022.59 | ... CC34: =CC14/Quarterly!CC14*Quarterly!CC34 -> 67882.363
A35: Transport , storage and communication | B35: =B15/Quarterly!B15*Quarterly!B35 -> 22198.816 | C35: =C15/Quarterly!C15*Quarterly!C35 -> 22799.009 | D35: =D15/Quarterly!D15*Quarterly!D35 -> 23369.404 | E35: =E15/Quarterly!E15*Quarterly!E35 -> 23866.4 | F35: =F15/Quarterly!F15*Quarterly!F35 -> 23647.118 | G35: =G15/Quarterly!G15*Quarterly!G35 -> 23962.532 | H35: =H15/Quarterly!H15*Quarterly!H35 -> 24342.583 | I35: =I15/Quarterly!I15*Quarterly!I35 -> 24493.58 | ... CC35: =CC15/Quarterly!CC15*Quarterly!CC35 -> 53893.405
A36: Finance, real estate and business services | B36: =B16/Quarterly!B16*Quarterly!B36 -> 32818.954 | C36: =C16/Quarterly!C16*Quarterly!C36 -> 33020.585 | D36: =D16/Quarterly!D16*Quarterly!D36 -> 33291.734 | E36: =E16/Quarterly!E16*Quarterly!E36 -> 33475.731 | F36: =F16/Quarterly!F16*Quarterly!F36 -> 34224.336 | G36: =G16/Quarterly!G16*Quarterly!G36 -> 35034.583 | H36: =H16/Quarterly!H16*Quarterly!H36 -> 35870.804 | I36: =I16/Quarterly!I16*Quarterly!I36 -> 36697.955 | ... CC36: =CC16/Quarterly!CC16*Quarterly!CC36 -> 80146.586
A37: Personal services | B37: =B17/Quarterly!B17*Quarterly!B37 -> 15181.238 | C37: =C17/Quarterly!C17*Quarterly!C37 -> 15434.999 | D37: =D17/Quarterly!D17*Quarterly!D37 -> 15564.06 | E37: =E17/Quarterly!E17*Quarterly!E37 -> 15634.33 | F37: =F17/Quarterly!F17*Quarterly!F37 -> 16072.047 | G37: =G17/Quarterly!G17*Quarterly!G37 -> 15823.318 | H37: =H17/Quarterly!H17*Quarterly!H37 -> 15739.241 | I37: =I17/Quarterly!I17*Quarterly!I37 -> 15816.688 | ... CC37: =CC17/Quarterly!CC17*Quarterly!CC37 -> 26833.78
A38: General government services | B38: =B18/Quarterly!B18*Quarterly!B38 -> 45484.974 | C38: =C18/Quarterly!C18*Quarterly!C38 -> 45526.102 | D38: =D18/Quarterly!D18*Quarterly!D38 -> 45558.778 | E38: =E18/Quarterly!E18*Quarterly!E38 -> 45590.892 | F38: =F18/Quarterly!F18*Quarterly!F38 -> 46787.125 | G38: =G18/Quarterly!G18*Quarterly!G38 -> 47155.97 | H38: =H18/Quarterly!H18*Quarterly!H38 -> 47449.669 | I38: =I18/Quarterly!I18*Quarterly!I38 -> 47660.192 | ... CC38: =CC18/Quarterly!CC18*Quarterly!CC38 -> 69691.802
A39: All industries at basic prices | B39: =B33+B29+B26 -> 238676.84 | C39: =C33+C29+C26 -> 238809.81 | D39: =D33+D29+D26 -> 239808.61 | E39: =E33+E29+E26 -> 240615.24 | F39: =F33+F29+F26 -> 244166.3 | G39: =G33+G29+G26 -> 247676.21 | H39: =H33+H29+H26 -> 251073.64 | I39: =I33+I29+I26 -> 253742.62 | ... CC39: =CC33+CC29+CC26 -> 439970.69
A40: Taxes less subsidies on products | B40: =B20/Quarterly!B20*Quarterly!B40 -> 26020.967 | C40: =C20/Quarterly!C20*Quarterly!C40 -> 26024.255 | D40: =D20/Quarterly!D20*Quarterly!D40 -> 26252.246 | E40: =E20/Quarterly!E20*Quarterly!E40 -> 26358.441 | F40: =F20/Quarterly!F20*Quarterly!F40 -> 26707.131 | G40: =G20/Quarterly!G20*Quarterly!G40 -> 27503.118 | H40: =H20/Quarterly!H20*Quarterly!H40 -> 27801.842 | I40: =I20/Quarterly!I20*Quarterly!I40 -> 28141.296 | ... CC40: =CC20/Quarterly!CC20*Quarterly!CC40 -> 43684.086
A41: KZN - GDPR at constant 2010 prices | B41: =B39+B40 -> 264697.81 | C41: =C39+C40 -> 264834.06 | D41: =D39+D40 -> 266060.86 | E41: =E39+E40 -> 266973.68 | F41: =F39+F40 -> 270873.43 | G41: =G39+G40 -> 275179.33 | H41: =H39+H40 -> 278875.48 | I41: =I39+I40 -> 281883.91 | ... CC41: =CC39+CC40 -> 483654.77
BD42: =BD41-BD27 -> 409311.8 | BE42: =BE41-BE27 -> 405594.63 | BF42: =BF41-BF27 -> 401711.35 | BG42: =BG41-BG27 -> 399458.81 | BH42: =BH41-BH27 -> 401553.13 | BI42: =(BH42-BD42)/BD42*100 -> -1.8955411 | BJ42: =(BH42-BD42)/BD42*100 -> -1.8955411 | BK42: =(BI42-BE42)/BE42*100 -> -100.00047 | BL42: =(BJ42-BF42)/BF42*100 -> -100.00047 | BM42: =(BK42-BG42)/BG42*100 -> -100.02503 | BN42: =(BK42-BG42)/BG42*100 -> -100.02503 | BO42: =(BL42-BH42)/BH42*100 -> -100.0249 | BP42: =(BM42-BI42)/BI42*100 -> 5176.859 | BQ42: =(BM42-BI42)/BI42*100 -> 5176.859 | BR42: =(BM42-BI42)/BI42*100 -> 5176.859 | BS42: =(BN42-BJ42)/BJ42*100 -> 5176.859 | BT42: =(BN42-BJ42)/BJ42*100 -> 5176.859 | BV42: =(BN42-BJ42)/BJ42*100 -> 5176.859 | BX42: =(BO42-BK42)/BK42*100 -> 0.02443596 | BY42: =(BP42-BL42)/BL42*100 -> -5276.8346 | BZ42: =(BQ42-BM42)/BM42*100 -> -5275.5634 | CA42: =(BR42-BN42)/BN42*100 -> -5275.5634 | CB42: =(BS42-BO42)/BO42*100 -> -5275.5702 | CC42: =(BT42-BP42)/BP42*100 -> 0
A43: SA – GDP by activity
A44: Quarterly Change
A45: National Industry | B45: 1995q1 | C45: 1995q2 | D45: 1995q3 | E45: 1995q4 | F45: 1996q1 | G45: 1996q2 | H45: 1996q3 | I45: 1996q4 | J45: 1997q1 | K45: 1997q2 | L45: 1997q3 | M45: 1997q4 | N45: 1998q1 | O45: 1998q2 | P45: 1998q3 | Q45: 1998q4 | R45: 1999q1 | S45: 1999q2 | T45: 1999q3 | U45: 1999q4 | V45: 2000q1 | W45: 2000q2 | X45: 2000q3 | Y45: 2000q4 | Z45: 2001q1 | AA45: 2001q2 | AB45: 2001q3 | AC45: 2001q4 | AD45: 2002q1 | AE45: 2002q2 | AF45: 2002q3 | AG45: 2002q4 | AH45: 2003q1 | AI45: 2003q2 | AJ45: 2003q3 | AK45: 2003q4 | AL45: 2004q1 | AM45: 2004q2 | AN45: 2004q3 | AO45: 2004q4 | AP45: 2005q1 | AQ45: 2005q2 | AR45: 2005q3 | AS45: 2005q4 | AT45: 2006q1 | AU45: 2006q2 | AV45: 2006q3 | AW45: 2006q4 | AX45: 2007q1 | AY45: 2007q2 | AZ45: 2007q3 | BA45: 2007q4 | BB45: 2008q1 | BC45: 2008q2 | BD45: 2008q3 | BE45: 2008q4 | BF45: 2009q1 | BG45: 2009q2 | BH45: 2009q3 | BI45: 2009q4 | BJ45: =BJ25 -> 2010q1 | BK45: =BK25 -> 2010q2 | BL45: =BL25 -> 2010q3 | BM45: =BM25 -> 2010q4 | BN45: =BN25 -> 2011q1 | BO45: =BO25 -> 2011q2 | BP45: =BP25 -> 2011q3 | BQ45: =BQ25 -> 2011q4 | ... CC45: =CC25 -> 2014q4
A46: Primary Industries | C46: =(C6-B6)/B6*100 -> -3.7114173 | D46: =(D6-C6)/C6*100 -> -1.5974438 | E46: =(E6-D6)/D6*100 -> -0.53404574 | F46: =(F6-E6)/E6*100 -> 3.3298501 | G46: =(G6-F6)/F6*100 -> 1.3870443 | H46: =(H6-G6)/G6*100 -> 1.1801156 | I46: =(I6-H6)/H6*100 -> 0.42366833 | J46: =(J6-I6)/I6*100 -> -0.78384228 | ... CC46: =(CC6-CB6)/CB6*100 -> 3.1633145
A47: Agriculture, forestry and fishing | C47: =(C7-B7)/B7*100 -> -15.445705 | D47: =(D7-C7)/C7*100 -> -9.5586179 | E47: =(E7-D7)/D7*100 -> 0.059342717 | F47: =(F7-E7)/E7*100 -> 18.072115 | G47: =(G7-F7)/F7*100 -> 16.041006 | H47: =(H7-G7)/G7*100 -> 5.9198654 | I47: =(I7-H7)/H7*100 -> 1.1540631 | J47: =(J7-I7)/I7*100 -> -5.9087071 | ... CC47: =(CC7-CB7)/CB7*100 -> 1.8301225
A48: Mining and quarrying | C48: =(C8-B8)/B8*100 -> -1.3274651 | D48: =(D8-C8)/C8*100 -> -0.21146267 | E48: =(E8-D8)/D8*100 -> -0.62767376 | F48: =(F8-E8)/E8*100 -> 0.98765457 | G48: =(G8-F8)/F8*100 -> -1.3349867 | H48: =(H8-G8)/G8*100 -> 0.14463561 | I48: =(I8-H8)/H8*100 -> 0.25489894 | J48: =(J8-I8)/I8*100 -> 0.41096036 | ... CC48: =(CC8-CB8)/CB8*100 -> 3.5905275
A49: Secondary Industries | C49: =(C9-B9)/B9*100 -> 0.94395903 | D49: =(D9-C9)/C9*100 -> 0.59523169 | E49: =(E9-D9)/D9*100 -> -0.6715632 | F49: =(F9-E9)/E9*100 -> 1.3086948 | G49: =(G9-F9)/F9*100 -> 0.59002258 | H49: =(H9-G9)/G9*100 -> 1.4559434 | I49: =(I9-H9)/H9*100 -> 1.3608772 | J49: =(J9-I9)/I9*100 -> 0.21898303 | ... CC49: =(CC9-CB9)/CB9*100 -> 1.7505087
A50: Manufacturing | C50: =(C10-B10)/B10*100 -> 1.2712781 | D50: =(D10-C10)/C10*100 -> 0.82153564 | E50: =(E10-D10)/D10*100 -> -0.72287405 | F50: =(F10-E10)/E10*100 -> 0.90530946 | G50: =(G10-F10)/F10*100 -> -0.23320111 | H50: =(H10-G10)/G10*100 -> 0.60781036 | I50: =(I10-H10)/H10*100 -> 0.73033319 | J50: =(J10-I10)/I10*100 -> 0.6264419 | ... CC50: =(CC10-CB10)/CB10*100 -> 2.2932021
A51: Electricity, gas and water | C51: =(C11-B11)/B11*100 -> 0.039822994 | D51: =(D11-C11)/C11*100 -> -0.61141513 | E51: =(E11-D11)/D11*100 -> -1.2858818 | F51: =(F11-E11)/E11*100 -> 4.2479804 | G51: =(G11-F11)/F11*100 -> 4.1937798 | H51: =(H11-G11)/G11*100 -> 6.0245968 | I51: =(I11-H11)/H11*100 -> 4.9238523 | J51: =(J11-I11)/I11*100 -> -2.1205021 | ... CC51: =(CC11-CB11)/CB11*100 -> 0.08095435
A52: Construction | C52: =(C12-B12)/B12*100 -> 0.099831635 | D52: =(D12-C12)/C12*100 -> 0.72586095 | E52: =(E12-D12)/D12*100 -> 0.40458762 | F52: =(F12-E12)/E12*100 -> 0.17009034 | G52: =(G12-F12)/F12*100 -> 1.043321 | H52: =(H12-G12)/G12*100 -> 0.59106912 | I52: =(I12-H12)/H12*100 -> 0.24904707 | J52: =(J12-I12)/I12*100 -> 1.1272162 | ... CC52: =(CC12-CB12)/CB12*100 -> 0.87300821
A53: Tertiary industries | C53: =(C13-B13)/B13*100 -> 1.0546705 | D53: =(D13-C13)/C13*100 -> 1.0426903 | E53: =(E13-D13)/D13*100 -> 0.78036323 | F53: =(F13-E13)/E13*100 -> 1.0704529 | G53: =(G13-F13)/F13*100 -> 0.98439395 | H53: =(H13-G13)/G13*100 -> 1.1206292 | I53: =(I13-H13)/H13*100 -> 1.0965373 | J53: =(J13-I13)/I13*100 -> 0.51095 | ... CC53: =(CC13-CB13)/CB13*100 -> 0.43926848
A54: Wholesale & retail trade; hotels & restaurants | C54: =(C14-B14)/B14*100 -> 1.9268927 | D54: =(D14-C14)/C14*100 -> 2.0921715 | E54: =(E14-D14)/D14*100 -> 1.5377237 | F54: =(F14-E14)/E14*100 -> -0.15883169 | G54: =(G14-F14)/F14*100 -> 0.62541606 | H54: =(H14-G14)/G14*100 -> 0.8336085 | I54: =(I14-H14)/H14*100 -> 1.0845182 | J54: =(J14-I14)/I14*100 -> 0.28543735 | ... CC54: =(CC14-CB14)/CB14*100 -> -0.077163146
A55: Transport , storage and communication | C55: =(C15-B15)/B15*100 -> 2.7037174 | D55: =(D15-C15)/C15*100 -> 2.5018397 | E55: =(E15-D15)/D15*100 -> 2.1266966 | F55: =(F15-E15)/E15*100 -> 0.53391194 | G55: =(G15-F15)/F15*100 -> 1.3338392 | H55: =(H15-G15)/G15*100 -> 1.58602 | I55: =(I15-H15)/H15*100 -> 0.62030213 | J55: =(J15-I15)/I15*100 -> 2.5134538 | ... CC55: =(CC15-CB15)/CB15*100 -> 0.70617501
A56: Finance, real estate and business services | C56: =(C16-B16)/B16*100 -> 0.61437202 | D56: =(D16-C16)/C16*100 -> 0.82115288 | E56: =(E16-D16)/D16*100 -> 0.55267931 | F56: =(F16-E16)/E16*100 -> 2.0756553 | G56: =(G16-F16)/F16*100 -> 2.3674602 | H56: =(H16-G16)/G16*100 -> 2.3868434 | I56: =(I16-H16)/H16*100 -> 2.3059183 | J56: =(J16-I16)/I16*100 -> 0.49916274 | ... CC56: =(CC16-CB16)/CB16*100 -> 0.86903342
A57: Personal services | C57: =(C17-B17)/B17*100 -> 1.6715443 | D57: =(D17-C17)/C17*100 -> 0.83615763 | E57: =(E17-D17)/D17*100 -> 0.4514839 | F57: =(F17-E17)/E17*100 -> 2.81026 | G57: =(G17-F17)/F17*100 -> -1.547583 | H57: =(H17-G17)/G17*100 -> -0.53135241 | I57: =(I17-H17)/H17*100 -> 0.49206452 | J57: =(J17-I17)/I17*100 -> -0.17096248 | ... CC57: =(CC17-CB17)/CB17*100 -> 0.204444
... A60: Taxes less subsidies on products | C60: =(C20-B20)/B20*100 -> 0.0126349 | D60: =(D20-C20)/C20*100 -> 0.8760721 | E60: =(E20-D20)/D20*100 -> 0.40451869 | F60: =(F20-E20)/E20*100 -> 0.97016848 | G60: =(G20-F20)/F20*100 -> 2.98043 | H60: =(H20-G20)/G20*100 -> 1.0861441 | I60: =(I20-H20)/H20*100 -> 1.2209757 | J60: =(J20-I20)/I20*100 -> 0.34278233 | ... CC60: =(CC20-CB20)/CB20*100 -> 1.24101
A61: SA - GDP at constant 2010 prices | C61: =(C21-B21)/B21*100 -> 0.14972076 | D61: =(D21-C21)/C21*100 -> 0.52228888 | E61: =(E21-D21)/D21*100 -> 0.25464561 | F61: =(F21-E21)/E21*100 -> 1.452828 | G61: =(G21-F21)/F21*100 -> 1.1659242 | H61: =(H21-G21)/G21*100 -> 1.1914605 | I61: =(I21-H21)/H21*100 -> 1.0552089 | J61: =(J21-I21)/I21*100 -> 0.23630194 | ... CC61: =(CC21-CB21)/CB21*100 -> 1.0216634 | CD61: =CC61*4 -> 4.0866536
A63: KZN – GDPR by activity
A64: Quarterly Change
A65: Provincial Industry | B65: 1995q1 | C65: 1995q2 | D65: 1995q3 | E65: 1995q4 | F65: 1996q1 | G65: 1996q2 | H65: 1996q3 | I65: 1996q4 | J65: 1997q1 | K65: 1997q2 | L65: 1997q3 | M65: 1997q4 | N65: 1998q1 | O65: 1998q2 | P65: 1998q3 | Q65: 1998q4 | R65: 1999q1 | S65: 1999q2 | T65: 1999q3 | U65: 1999q4 | V65: 2000q1 | W65: 2000q2 | X65: 2000q3 | Y65: 2000q4 | Z65: 2001q1 | AA65: 2001q2 | AB65: 2001q3 | AC65: 2001q4 | AD65: 2002q1 | AE65: 2002q2 | AF65: 2002q3 | AG65: 2002q4 | AH65: 2003q1 | AI65: 2003q2 | AJ65: 2003q3 | AK65: 2003q4 | AL65: 2004q1 | AM65: 2004q2 | AN65: 2004q3 | AO65: 2004q4 | AP65: 2005q1 | AQ65: 2005q2 | AR65: 2005q3 | AS65: 2005q4 | AT65: 2006q1 | AU65: 2006q2 | AV65: 2006q3 | AW65: 2006q4 | AX65: 2007q1 | AY65: 2007q2 | AZ65: 2007q3 | BA65: 2007q4 | BB65: 2008q1 | BC65: 2008q2 | BD65: 2008q3 | BE65: 2008q4 | BF65: 2009q1 | BG65: 2009q2 | BH65: 2009q3 | BI65: 2009q4 | BJ65: =BJ45 -> 2010q1 | BK65: =BK45 -> 2010q2 | BL65: =BL45 -> 2010q3 | BM65: =BM45 -> 2010q4 | BN65: =BN45 -> 2011q1 | BO65: =BO45 -> 2011q2 | BP65: =BP45 -> 2011q3 | BQ65: =BQ45 -> 2011q4 | ... CC65: =CC45 -> 2014q4
A66: Primary Industries | C66: =(C26-B26)/B26*100 -> -9.9841035 | D66: =(D26-C26)/C26*100 -> -5.5949618 | E66: =(E26-D26)/D26*100 -> -0.24859944 | F66: =(F26-E26)/E26*100 -> 7.1356162 | G66: =(G26-F26)/F26*100 -> 8.5315702 | H66: =(H26-G26)/G26*100 -> 3.6508677 | I66: =(I26-H26)/H26*100 -> 0.81274563 | J66: =(J26-I26)/I26*100 -> -4.5259088 | ... CC66: =(CC26-CB26)/CB26*100 -> 2.3216359
A67: Agriculture, forestry and fishing | C67: =(C27-B27)/B27*100 -> -15.445705 | D67: =(D27-C27)/C27*100 -> -9.5586179 | E67: =(E27-D27)/D27*100 -> 0.059342717 | F67: =(F27-E27)/E27*100 -> 9.914251 | G67: =(G27-F27)/F27*100 -> 16.041006 | H67: =(H27-G27)/G27*100 -> 5.9198654 | I67: =(I27-H27)/H27*100 -> 1.1540631 | J67: =(J27-I27)/I27*100 -> -7.1632534 | ... CC67: =(CC27-CB27)/CB27*100 -> 1.8301225
A68: Mining and quarrying | C68: =(C28-B28)/B28*100 -> -1.3274651 | D68: =(D28-C28)/C28*100 -> -0.21146267 | E68: =(E28-D28)/D28*100 -> -0.62767376 | F68: =(F28-E28)/E28*100 -> 3.6914914 | G68: =(G28-F28)/F28*100 -> -1.3349867 | H68: =(H28-G28)/G28*100 -> 0.14463561 | I68: =(I28-H28)/H28*100 -> 0.25489894 | J68: =(J28-I28)/I28*100 -> -0.17679329 | ... CC68: =(CC28-CB28)/CB28*100 -> 3.5905275
A69: Secondary Industries | C69: =(C29-B29)/B29*100 -> 0.96170499 | D69: =(D29-C29)/C29*100 -> 0.64139939 | E69: =(E29-D29)/D29*100 -> -0.63007951 | F69: =(F29-E29)/E29*100 -> 0.80234981 | G69: =(G29-F29)/F29*100 -> 0.45679891 | H69: =(H29-G29)/G29*100 -> 1.2623179 | I69: =(I29-H29)/H29*100 -> 1.1977311 | J69: =(J29-I29)/I29*100 -> 0.53766522 | ... CC69: =(CC29-CB29)/CB29*100 -> 1.8185566
A70: Manufacturing | C70: =(C30-B30)/B30*100 -> 1.2712781 | D70: =(D30-C30)/C30*100 -> 0.82153564 | E70: =(E30-D30)/D30*100 -> -0.72287405 | F70: =(F30-E30)/E30*100 -> 1.2515983 | G70: =(G30-F30)/F30*100 -> -0.23320111 | H70: =(H30-G30)/G30*100 -> 0.60781036 | I70: =(I30-H30)/H30*100 -> 0.73033319 | J70: =(J30-I30)/I30*100 -> 0.57841273 | ... CC70: =(CC30-CB30)/CB30*100 -> 2.2932021
A71: Electricity, gas and water | C71: =(C31-B31)/B31*100 -> 0.039822994 | D71: =(D31-C31)/C31*100 -> -0.61141513 | E71: =(E31-D31)/D31*100 -> -1.2858818 | F71: =(F31-E31)/E31*100 -> 3.2017897 | G71: =(G31-F31)/F31*100 -> 4.1937798 | H71: =(H31-G31)/G31*100 -> 6.0245968 | I71: =(I31-H31)/H31*100 -> 4.9238523 | J71: =(J31-I31)/I31*100 -> -2.5500925 | ... CC71: =(CC31-CB31)/CB31*100 -> 0.08095435
A72: Construction | C72: =(C32-B32)/B32*100 -> 0.099831635 | D72: =(D32-C32)/C32*100 -> 0.72586095 | E72: =(E32-D32)/D32*100 -> 0.40458762 | F72: =(F32-E32)/E32*100 -> -3.5085891 | G72: =(G32-F32)/F32*100 -> 1.043321 | H72: =(H32-G32)/G32*100 -> 0.59106912 | I72: =(I32-H32)/H32*100 -> 0.24904707 | J72: =(J32-I32)/I32*100 -> 3.3527679 | ... CC72: =(CC32-CB32)/CB32*100 -> 0.87300821
A73: Tertiary industries | C73: =(C33-B33)/B33*100 -> 1.1595626 | D73: =(D33-C33)/C33*100 -> 1.1276065 | E73: =(E33-D33)/D33*100 -> 0.85691704 | F73: =(F33-E33)/E33*100 -> 1.0760063 | G73: =(G33-F33)/F33*100 -> 0.944261 | H73: =(H33-G33)/G33*100 -> 1.0969315 | I73: =(I33-H33)/H33*100 -> 1.0385476 | J73: =(J33-I33)/I33*100 -> -0.73710836 | ... CC73: =(CC33-CB33)/CB33*100 -> 0.42741096
A74: Wholesale & retail trade; hotels & restaurants | C74: =(C34-B34)/B34*100 -> 1.9268927 | D74: =(D34-C34)/C34*100 -> 2.0921715 | E74: =(E34-D34)/D34*100 -> 1.5377237 | F74: =(F34-E34)/E34*100 -> -1.5577221 | G74: =(G34-F34)/F34*100 -> 0.62541606 | H74: =(H34-G34)/G34*100 -> 0.8336085 | I74: =(I34-H34)/H34*100 -> 1.0845182 | J74: =(J34-I34)/I34*100 -> 0.43948366 | ... CC74: =(CC34-CB34)/CB34*100 -> -0.077163146
A75: Transport , storage and communication | C75: =(C35-B35)/B35*100 -> 2.7037174 | D75: =(D35-C35)/C35*100 -> 2.5018397 | E75: =(E35-D35)/D35*100 -> 2.1266966 | F75: =(F35-E35)/E35*100 -> -0.91879025 | G75: =(G35-F35)/F35*100 -> 1.3338392 | H75: =(H35-G35)/G35*100 -> 1.58602 | I75: =(I35-H35)/H35*100 -> 0.62030213 | J75: =(J35-I35)/I35*100 -> 0.65320016 | ... CC75: =(CC35-CB35)/CB35*100 -> 0.70617501
A76: Finance, real estate and business services | C76: =(C36-B36)/B36*100 -> 0.61437202 | D76: =(D36-C36)/C36*100 -> 0.82115288 | E76: =(E36-D36)/D36*100 -> 0.55267931 | F76: =(F36-E36)/E36*100 -> 2.2362619 | G76: =(G36-F36)/F36*100 -> 2.3674602 | H76: =(H36-G36)/G36*100 -> 2.3868434 | I76: =(I36-H36)/H36*100 -> 2.3059183 | J76: =(J36-I36)/I36*100 -> -0.031649369 | ... CC76: =(CC36-CB36)/CB36*100 -> 0.86903342
A77: Personal services | C77: =(C37-B37)/B37*100 -> 1.6715443 | D77: =(D37-C37)/C37*100 -> 0.83615763 | E77: =(E37-D37)/D37*100 -> 0.4514839 | F77: =(F37-E37)/E37*100 -> 2.7997184 | G77: =(G37-F37)/F37*100 -> -1.547583 | H77: =(H37-G37)/G37*100 -> -0.53135241 | I77: =(I37-H37)/H37*100 -> 0.49206452 | J77: =(J37-I37)/I37*100 -> -0.2064211 | ... CC77: =(CC37-CB37)/CB37*100 -> 0.204444
... A80: Taxes less subsidies on products | C80: =(C40-B40)/B40*100 -> 0.0126349 | D80: =(D40-C40)/C40*100 -> 0.8760721 | E80: =(E40-D40)/D40*100 -> 0.40451869 | F80: =(F40-E40)/E40*100 -> 1.3228767 | G80: =(G40-F40)/F40*100 -> 2.98043 | H80: =(H40-G40)/G40*100 -> 1.0861441 | I80: =(I40-H40)/H40*100 -> 1.2209757 | J80: =(J40-I40)/I40*100 -> 0.1847622 | ... CC80: =(CC40-CB40)/CB40*100 -> 1.24101
A81: KZN - GDPR at constant 2010 prices | C81: =(C41-B41)/B41*100 -> 0.051476799 | D81: =(D41-C41)/C41*100 -> 0.46323058 | E81: =(E41-D41)/D41*100 -> 0.34308929 | F81: =(F41-E41)/E41*100 -> 1.4607251 | G81: =(G41-F41)/F41*100 -> 1.5896341 | H81: =(H41-G41)/G41*100 -> 1.3431782 | I81: =(I41-H41)/H41*100 -> 1.0787733 | J81: =(J41-I41)/I41*100 -> -0.6300726 | ... U81: =(U41-T41)/T41*100 -> 1.1914001 | V81: =V79 -> 1.0957313 | W81: =(W41-V41)/V41*100 -> 1.0176087 | X81: =(X41-W41)/W41*100 -> 1.084906 | Y81: =(Y41-X41)/X41*100 -> 0.82654853 | Z81: =(Z41-Y41)/Y41*100 -> 2.2885369 | AA81: =(AA41-Z41)/Z41*100 -> 0.39048837 | AB81: =(AB41-AA41)/AA41*100 -> 0.20590355 | AC81: =(AC41-AB41)/AB41*100 -> 0.77078843 | AD81: =(AD41-AC41)/AC41*100 -> -0.15347365 | ... CC81: =(CC41-CB41)/CB41*100 -> 0.9347719 | CD81: =CC81*4 -> 3.7390876
A83: SA – GDP by activity
A84: Annual Change
A85: National Industry | B85: 1995q1 | C85: 1995q2 | D85: 1995q3 | E85: 1995q4 | F85: 1996q1 | G85: 1996q2 | H85: 1996q3 | I85: 1996q4 | J85: 1997q1 | K85: 1997q2 | L85: 1997q3 | M85: 1997q4 | N85: 1998q1 | O85: 1998q2 | P85: 1998q3 | Q85: 1998q4 | R85: 1999q1 | S85: 1999q2 | T85: 1999q3 | U85: 1999q4 | V85: 2000q1 | W85: 2000q2 | X85: 2000q3 | Y85: 2000q4 | Z85: 2001q1 | AA85: 2001q2 | AB85: 2001q3 | AC85: 2001q4 | AD85: 2002q1 | AE85: 2002q2 | AF85: 2002q3 | AG85: 2002q4 | AH85: 2003q1 | AI85: 2003q2 | AJ85: 2003q3 | AK85: 2003q4 | AL85: 2004q1 | AM85: 2004q2 | AN85: 2004q3 | AO85: 2004q4 | AP85: 2005q1 | AQ85: 2005q2 | AR85: 2005q3 | AS85: 2005q4 | AT85: 2006q1 | AU85: 2006q2 | AV85: 2006q3 | AW85: 2006q4 | AX85: 2007q1 | AY85: 2007q2 | AZ85: 2007q3 | BA85: 2007q4 | BB85: 2008q1 | BC85: 2008q2 | BD85: 2008q3 | BE85: 2008q4 | BF85: 2009q1 | BG85: 2009q2 | BH85: 2009q3 | BI85: 2009q4 | BJ85: =BJ65 -> 2010q1 | BK85: =BK65 -> 2010q2 | BL85: =BL65 -> 2010q3 | BM85: =BM65 -> 2010q4 | BN85: =BN65 -> 2011q1 | BO85: =BO65 -> 2011q2 | BP85: =BP65 -> 2011q3 | BQ85: =BQ65 -> 2011q4 | ... CC85: =CC65 -> 2014q4
A86: Primary Industries | F86: =(F6-B6)/B6*100 -> -2.6173862 | G86: =(G6-C6)/C6*100 -> 2.5390041 | H86: =(H6-D6)/D6*100 -> 5.433321 | I86: =(I6-E6)/E6*100 -> 6.4484923 | J86: =(J6-F6)/F6*100 -> 2.2106428 | K86: =(K6-G6)/G6*100 -> 1.9020159 | L86: =(L6-H6)/H6*100 -> 1.305775 | M86: =(M6-I6)/I6*100 -> 0.83448693 | ... CC86: =(CC6-BY6)/BY6*100 -> -0.59801093
A87: Agriculture, forestry and fishing | F87: =(F7-B7)/B7*100 -> -9.6542238 | G87: =(G7-C7)/C7*100 -> 23.989145 | H87: =(H7-D7)/D7*100 -> 45.20912 | I87: =(I7-E7)/E7*100 -> 46.797811 | J87: =(J7-F7)/F7*100 -> 16.982709 | K87: =(K7-G7)/G7*100 -> 1.1348644 | L87: =(L7-H7)/H7*100 -> -4.7710868 | M87: =(M7-I7)/I7*100 -> -6.6484104 | ... CC87: =(CC7-BY7)/BY7*100 -> 6.8452636
A88: Mining and quarrying | F88: =(F8-B8)/B8*100 -> -1.1877736 | G88: =(G8-C8)/C8*100 -> -1.1953058 | H88: =(H8-D8)/D8*100 -> -0.84271843 | I88: =(I8-E8)/E8*100 -> 0.037944357 | J88: =(J8-F8)/F8*100 -> -0.53332649 | K88: =(K8-G8)/G8*100 -> 2.0696134 | L88: =(L8-H8)/H8*100 -> 2.7099311 | M88: =(M8-I8)/I8*100 -> 2.5790374 | ... CC88: =(CC8-BY8)/BY8*100 -> -2.7324544
A89: Secondary Industries | F89: =(F9-B9)/B9*100 -> 2.1828591 | G89: =(G9-C9)/C9*100 -> 1.8245787 | H89: =(H9-D9)/D9*100 -> 2.695809 | I89: =(I9-E9)/E9*100 -> 4.7971519 | J89: =(J9-F9)/F9*100 -> 3.6699171 | K89: =(K9-G9)/G9*100 -> 4.6361695 | L89: =(L9-H9)/H9*100 -> 2.7846839 | M89: =(M9-I9)/I9*100 -> 0.89980485 | ... CC89: =(CC9-BY9)/BY9*100 -> 0.050730447
A90: Manufacturing | F90: =(F10-B10)/B10*100 -> 2.2828484 | G90: =(G10-C10)/C10*100 -> 0.76334131 | H90: =(H10-D10)/D10*100 -> 0.54973939 | I90: =(I10-E10)/E10*100 -> 2.021575 | J90: =(J10-F10)/F10*100 -> 1.7396225 | K90: =(K10-G10)/G10*100 -> 3.8807098 | L90: =(L10-H10)/H10*100 -> 3.0912483 | M90: =(M10-I10)/I10*100 -> 2.0963846 | ... CC90: =(CC10-BY10)/BY10*100 -> -0.6397804
A91: Electricity, gas and water | F91: =(F11-B11)/B11*100 -> 2.319013 | G91: =(G11-C11)/C11*100 -> 6.5676086 | H91: =(H11-D11)/D11*100 -> 13.682952 | I91: =(I11-E11)/E11*100 -> 20.834319 | J91: =(J11-F11)/F11*100 -> 13.452582 | K91: =(K11-G11)/G11*100 -> 9.1722301 | L91: =(L11-H11)/H11*100 -> 0.88537542 | M91: =(M11-I11)/I11*100 -> -6.2074949 | ... CC91: =(CC11-BY11)/BY11*100 -> -0.26602594
A92: Construction | F92: =(F12-B12)/B12*100 -> 1.4065383 | G92: =(G12-C12)/C12*100 -> 2.362344 | H92: =(H12-D12)/D12*100 -> 2.2253622 | I92: =(I12-E12)/E12*100 -> 2.067001 | J92: =(J12-F12)/F12*100 -> 3.0422519 | K92: =(K12-G12)/G12*100 -> 3.2553772 | L92: =(L12-H12)/H12*100 -> 3.555548 | M92: =(M12-I12)/I12*100 -> 3.9089749 | ... CC92: =(CC12-BY12)/BY12*100 -> 2.892098
A93: Tertiary industries | F93: =(F13-B13)/B13*100 -> 4.0067253 | G93: =(G13-C13)/C13*100 -> 3.9343958 | H93: =(H13-D13)/D13*100 -> 4.0145652 | I93: =(I13-E13)/E13*100 -> 4.3408858 | J93: =(J13-F13)/F13*100 -> 3.7632785 | K93: =(K13-G13)/G13*100 -> 2.9728896 | L93: =(L13-H13)/H13*100 -> 2.025616 | M93: =(M13-I13)/I13*100 -> 0.86736247 | ... CC93: =(CC13-BY13)/BY13*100 -> 1.9485178
A94: Wholesale & retail trade; hotels & restaurants | F94: =(F14-B14)/B14*100 -> 5.4917031 | G94: =(G14-C14)/C14*100 -> 4.1447083 | H94: =(H14-D14)/D14*100 -> 2.8608422 | I94: =(I14-E14)/E14*100 -> 2.4017311 | J94: =(J14-F14)/F14*100 -> 2.857394 | K94: =(K14-G14)/G14*100 -> 1.5509242 | L94: =(L14-H14)/H14*100 -> 0.10814509 | M94: =(M14-I14)/I14*100 -> -2.8363982 | ... CC94: =(CC14-BY14)/BY14*100 -> 1.0834391
A95: Transport , storage and communication | F95: =(F15-B15)/B15*100 -> 8.0860609 | G95: =(G15-C15)/C15*100 -> 6.6443921 | H95: =(H15-D15)/D15*100 -> 5.6915601 | I95: =(I15-E15)/E15*100 -> 4.132583 | J95: =(J15-F15)/F15*100 -> 6.1829837 | K95: =(K15-G15)/G15*100 -> 6.9714205 | L95: =(L15-H15)/H15*100 -> 7.67667 | M95: =(M15-I15)/I15*100 -> 9.5068155 | ... CC95: =(CC15-BY15)/BY15*100 -> 2.5900735
A96: Finance, real estate and business services | F96: =(F16-B16)/B16*100 -> 4.1184044 | G96: =(G16-C16)/C16*100 -> 5.9325462 | H96: =(H16-D16)/D16*100 -> 7.5776136 | I96: =(I16-E16)/E16*100 -> 9.4533395 | J96: =(J16-F16)/F16*100 -> 7.7629034 | K96: =(K16-G16)/G16*100 -> 5.8390667 | L96: =(L16-H16)/H16*100 -> 3.6916184 | M96: =(M16-I16)/I16*100 -> 1.7652999 | ... CC96: =(CC16-BY16)/BY16*100 -> 2.1142322
A97: Personal services | F97: =(F17-B17)/B17*100 -> 5.8786811 | G97: =(G17-C17)/C17*100 -> 2.5263473 | H97: =(H17-D17)/D17*100 -> 1.1359154 | I97: =(I17-E17)/E17*100 -> 1.1767725 | J97: =(J17-F17)/F17*100 -> -1.7570832 | K97: =(K17-G17)/G17*100 -> 0.056409164 | L97: =(L17-H17)/H17*100 -> 0.99733486 | M97: =(M17-I17)/I17*100 -> 0.60535951 | ... CC97: =(CC17-BY17)/BY17*100 -> 1.2801026
... A101: SA - GDP at constant 2010 prices | F101: =(F21-B21)/B21*100 -> 2.3954774 | G101: =(G21-C21)/C21*100 -> 3.4344681 | H101: =(H21-D21)/D21*100 -> 4.123026 | I101: =(I21-E21)/E21*100 -> 4.9544794 | J101: =(J21-F21)/F21*100 -> 3.6959649 | K101: =(K21-G21)/G21*100 -> 3.130132 | L101: =(L21-H21)/H21*100 -> 2.0664779 | M101: =(M21-I21)/I21*100 -> 0.88284695 | ... CC101: =(CC21-BY21)/BY21*100 -> 1.2661928
A103: KZN – GDPR by activity
A104: Annual Change
A105: Provincial Industry | B105: 1995q1 | C105: 1995q2 | D105: 1995q3 | E105: 1995q4 | F105: 1996q1 | G105: 1996q2 | H105: 1996q3 | I105: 1996q4 | J105: 1997q1 | K105: 1997q2 | L105: 1997q3 | M105: 1997q4 | N105: 1998q1 | O105: 1998q2 | P105: 1998q3 | Q105: 1998q4 | R105: 1999q1 | S105: 1999q2 | T105: 1999q3 | U105: 1999q4 | V105: 2000q1 | W105: 2000q2 | X105: 2000q3 | Y105: 2000q4 | Z105: 2001q1 | AA105: 2001q2 | AB105: 2001q3 | AC105: 2001q4 | AD105: 2002q1 | AE105: 2002q2 | AF105: 2002q3 | AG105: 2002q4 | AH105: 2003q1 | AI105: 2003q2 | AJ105: 2003q3 | AK105: 2003q4 | AL105: 2004q1 | AM105: 2004q2 | AN105: 2004q3 | AO105: 2004q4 | AP105: 2005q1 | AQ105: 2005q2 | AR105: 2005q3 | AS105: 2005q4 | AT105: 2006q1 | AU105: 2006q2 | AV105: 2006q3 | AW105: 2006q4 | AX105: 2007q1 | AY105: 2007q2 | AZ105: 2007q3 | BA105: 2007q4 | BB105: 2008q1 | BC105: 2008q2 | BD105: 2008q3 | BE105: 2008q4 | BF105: 2009q1 | BG105: 2009q2 | BH105: 2009q3 | BI105: 2009q4 | BJ105: =BJ85 -> 2010q1 | BK105: =BK85 -> 2010q2 | BL105: =BL85 -> 2010q3 | BM105: =BM85 -> 2010q4 | BN105: =BN85 -> 2011q1 | BO105: =BO85 -> 2011q2 | BP105: =BP85 -> 2011q3 | BQ105: =BQ85 -> 2011q4 | ... CC105: =CC85 -> 2014q4
A106: Primary Industries | F106: =(F26-B26)/B26*100 -> -9.1829779 | G106: =(G26-C26)/C26*100 -> 9.497482 | H106: =(H26-D26)/D26*100 -> 20.221434 | I106: =(I26-E26)/E26*100 -> 21.500578 | J106: =(J26-F26)/F26*100 -> 8.2754517 | K106: =(K26-G26)/G26*100 -> 0.44870773 | L106: =(L26-H26)/H26*100 -> -2.9472903 | M106: =(M26-I26)/I26*100 -> -4.1665945 | ... CC106: =(CC26-BY26)/BY26*100 -> 4.2038699
A107: Agriculture, forestry and fishing | F107: =(F27-B27)/B27*100 -> -15.896414 | G107: =(G27-C27)/C27*100 -> 15.42246 | H107: =(H27-D27)/D27*100 -> 35.176301 | I107: =(I27-E27)/E27*100 -> 36.655226 | J107: =(J27-F27)/F27*100 -> 15.422945 | K107: =(K27-G27)/G27*100 -> -0.21359584 | L107: =(L27-H27)/H27*100 -> -6.0408013 | M107: =(M27-I27)/I27*100 -> -7.893094 | ... CC107: =(CC27-BY27)/BY27*100 -> 7.0993376
A108: Mining and quarrying | F108: =(F28-B28)/B28*100 -> 1.4578184 | G108: =(G28-C28)/C28*100 -> 1.4500846 | H108: =(H28-D28)/D28*100 -> 1.8121121 | I108: =(I28-E28)/E28*100 -> 2.7163537 | J108: =(J28-F28)/F28*100 -> -1.1155528 | K108: =(K28-G28)/G28*100 -> 1.4721508 | L108: =(L28-H28)/H28*100 -> 2.1087205 | M108: =(M28-I28)/I28*100 -> 1.978593 | ... CC108: =(CC28-BY28)/BY28*100 -> -2.4863839
A109: Secondary Industries | F109: =(F29-B29)/B29*100 -> 1.7791785 | G109: =(G29-C29)/C29*100 -> 1.2701843 | H109: =(H29-D29)/D29*100 -> 1.8949822 | I109: =(I29-E29)/E29*100 -> 3.7692388 | J109: =(J29-F29)/F29*100 -> 3.4967638 | K109: =(K29-G29)/G29*100 -> 4.6512226 | L109: =(L29-H29)/H29*100 -> 3.0890442 | M109: =(M29-I29)/I29*100 -> 1.4616468 | ... CC109: =(CC29-BY29)/BY29*100 -> 0.24584337
A110: Manufacturing | F110: =(F30-B30)/B30*100 -> 2.6338647 | G110: =(G30-C30)/C30*100 -> 1.1091429 | H110: =(H30-D30)/D30*100 -> 0.89480796 | I110: =(I30-E30)/E30*100 -> 2.3716946 | J110: =(J30-F30)/F30*100 -> 1.691062 | K110: =(K30-G30)/G30*100 -> 3.8311274 | L110: =(L30-H30)/H30*100 -> 3.0420427 | M110: =(M30-I30)/I30*100 -> 2.0476538 | ... CC110: =(CC30-BY30)/BY30*100 -> -0.50109462
A111: Electricity, gas and water | F111: =(F31-B31)/B31*100 -> 1.2921806 | G111: =(G31-C31)/C31*100 -> 5.4981391 | H111: =(H31-D31)/D31*100 -> 12.542076 | I111: =(I31-E31)/E31*100 -> 19.621675 | J111: =(J31-F31)/F31*100 -> 12.954642 | K111: =(K31-G31)/G31*100 -> 8.6930762 | L111: =(L31-H31)/H31*100 -> 0.44259232 | M111: =(M31-I31)/I31*100 -> -6.6191476 | ... CC111: =(CC31-BY31)/BY31*100 -> 0.28961336
A112: Construction | F112: =(F32-B32)/B32*100 -> -2.3175489 | G112: =(G32-C32)/C32*100 -> -1.3968445 | H112: =(H32-D32)/D32*100 -> -1.5287957 | I112: =(I32-E32)/E32*100 -> -1.6813412 | J112: =(J32-F32)/F32*100 -> 5.3099486 | K112: =(K32-G32)/G32*100 -> 5.5277642 | L112: =(L32-H32)/H32*100 -> 5.834541 | M112: =(M32-I32)/I32*100 -> 6.1957459 | ... CC112: =(CC32-BY32)/BY32*100 -> 3.3148773
...

Sheet Growth Rates Annualised
A1: Year-on-Year Growth Rates per Sector
B2: Primary Industries | C2: Agriculture, forestry and fishing | D2: Mining and quarrying | E2: Secondary Industries | F2: Manufacturing | G2: Electricity, gas and water | H2: Construction | I2: Tertiary industries | J2: Wholesale & retail trade; hotels & restaurants | K2: Transport , storage and communication | L2: Finance, real estate and business services | M2: Personal services | N2: General government services | O2: All industries at basic prices | P2: Taxes less subsidies on products | Q2: GDPR at market prices
A3: 1996 | B3: 9.6663649 | C3: 15.432565 | D3: 1.8559743 | E3: 2.1789158 | F3: 1.7479865 | G3: 9.6880559 | H3: -1.7304948 | I3: 4.1512725 | J3: 2.2470429 | K3: 4.5668686 | L3: 6.9533878 | M3: 2.6476745 | N3: 3.7835874 | O3: 4.0450804 | P3: 5.2529069 | Q3: 4.1640435
A4: =A3+1 -> 1997 | B4: 0.16610878 | C4: -0.44532874 | D4: 1.104701 | E4: 3.1635264 | F4: 2.6509811 | G4: 3.4439858 | H4: 5.7192337 | I4: 1.1944777 | J4: 0.55422229 | K4: 5.6474437 | L4: 4.1530546 | M4: -0.068225496 | N4: -2.4183491 | O4: 1.6626631 | P4: 2.759255 | Q4: 1.7717994
A5: =A4+1 -> 1998 | B5: 0.25227953 | C5: 1.3131371 | D5: -1.3512325 | E5: -2.6494896 | F5: -0.45016265 | G5: -6.1115589 | H5: -11.254515 | I5: 2.8650207 | J5: 0.88092426 | K5: 4.7338215 | L5: 3.1334936 | M5: 6.2148253 | N5: 1.9181718 | O5: 1.0465405 | P5: -0.71278421 | Q5: 0.86974819
A6: =A5+1 -> 1999 | B6: -4.4896855 | C6: -3.0479024 | D6: -6.7278354 | E6: 0.49788314 | F6: 1.6411317 | G6: -0.17551452 | H6: -5.6966588 | I6: 2.9306991 | J6: 7.3108266 | K6: 3.6000402 | L6: 6.1426114 | M6: 3.65411 | N6: -3.4829441 | O6: 1.6110435 | P6: -1.8794287 | Q6: 1.2657932
A7: =A6+1 -> 2000 | B7: 1.8540624 | C7: 3.4861061 | D7: -0.77939423 | E7: 7.7580022 | F7: 8.6497519 | G7: 4.6257795 | H7: 5.1708958 | I7: 3.5095397 | J7: 8.4997293 | K7: 6.3959468 | L7: 0.77151661 | M7: 4.7067763 | N7: -0.28778286 | O7: 4.5417255 | P7: 2.9209343 | Q7: 4.5417255
A8: =A7+1 -> 2001 | B8: 0.33215679 | C8: 0.06569066 | D8: 0.78060942 | E8: 5.0764646 | F8: 3.0111871 | G8: -1.2741236 | H8: 25.201976 | I8: 4.2152088 | J8: 7.8116277 | K8: 4.8703563 | L8: 4.7605573 | M8: 2.2758734 | N8: 0.93060455 | O8: 4.1505449 | P8: 6.2281327 | Q8: 4.3468657
A9: =A8+1 -> 2002 | B9: 2.7650354 | C9: 4.2142174 | D9: 0.34341687 | E9: -0.10033124 | F9: 2.6490722 | G9: 4.0551999 | H9: -18.451042 | I9: 3.7255657 | J9: 2.4493202 | K9: 9.3551418 | L9: 5.0523433 | M9: 2.4102375 | N9: 0.4157864 | O9: 2.5589531 | P9: -0.46990193 | Q9: 2.2675826
A10: =A9+1 -> 2003 | B10: 5.9117928 | C10: 5.9347574 | D10: 5.871938 | E10: 0.08391844 | F10: -0.9002224 | G10: 1.0407445 | H10: 5.9038485 | I10: 4.5226828 | J10: 3.4689505 | K10: 6.9910453 | L10: 5.6484711 | M10: 5.5162605 | N10: 2.1974951 | O10: 3.3939329 | P10: 1.6516373 | Q10: 3.2308136
A11: =A10+1 -> 2004 | B11: 0.98902214 | C11: 0.40512709 | D11: 2.0029645 | E11: 5.659157 | F11: 4.6934233 | G11: 7.824245 | H11: 9.8044797 | I11: 4.3337387 | J11: 5.4367436 | K11: 4.4789047 | L11: 7.2250772 | M11: 1.7430903 | N11: 1.3494582 | O11: 4.4279901 | P11: 4.7738239 | Q11: 4.4598729
A12: =A11+1 -> 2005 | B12: -6.236883 | C12: -6.2248315 | D12: -6.2574829 | E12: 7.1335924 | F12: 6.1687914 | G12: 6.5109752 | H12: 13.658364 | I12: 6.6331381 | J12: 6.4684947 | K12: 5.9155791 | L12: 10.649162 | M12: 3.3266776 | N12: 4.5039284 | O12: 5.7916198 | P12: 4.5150294 | Q12: 5.673576
A13: =A12+1 -> 2006 | B13: -0.69842107 | C13: 0.84773777 | D13: -3.3422109 | E13: 5.9915208 | F13: 6.0361686 | G13: 3.6903242 | H13: 7.7753231 | I13: 5.6289754 | J13: 6.4007706 | K13: 5.2002254 | L13: 7.6592072 | M13: 5.404766 | N13: 2.9800543 | O13: 5.3029261 | P13: 6.4075351 | Q13: 5.4039474
A14: =A13+1 -> 2007 | B14: 4.3127911 | C14: 5.3332081 | D14: 2.4923366 | E14: 6.4803054 | F14: 5.4240111 | G14: 3.3333849 | H14: 15.137184 | I14: 6.4976463 | J14: 6.0909171 | K14: 8.3030478 | L14: 7.3192117 | M14: 5.4061137 | N14: 4.9497055 | O14: 6.3540746 | P14: 4.5576564 | Q14: 6.1882202
A15: =A14+1 -> 2008 | B15: 11.651377 | C15: 21.571145 | D15: -6.5363135 | E15: 2.6346216 | F15: 2.2375371 | G15: -4.4844418 | H15: 10.140728 | I15: 4.1299804 | J15: 1.4630553 | K15: 3.7230551 | L15: 5.8363831 | M15: 3.5673171 | N15: 5.510891 | O15: 4.1825302 | P15: 2.3550696 | Q15: 4.0164005
A16: =A15+1 -> 2009 | B16: -3.1632514 | C16: -3.3504836 | D16: -2.716728 | E16: -6.7001407 | F16: -10.406213 | G16: -4.2746093 | H16: 9.4994046 | I16: 1.2290772 | J16: 0.20648807 | K16: 0.10669353 | L16: 1.6439126 | M16: -0.081588461 | N16: 3.2793633 | O16: -1.2369261 | P16: -2.2725655 | Q16: -1.3295697
A17: 2010 | B17: 2.6184457 | C17: 0.67629427 | D17: 7.2200394 | E17: 4.9316989 | F17: 6.3151419 | G17: 1.1912041 | H17: 1.6630475 | I17: 2.583784 | J17: 4.5072717 | K17: 2.2019987 | L17: 1.2371198 | M17: 0.60364609 | N17: 3.4081607 | O17: 3.1938488 | P17: 5.9012065 | Q17: 3.4337222
A18: =A17+1 -> 2011 | B18: 6.0470915 | C18: 9.167496 | D18: -0.89495186 | E18: 2.2135814 | F18: 2.8111059 | G18: 1.011117 | H18: 0.45129281 | I18: 3.7932108 | J18: 4.7491831 | K18: 2.7806103 | L18: 4.136934 | M18: 2.6940136 | N18: 3.6818639 | O18: 3.5241092 | P18: 3.6939818 | Q18: 3.5395191
A19: =A18+1 -> 2012 | B19: 1.4326554 | C19: 1.1524441 | D19: 2.1193437 | E19: 1.7888769 | F19: 1.8935834 | G19: 0.19080096 | H19: 2.2766147 | I19: 2.8994081 | J19: 3.4445042 | K19: 2.5411841 | L19: 1.9795004 | M19: 2.2745797 | N19: 3.9598161 | O19: 2.5129954 | P19: 2.9695723 | Q19: 2.5544752
A20: 2013 | B20: 2.5030795 | C20: 1.7671116 | D20: 4.2895721 | E20: 1.185714 | F20: 0.88704985 | G20: -0.062403321 | H20: 3.1482508 | I20: 2.4880697 | J20: 1.4759406 | K20: 2.2524941 | L20: 3.1896069 | M20: 2.0059864 | N20: 3.0809756 | O20: 2.1529768 | P20: 1.5480176 | Q20: 2.0977941
A21: =A20+1 -> 2014 | B21: 3.6958554 | C21: 5.8179103 | D21: -1.330643 | E21: 0.68166447 | F21: 0.18075483 | G21: -0.33982197 | H21: 3.2990612 | I21: 2.1365935 | J21: 0.87691922 | K21: 2.5199359 | L21: 2.3797671 | M21: 1.5747679 | N21: 3.0370676 | O21: 1.8679103 | P21: 1.3810523 | Q21: 1.8237396
A22: Average Year on Year Growth Rate | B22: =AVERAGE(B3:B21) -> 2.0847304 | C22: =AVERAGE(C3:C21) -> 3.3745475 | D22: =AVERAGE(D3:D21) -> -0.097678764 | E22: =AVERAGE(E3:E21) -> 2.5268148 | F22: =AVERAGE(F3:F21) -> 2.3811095 | G22: =AVERAGE(G3:G21) -> 1.5728076 | H22: =AVERAGE(H3:H21) -> 4.3008944 | I22: =AVERAGE(I3:I21) -> 3.6562152 | ... Q22: =AVERAGE(Q3:Q21) -> 3.1747405

Sheet Growth Rates SeaAdj
A1: Seasonally adjusted and annualised quarterly Rates per Sector
B2: Primary Industries | C2: Agriculture, forestry and fishing | D2: Mining and quarrying | E2: Secondary Industries | F2: Manufacturing | G2: Electricity, gas and water | H2: Construction | I2: Tertiary industries | J2: Wholesale & retail trade; hotels & restaurants | K2: Transport , storage and communication | L2: Finance, real estate and business services | M2: Personal services | N2: General government services | O2: All industries at basic prices | P2: Taxes less subsidies on products | Q2: GDPR at market prices
A3: 1996q1 | B3: -9.1829779 | C3: -15.896414 | D3: 1.4578184 | E3: 1.7791785 | F3: 2.6338647 | G3: 1.2921806 | H3: -2.3175489 | I3: 4.2870622 | J3: 4.0136421 | K3: 6.5242311 | L3: 4.2822251 | M3: 5.8678249 | N3: 2.8628156 | O3: 2.2999569 | P3: 2.6369653 | Q3: 2.3330863
A4: 1996q2 | B4: 9.497482 | C4: 15.42246 | D4: 1.4500846 | E4: 1.2701843 | F4: 1.1091429 | G4: 5.4981391 | H4: -1.3968445 | I4: 4.0651043 | J4: 2.6855203 | K4: 5.1033943 | L4: 6.0992213 | M4: 2.5158349 | N4: 3.5800747 | O4: 3.7127466 | P4: 5.6826353 | Q4: 3.9063202
A5: 1996q3 | B5: 20.221434 | C5: 35.176301 | D5: 1.8121121 | E5: 1.8949822 | F5: 0.89480796 | G5: 12.542076 | H5: -1.5287957 | I5: 4.0335383 | J5: 1.4196427 | K5: 4.1643306 | L5: 7.746877 | M5: 1.1255456 | N5: 4.1504429 | O5: 4.6975075 | P5: 5.9027169 | Q5: 4.8164256
A6: 1996q4 | B6: 21.500578 | C6: 36.655226 | D6: 2.7163537 | E6: 3.7692388 | F6: 2.3716946 | G6: 19.621675 | H6: -1.6813412 | I6: 4.2208896 | J6: 0.9669642 | K6: 2.6278805 | L6: 9.6255542 | M6: 1.1663985 | N6: 4.5388464 | O6: 5.4557544 | P6: 6.7638835 | Q6: 5.5849067
A7: 1997q1 | B7: 8.2754517 | C7: 15.422945 | D7: -1.1155528 | E7: 3.4967638 | F7: 1.691062 | G7: 12.954642 | H7: 5.3099486 | I7: 2.3513616 | J7: 3.0153911 | K7: 4.2561413 | L7: 7.193726 | M7: -1.7919784 | N7: -1.2009914 | O7: 3.1733482 | P7: 5.5646526 | Q7: 3.4091221
A8: 1997q2 | B8: 0.44870773 | C8: -0.21359584 | D8: 1.4721508 | E8: 4.6512226 | F8: 3.8311274 | G8: 8.6930762 | H8: 5.5277642 | I8: 1.6938147 | J8: 1.7069144 | K8: 5.0302707 | L8: 5.2800505 | M8: 0.020869776 | N8: -2.1139307 | O8: 2.4211683 | P8: 2.8326316 | Q8: 2.4622924
A9: 1997q3 | B9: -2.9472903 | C9: -6.0408013 | D9: 2.1087205 | E9: 3.0890442 | F9: 3.0420427 | G9: 0.44259232 | H9: 5.834541 | I9: 0.88098342 | J9: 0.26191907 | K9: 5.7227224 | L9: 3.1439445 | M9: 0.96146127 | N9: -2.9012374 | O9: 1.1570236 | P9: 1.9231058 | Q9: 1.2333964
A10: 1997q4 | B10: -4.1665945 | C10: -7.893094 | D10: 1.978593 | E10: 1.4616468 | F10: 2.0476538 | G10: -6.6191476 | H10: 6.1957459 | I10: -0.10606104 | J10: -2.6871473 | K10: 7.5196574 | L10: 1.2278004 | M10: 0.56962514 | N10: -3.433849 | O10: -0.031054948 | P10: 0.85118003 | Q10: 0.05702115
A11: 1998q1 | B11: 2.0625042 | C11: 2.6066468 | D11: 1.2279872 | E11: -0.63845474 | F11: 1.6446947 | G11: -5.8006402 | H11: -8.0526275 | I11: 2.452849 | J11: -1.2127571 | K11: 7.5557986 | L11: 2.3449846 | M11: 3.72861 | N11: 2.0910565 | O11: 1.5309319 | P11: 0.56169549 | Q11: 1.4333767
A12: 1998q2 | B12: -0.45939297 | C12: -0.12053913 | D12: -0.97431741 | E12: -2.6862716 | F12: -0.29519779 | G12: -7.3076389 | H12: -11.298646 | I12: 2.9494299 | J12: 0.28662099 | K12: 6.2351916 | L12: 3.2292607 | M12: 5.6105167 | N12: 1.9803195 | O12: 1.0185246 | P12: -0.6577642 | Q12: 0.85038041
A13: 1998q3 | B13: -1.1270599 | C13: -0.14252247 | D13: -2.607753 | E13: -3.6673209 | F13: -1.4158352 | G13: -6.775346 | H13: -12.877057 | I13: 2.9284289 | J13: 1.2730803 | K13: 3.401872 | L13: 3.6653585 | M13: 7.117802 | N13: 1.8397166 | O13: 0.66978302 | P13: -1.3064408 | Q13: 0.47142572
A14: 1998q4 | B14: 0.54833278 | C14: 2.9270453 | D14: -2.9945696 | E14: -3.5832712 | F14: -1.7024265 | G14: -4.504051 | H14: -12.714223 | I14: 3.1270864 | J14: 3.2515717 | K14: 1.9588662 | L14: 3.287384 | M14: 8.3810393 | N14: 1.7607385 | O14: 0.97072984 | P14: -1.4409418 | Q14: 0.72805465
... A78: 2014q4 | B78: 4.2038699 | C78: 7.0993376 | D78: -2.4863839 | E78: 0.24584337 | F78: -0.50109462 | G78: 0.28961336 | H78: 3.3148773 | I78: 1.9649992 | J78: 0.70475985 | K78: 2.8499182 | L78: 2.2638937 | M78: 1.435661 | N78: 2.3933918 | O78: 1.6737923 | P78: 1.4715163 | Q78: 1.6554894
A79: Average Year on Year Growth Rate | B79: =AVERAGE(B3:B78) -> 2.1810854 | C79: =AVERAGE(C3:C78) -> 3.6270227 | D79: =AVERAGE(D3:D78) -> -0.067716554 | E79: =AVERAGE(E3:E78) -> 2.5407984 | F79: =AVERAGE(F3:F78) -> 2.400429 | G79: =AVERAGE(G3:G78) -> 1.6075218 | H79: =AVERAGE(H3:H78) -> 4.3115317 | I79: =AVERAGE(I3:I78) -> 3.6577329 | ... Q79: =AVERAGE(Q3:Q78) -> 3.1777682

Sheet Growth Rates SeaAdj (2)
A1: Seasonally adjusted and quarterly Rates per Sector
B2: Primary Industries | C2: Agriculture, forestry and fishing | D2: Mining and quarrying | E2: Secondary Industries | F2: Manufacturing | G2: Electricity, gas and water | H2: Construction | I2: Tertiary industries | J2: Wholesale & retail trade; hotels & restaurants | K2: Transport , storage and communication | L2: Finance, real estate and business services | M2: Personal services | N2: General government services | O2: All industries at basic prices | P2: Taxes less subsidies on products | Q2: GDPR at market prices
A3: 1996q1 | B3: 7.1356162 | C3: 9.914251 | D3: 3.6914914 | E3: 0.80234981 | F3: 1.2515983 | G3: 3.2017897 | H3: -3.5085891 | I3: 1.0760063 | J3: -1.5577221 | K3: -0.91879025 | L3: 2.2362619 | M3: 2.7997184 | N3: 2.6238422 | O3: 1.4758258 | P3: 1.3228767 | Q3: 1.4607251
A4: 1996q2 | B4: 8.5315702 | C4: 16.041006 | D4: -1.3349867 | E4: 0.45679891 | F4: -0.23320111 | G4: 4.1937798 | H4: 1.043321 | I4: 0.944261 | J4: 0.62541606 | K4: 1.3338392 | L4: 2.3674602 | M4: -1.547583 | N4: 0.78834767 | O4: 1.4375076 | P4: 2.98043 | Q4: 1.5896341
A5: 1996q3 | B5: 3.6508677 | C5: 5.9198654 | D5: 0.14463561 | E5: 1.2623179 | F5: 0.60781036 | G5: 6.0245968 | H5: 0.59106912 | I5: 1.0969315 | J5: 0.8336085 | K5: 1.58602 | L5: 2.3868434 | M5: -0.53135241 | N5: 0.62282558 | O5: 1.3717205 | P5: 1.0861441 | Q5: 1.3431782
A6: 1996q4 | B6: 0.81274563 | C6: 1.1540631 | D6: 0.25489894 | E6: 1.1977311 | F6: 0.73033319 | G6: 4.9238523 | H6: 0.24904707 | I6: 1.0385476 | J6: 1.0845182 | K6: 0.62030213 | L6: 2.3059183 | M6: 0.49206452 | N6: 0.44367611 | O6: 1.0630269 | P6: 1.2209757 | Q6: 1.0787733
A7: 1997q1 | B7: -4.5259088 | C7: -7.1632534 | D7: -0.17679329 | E7: 0.53766522 | F7: 0.57841273 | G7: -2.5500925 | H7: 3.3527679 | I7: -0.73710836 | J7: 0.43948366 | K7: 0.65320016 | L7: -0.031649369 | M7: -0.2064211 | N7: -3.0108499 | O7: -0.72044176 | P7: 0.1847622 | Q7: -0.6300726
A8: 1997q2 | B8: 0.68631253 | C8: 0.32073566 | D8: 1.2469746 | E8: 1.5773483 | F8: 1.8663686 | G8: 0.26274519 | H8: 1.2523118 | I8: 0.2957539 | J8: -0.65270371 | K8: 2.0862697 | L8: 0.53994563 | M8: 0.26977655 | N8: -0.14297384 | O8: 0.69798266 | P8: 0.31528886 | Q8: 0.65946393
A9: 1997q3 | B9: 0.14661009 | C9: -0.26551455 | D9: 0.77287732 | E9: -0.2492726 | F9: -0.15677813 | G9: -2.0233328 | H9: 0.88349455 | I9: 0.28887107 | J9: -0.59897939 | K9: 2.2557642 | L9: 0.30943984 | M9: 0.40404601 | N9: -0.18649309 | O9: 0.1205288 | P9: 0.19206558 | Q9: 0.12770447
A10: 1997q4 | B10: -0.45379703 | C10: -0.8400677 | D10: 0.12713395 | E10: -0.39980953 | F10: -0.24174693 | G10: -2.452948 | H10: 0.59118916 | I10: 0.049961543 | J10: -1.8887437 | K10: 2.3305129 | L10: 0.40534254 | M10: 0.10205014 | N10: -0.10728319 | O10: -0.12394768 | P10: 0.15643418 | Q10: -0.095805223
A11: 1998q1 | B11: 1.6798347 | C11: 3.4196857 | D11: -0.91153447 | E11: -1.5433113 | F11: 0.18125525 | G11: -1.6959187 | H11: -10.514161 | I11: 1.8056366 | J11: 1.9612455 | K11: 0.68703337 | L11: 1.0716351 | M11: 2.9281875 | N11: 2.538257 | O11: 0.83077361 | P11: -0.10280944 | Q11: 0.73683153
A12: 1998q2 | B12: -1.8015798 | C12: -2.3456929 | D12: -0.95574316 | E12: -0.51613571 | F12: -0.077754535 | G12: -1.3412554 | H12: -2.322199 | I12: 0.78187946 | J12: 0.85517484 | K12: 0.83281943 | L12: 1.4086259 | M12: 2.088931 | N12: -0.25128764 | O12: 0.18977909 | P12: -0.90118278 | Q12: 0.08091572
A13: 1998q3 | B13: -0.52512164 | C13: -0.28746598 | D13: -0.88937841 | E13: -1.2548901 | F13: -1.2789713 | G13: -1.4606944 | H13: -0.91169421 | I13: 0.26841278 | J13: 0.37876879 | K13: -0.47142303 | L13: 0.73320269 | M13: 1.837024 | N13: -0.32410853 | O13: -0.22511265 | P13: -0.46216012 | Q13: -0.24853469
A14: 1998q4 | B14: 1.2330041 | C14: 2.2080579 | D14: -0.27054492 | E14: -0.31290891 | F14: -0.53175137 | G14: -0.076343541 | H14: 0.77919561 | I14: 0.24306344 | J14: 0.027977647 | K14: 0.90245824 | L14: 0.039254436 | M14: 1.2825509 | N14: -0.18475136 | O14: 0.17462633 | P14: 0.019939497 | Q14: 0.15937486
... A78: 2014q4 | B78: 2.3216359 | C78: 1.8301225 | D78: 3.5905275 | E78: 1.8185566 | F78: 2.2932021 | G78: 0.08095435 | H78: 0.87300821 | I78: 0.42741096 | J78: -0.077163146 | K78: 0.70617501 | L78: 0.86903342 | M78: 0.204444 | N78: 0.28698092 | O78: 0.90446701 | P78: 1.24101 | Q78: 0.9347719
A79: Average Year on Year Growth Rate | B79: =AVERAGE(B3:B78) -> 0.64459858 | C79: =AVERAGE(C3:C78) -> 1.0270651 | D79: =AVERAGE(D3:D78) -> 0.042177896 | E79: =AVERAGE(E3:E78) -> 0.63592073 | F79: =AVERAGE(F3:F78) -> 0.60194781 | G79: =AVERAGE(G3:G78) -> 0.40307744 | H79: =AVERAGE(H3:H78) -> 1.0407985 | I79: =AVERAGE(I3:I78) -> 0.89076026 | ... Q79: =AVERAGE(Q3:Q78) -> 0.78680947

Sheet Prov Contributions
A1: Yearly Provincial Contribution Rates per Sector
B2: Primary Industries | C2: Agriculture, forestry and fishing | D2: Mining and quarrying | E2: Secondary Industries | F2: Manufacturing | G2: Electricity, gas and water | H2: Construction | I2: Tertiary industries | J2: Wholesale & retail trade; hotels & restaurants | K2: Transport , storage and communication | L2: Finance, real estate and business services | M2: Personal services | N2: General government services
A3: 1996 | B3: 7.9930325 | C3: 4.8400349 | D3: 3.1529976 | E3: 25.585352 | F3: 18.954116 | G3: 3.1788433 | H3: 3.4523929 | I3: 56.469304 | J3: 12.127743 | K3: 8.7138386 | L3: 12.814071 | M3: 5.7327978 | N3: 17.080854
A4: =A3+1 -> 1997 | B4: 7.8669235 | C4: 4.7345933 | D4: 3.1323302 | E4: 25.935231 | F4: 19.117856 | G4: 3.2310741 | H4: 3.5863013 | I4: 56.14897 | J4: 11.982649 | K4: 9.0456764 | L4: 13.113894 | M4: 5.6291493 | N4: 16.377601
A5: =A4+1 -> 1998 | B5: 7.8187666 | C5: 4.755405 | D5: 3.0633616 | E5: 25.030378 | F5: 18.867693 | G5: 3.0074478 | H5: 3.1552379 | I5: 57.259635 | J5: 11.983977 | K5: 9.3921942 | L5: 13.4082 | M5: 5.9274373 | N5: 16.547827
A6: =A5+1 -> 1999 | B6: 7.3743841 | C6: 4.5528354 | D6: 2.8215487 | E6: 24.84057 | F6: 18.937625 | G6: 2.9646431 | H6: 2.9383019 | I6: 58.201038 | J6: 12.699357 | K6: 9.6086908 | L6: 14.05392 | M6: 6.0672338 | N6: 15.771837
A7: =A6+1 -> 2000 | B7: 7.1954877 | C7: 4.5135694 | D7: 2.6819183 | E7: 25.642905 | F7: 19.711078 | G7: 2.9714419 | H7: 2.9603845 | I7: 57.712147 | J7: 13.199774 | K7: 9.7936691 | L7: 13.567236 | M7: 6.0858556 | N7: 15.065612
A8: =A7+1 -> 2001 | B8: 6.9186439 | C8: 4.3283853 | D8: 2.5902586 | E8: 25.822201 | F8: 19.458769 | G8: 2.8113754 | H8: 3.5520567 | I8: 57.639331 | J8: 13.638063 | K8: 9.8428023 | L8: 13.621025 | M8: 5.9650685 | N8: 14.572372
A9: =A8+1 -> 2002 | B9: 6.9522977 | C9: 4.4107749 | D9: 2.5415228 | E9: 25.224311 | F9: 19.531356 | G9: 2.8605177 | H9: 2.8324374 | I9: 58.461069 | J9: 13.662299 | K9: 10.524949 | L9: 13.991927 | M9: 5.9733893 | N9: 14.308505
A10: =A9+1 -> 2003 | B10: 7.1328539 | C10: 4.5263071 | D10: 2.6065468 | E10: 24.455372 | F10: 18.749761 | G10: 2.799831 | H10: 2.9057799 | I10: 59.192673 | J10: 13.693816 | K10: 10.908325 | L10: 14.319617 | M10: 6.1056353 | N10: 14.16528
A11: =A10+1 -> 2004 | B11: 6.8958532 | C11: 4.3506126 | D11: 2.5452405 | E11: 24.736139 | F11: 18.791681 | G11: 2.8900061 | H11: 3.0544518 | I11: 59.121198 | J11: 13.821876 | K11: 10.910312 | L11: 14.698678 | M11: 5.9468405 | N11: 13.743492
A12: =A11+1 -> 2005 | B12: 6.1186222 | C12: 3.8607516 | D12: 2.2578705 | E12: 25.077901 | F12: 18.879744 | G12: 2.9129076 | H12: 3.2852488 | I12: 59.658044 | J12: 13.925849 | K12: 10.935298 | L12: 15.390758 | M12: 5.8147674 | N12: 13.591372
A13: =A12+1 -> 2006 | B13: 5.7643842 | C13: 3.6938661 | D13: 2.070518 | E13: 25.217697 | F13: 18.992987 | G13: 2.8655505 | H13: 3.3591603 | I13: 59.785409 | J13: 14.057548 | K13: 10.914162 | L13: 15.720064 | M13: 5.8148126 | N13: 13.278822
A14: =A13+1 -> 2007 | B14: 5.6625773 | C14: 3.6641236 | D14: 1.9984536 | E14: 25.287062 | F14: 18.856299 | G14: 2.7885111 | H14: 3.642252 | I14: 59.95962 | J14: 14.044667 | K14: 11.131527 | L14: 15.887495 | M14: 5.7719849 | N14: 13.123946
A15: =A14+1 -> 2008 | B15: 6.0782198 | C15: 4.2825142 | D15: 1.7957057 | E15: 24.951143 | F15: 18.533823 | G15: 2.5606173 | H15: 3.8567022 | I15: 60.025093 | J15: 13.699905 | K15: 11.100134 | L15: 16.16548 | M15: 5.7470647 | N15: 13.312508
... A17: =A16+1 -> 2010 | B17: 5.9182439 | C17: 4.0829733 | D17: 1.8352706 | E17: 23.934753 | F17: 17.29772 | G17: 2.4303309 | H17: 4.2067027 | I17: 61.075588 | J17: 14.057586 | K17: 11.127601 | L17: 16.298986 | M17: 5.6605177 | N17: 13.930897
A18: 2011 | B18: 6.0615749 | C18: 4.3049067 | D18: 1.7566682 | E18: 23.628243 | F18: 17.176028 | G18: 2.370983 | H18: 4.0812313 | I18: 61.225235 | J18: 14.221822 | K18: 11.04604 | L18: 16.39303 | M18: 5.6142938 | N18: 13.950049
A19: 2012 | B19: 5.9952688 | C19: 4.246054 | D19: 1.7492148 | E19: 23.451851 | F19: 17.065341 | G19: 2.3163367 | H19: 4.0701736 | I19: 61.43116 | J19: 14.345248 | K19: 11.044608 | L19: 16.301122 | M19: 5.5989711 | N19: 14.141212
A20: 2013 | B20: 6.0190675 | C20: 4.2323015 | D20: 1.786766 | E20: 23.242346 | F20: 16.862968 | G20: 2.2673273 | H20: 4.1120505 | I20: 61.665985 | J20: 14.257874 | K20: 11.061343 | L20: 16.475442 | M20: 5.5939364 | N20: 14.277389
A21: 2014 | B21: 6.1297331 | C21: 4.3983191 | D21: 1.731414 | E21: 22.981656 | F21: 16.590875 | G21: 2.2191509 | H21: 4.1716299 | I21: 61.855454 | J21: 14.125295 | K21: 11.136973 | L21: 16.56541 | M21: 5.5802586 | N21: 14.447518
A22: Average Yearly Contributions | B22: =AVERAGE(B3:B21) -> 6.6242736 | C22: =AVERAGE(C3:C21) -> 4.3143753 | D22: =AVERAGE(D3:D21) -> 2.3098983 | E22: =AVERAGE(E3:E21) -> 24.665167 | F22: =AVERAGE(F3:F21) -> 18.379191 | G22: =AVERAGE(G3:G21) -> 2.733215 | H22: =AVERAGE(H3:H21) -> 3.5527614 | I22: =AVERAGE(I3:I21) -> 59.393083 | ... N22: =AVERAGE(N3:N21) -> 14.506391
I24: \

Sheet National Contributions
A1: Yearly Provincial Sector as a % of National Sector GDP
B2: Primary Industries | C2: Agriculture, forestry and fishing | D2: Mining and quarrying | E2: Secondary Industries | F2: Manufacturing | G2: Electricity, gas and water | H2: Construction | I2: Tertiary industries | J2: Wholesale & retail trade; hotels & restaurants | K2: Transport , storage and communication | L2: Finance, real estate and business services | M2: Personal services | N2: General government services
A3: 1995 | B3: 7.3246759 | C3: 28.484108 | D3: 3.6510194 | E3: 20.16969 | F3: 20.531588 | G3: 15.649942 | H3: 23.584052 | I3: 15.612032 | J3: 15.423484 | K3: 22.188343 | L3: 13.604192 | M3: 16.535269 | N3: 14.829542
A4: =A3+1 -> 1996 | B4: 7.808693 | C4: 26.516077 | D4: 3.7487716 | E4: 20.033009 | F4: 20.602049 | G4: 15.492886 | H4: 22.717944 | I4: 15.623416 | J4: 15.207384 | K4: 21.867725 | L4: 13.625597 | M4: 16.533574 | N4: 15.099043
A5: =A4+1 -> 1997 | B5: 7.7017217 | C5: 26.162531 | D5: 3.7268282 | E5: 20.068485 | F5: 20.592216 | G5: 15.424888 | H5: 23.217908 | I5: 15.440331 | J5: 15.230743 | K5: 21.470903 | L5: 13.553629 | M5: 16.527701 | N5: 14.618569
A6: =A5+1 -> 1998 | B6: 7.8008194 | C6: 27.989526 | D6: 3.6801503 | E6: 19.908938 | F6: 20.540598 | G6: 15.455909 | H6: 21.895444 | I6: 15.589286 | J6: 15.167734 | K6: 21.314974 | L6: 13.663784 | M6: 16.528262 | N6: 15.011303
A7: =A6+1 -> 1999 | B7: 7.4589209 | C7: 25.552196 | D7: 3.4812939 | E7: 19.967048 | F7: 20.753178 | G7: 15.506313 | H7: 20.932261 | I7: 15.466832 | J7: 15.126971 | K7: 20.9908 | L7: 13.797945 | M7: 16.494046 | N7: 14.61319
A8: =A7+1 -> 2000 | B8: 7.6013735 | C8: 25.255943 | D8: 3.4925793 | E8: 20.098152 | F8: 20.85872 | G8: 15.735791 | H8: 20.837487 | I8: 15.411242 | J8: 15.182907 | K8: 20.621755 | L8: 13.475836 | M8: 16.476538 | N8: 14.707373
A9: =A8+1 -> 2001 | B9: 7.680705 | C9: 26.134989 | D9: 3.5233661 | E9: 20.629319 | F9: 20.820557 | G9: 16.132189 | H9: 24.864223 | I9: 15.540053 | J9: 16.063728 | K9: 20.421254 | L9: 13.051385 | M9: 16.480987 | N9: 14.984228
A10: =A9+1 -> 2002 | B10: 7.7374617 | C10: 25.57406 | D10: 3.5004613 | E10: 19.961681 | F10: 20.789989 | G10: 16.218726 | H10: 19.163257 | I10: 15.515419 | J10: 16.087176 | K10: 20.48779 | L10: 12.90107 | M10: 16.472379 | N10: 14.939507
A11: =A10+1 -> 2003 | B11: 7.9658519 | C11: 26.908553 | D11: 3.5842707 | E11: 19.940016 | F11: 20.917481 | G11: 15.917855 | H11: 18.845883 | I11: 15.58051 | J11: 16.213031 | K11: 20.611702 | L11: 13.005614 | M11: 16.465876 | N11: 14.856677
A12: =A11+1 -> 2004 | B12: 7.9345351 | C12: 26.787345 | D12: 3.6016847 | E12: 19.933158 | F12: 20.877356 | G12: 16.072764 | H12: 18.966101 | I12: 15.544416 | J12: 16.219025 | K12: 20.531451 | L12: 13.026333 | M12: 16.465285 | N12: 14.774464
A13: =A12+1 -> 2005 | B13: 7.3398808 | C13: 24.433353 | D13: 3.342014 | E13: 19.991341 | F13: 20.870402 | G13: 16.250491 | H13: 19.260466 | I13: 15.722312 | J13: 16.13143 | K13: 20.652592 | L13: 13.635085 | M13: 16.39069 | N13: 14.80221
A14: =A13+1 -> 2006 | B14: 7.400768 | C14: 26.064321 | D14: 3.2495596 | E14: 19.88647 | F14: 20.791574 | G14: 16.293038 | H14: 18.796396 | I14: 15.642503 | J14: 16.198449 | K14: 20.669165 | L14: 13.388254 | M14: 16.419302 | N14: 14.790436
A15: =A14+1 -> 2007 | B15: 7.7183146 | C15: 26.660137 | D15: 3.3518934 | E15: 19.879708 | F15: 20.805721 | G15: 16.280177 | H15: 18.734172 | I15: 15.694816 | J15: 16.273968 | K15: 20.821456 | L15: 13.396457 | M15: 16.403252 | N15: 14.831243
... A18: =A17+1 -> 2010 | B18: 8.6756707 | C18: 27.000808 | D18: 3.4565864 | E18: 19.889232 | F18: 20.92156 | G18: 15.519518 | H18: 19.120066 | I18: 15.802239 | J18: 16.457494 | K18: 21.03568 | L18: 13.50698 | M18: 16.530521 | N18: 14.936146
A19: 2011 | B19: 9.2266758 | C19: 29.095245 | D19: 3.4511954 | E19: 19.878029 | F19: 20.89447 | G19: 15.462636 | H19: 19.134847 | I19: 15.796395 | J19: 16.60343 | K19: 20.985981 | L19: 13.511602 | M19: 16.574026 | N19: 14.824858
A20: 2012 | B20: 9.5622352 | C20: 29.255768 | D20: 3.6302969 | E20: 19.90623 | F20: 20.90151 | G20: 15.509703 | H20: 19.171434 | I20: 15.766624 | J20: 16.579982 | K20: 21.004543 | L20: 13.384115 | M20: 16.609176 | N20: 14.882397
A21: 2013 | B21: 9.4749941 | C21: 29.325502 | D21: 3.6395042 | E21: 19.956738 | F21: 20.930725 | G21: 15.596595 | H21: 19.250534 | I21: 15.758336 | J21: 16.518102 | K21: 21.057879 | L21: 13.40376 | M21: 16.634726 | N21: 14.882611
A22: 2014 | B22: 9.8208596 | C22: 29.395237 | D22: 3.6487115 | E22: 20.003827 | F22: 20.959939 | G22: 15.683487 | H22: 19.329634 | I22: 15.756709 | J22: 16.456222 | K22: 21.111216 | L22: 13.423405 | M22: 16.660275 | N22: 14.882824
A23: Average Yearly Contributions | B23: =AVERAGE(B3:B22) -> 8.1851519 | C23: =AVERAGE(C3:C22) -> 27.023844 | D23: =AVERAGE(D3:D22) -> 3.5231542 | E23: =AVERAGE(E3:E22) -> 19.988597 | F23: =AVERAGE(F3:F22) -> 20.799545 | G23: =AVERAGE(G3:G22) -> 15.801551 | H23: =AVERAGE(H3:H22) -> 20.277334 | I23: =AVERAGE(I3:I22) -> 15.63466 | ... N23: =AVERAGE(N3:N22) -> 14.846358

Sheet GDP Durban
D1: Ethekwini Municipal Area
B2: KZN GDP | C2: SA GDP | D2: SA Quarterly GDP | E2: KZN Quarterly GDP | F2: SA Fuel Consumption | G2: KZN Fuel Consumption | H2: SA KZN GDP Ratio | I2: SA KZN Fuel Ratio | J2: SA Usage | K2: KZN Usage | L2: Durban Fuel Usage | M2: Durban Quarterly GDP | N2: Durban Quarterly Rate | O2: Durban Annual Rate
A3: 2001q1 | B3: 75173.654 | C3: 488757.96 | D3: =C3*1000000 -> 4.8875796e+11 | E3: =B3*1000000 -> 7.5173654e+10
A4: 2001q2 | B4: 78989.163 | C4: 506879.38 | D4: =C4*1000000 -> 5.0687938e+11 | E4: =B4*1000000 -> 7.8989163e+10
A5: 2001q3 | B5: 79449.575 | C5: 511934.57 | D5: =C5*1000000 -> 5.1193457e+11 | E5: =B5*1000000 -> 7.9449575e+10
A6: 2001q4 | B6: 79707.788 | C6: 517198.39 | D6: =C6*1000000 -> 5.1719839e+11 | E6: =B6*1000000 -> 7.9707788e+10
A7: 2002q1 | B7: 76483.665 | C7: 503292.05 | D7: =C7*1000000 -> 5.0329205e+11 | E7: =B7*1000000 -> 7.6483665e+10 | F7: 4118958622 | G7: 674878797 | H7: =E7/D7*100 -> 15.196677 | I7: =G7/F7*100 -> 16.384695 | J7: =D7/F7 -> 122.18915 | K7: =E7/G7 -> 113.32948 | M7: =E7*$L$26 -> 4.3774288e+10
A8: 2002q2 | B8: 80953.4 | C8: 524555.46 | D8: =C8*1000000 -> 5.2455546e+11 | E8: =B8*1000000 -> 8.09534e+10 | F8: 4128329079 | G8: 697677279 | H8: =E8/D8*100 -> 15.432763 | I8: =G8/F8*100 -> 16.89975 | J8: =D8/F8 -> 127.06241 | K8: =E8/G8 -> 116.03273 | M8: =E8*$L$26 -> 4.6332474e+10 | N8: =(M8-M7)/M7*100 -> 5.8440383
A9: 2002q3 | B9: 81106.655 | C9: 528780.63 | D9: =C9*1000000 -> 5.2878063e+11 | E9: =B9*1000000 -> 8.1106655e+10 | F9: 4479766142 | G9: 748604188 | H9: =E9/D9*100 -> 15.338432 | I9: =G9/F9*100 -> 16.710787 | J9: =D9/F9 -> 118.03755 | K9: =E9/G9 -> 108.34384 | M9: =E9*$L$26 -> 4.6420188e+10 | N9: =(M9-M8)/M8*100 -> 0.18931306
A10: 2002q4 | B10: 81881.252 | C10: 536841.81 | D10: =C10*1000000 -> 5.3684181e+11 | E10: =B10*1000000 -> 8.1881252e+10 | F10: 4393645140 | G10: 741841930 | H10: =E10/D10*100 -> 15.252399 | I10: =G10/F10*100 -> 16.88443 | J10: =D10/F10 -> 122.18597 | K10: =E10/G10 -> 110.37561 | M10: =E10*$L$26 -> 4.6863516e+10 | N10: =(M10-M9)/M9*100 -> 0.95503437
A11: 2003q1 | B11: 79107.779 | C11: 519243.96 | D11: =C11*1000000 -> 5.1924396e+11 | E11: =B11*1000000 -> 7.9107779e+10 | F11: 4.3245102e+09 | G11: 7.3345414e+08 | H11: =E11/D11*100 -> 15.235185 | I11: =G11/F11*100 -> 16.960398 | J11: =D11/F11 -> 120.07 | K11: =E11/G11 -> 107.85648 | M11: =E11*$L$26 -> 4.527616e+10 | N11: =(M11-M10)/M10*100 -> -3.3871892 | O11: =(M11-M7)/M7*100 -> 3.4309463 | R11: Yearly Growth Rate %
A12: 2003q2 | B12: 84116.032 | C12: 541864.62 | D12: =C12*1000000 -> 5.4186462e+11 | E12: =B12*1000000 -> 8.4116032e+10 | F12: 4.3448327e+09 | G12: 7.3310499e+08 | H12: =E12/D12*100 -> 15.523441 | I12: =G12/F12*100 -> 16.873032 | J12: =D12/F12 -> 124.71473 | K12: =E12/G12 -> 114.73941 | M12: =E12*$L$26 -> 4.8142559e+10 | N12: =(M12-M11)/M11*100 -> 6.3309231 | O12: =(M12-M8)/M8*100 -> 3.9067309 | R12: 2001
A13: 2003q3 | B13: 83795.286 | C13: 545530.1 | D13: =C13*1000000 -> 5.455301e+11 | E13: =B13*1000000 -> 8.3795286e+10 | F13: 4.469508e+09 | G13: 7.5596579e+08 | H13: =E13/D13*100 -> 15.360341 | I13: =G13/F13*100 -> 16.913848 | J13: =D13/F13 -> 122.05596 | K13: =E13/G13 -> 110.84534 | M13: =E13*$L$26 -> 4.7958985e+10 | N13: =(M13-M12)/M12*100 -> -0.38131288 | O13: =(M13-M9)/M9*100 -> 3.3149324 | R13: =R12+1 -> 2002 | S13: =SUM(M7:M10) -> 1.8339047e+11
A14: 2003q4 | B14: 83758.212 | C14: 550406.98 | D14: =C14*1000000 -> 5.5040698e+11 | E14: =B14*1000000 -> 8.3758212e+10 | F14: 4.7924549e+09 | G14: 792421454 | H14: =E14/D14*100 -> 15.217505 | I14: =G14/F14*100 -> 16.534771 | J14: =D14/F14 -> 114.84865 | K14: =E14/G14 -> 105.69907 | M14: =E14*$L$26 -> 4.7937766e+10 | N14: =(M14-M13)/M13*100 -> -0.044244308 | O14: =(M14-M10)/M10*100 -> 2.2922949 | R14: =R13+1 -> 2003 | S14: =SUM(M11:M14) -> 1.8931547e+11 | T14: =(S14-S13)/S13*100 -> 3.2308142
A15: 2004q1 | B15: 81825.451 | C15: 539074.96 | D15: =C15*1000000 -> 5.3907496e+11 | E15: =B15*1000000 -> 8.1825451e+10 | F15: 4.4993406e+09 | G15: 7.3594163e+08 | H15: =E15/D15*100 -> 15.178863 | I15: =G15/F15*100 -> 16.356655 | J15: =D15/F15 -> 119.81199 | K15: =E15/G15 -> 111.1847 | M15: =E15*$L$26 -> 4.6831579e+10 | N15: =(M15-M14)/M14*100 -> -2.307548 | O15: =(M15-M11)/M11*100 -> 3.435404 | R15: =R14+1 -> 2004 | S15: =SUM(M15:M18) -> 1.977587e+11 | T15: =(S15-S14)/S14*100 -> 4.4598726
A16: 2004q2 | B16: 86828.135 | C16: 561191.44 | D16: =C16*1000000 -> 5.6119144e+11 | E16: =B16*1000000 -> 8.6828135e+10 | F16: 4.5436772e+09 | G16: 7.6518177e+08 | H16: =E16/D16*100 -> 15.472106 | I16: =G16/F16*100 -> 16.840584 | J16: =D16/F16 -> 123.51041 | K16: =E16/G16 -> 113.47387 | M16: =E16*$L$26 -> 4.9694791e+10 | N16: =(M16-M15)/M15*100 -> 6.1138486 | O16: =(M16-M12)/M12*100 -> 3.2242407 | R16: =R15+1 -> 2005 | S16: =SUM(M19:M22) -> 2.0897869e+11 | T16: =(S16-S15)/S15*100 -> 5.6735749
A17: 2004q3 | B17: 88072.572 | C17: 571887.28 | D17: =C17*1000000 -> 5.7188728e+11 | E17: =B17*1000000 -> 8.8072572e+10 | F17: 4.7754909e+09 | G17: 7.9366597e+08 | H17: =E17/D17*100 -> 15.400338 | I17: =G17/F17*100 -> 16.619568 | J17: =D17/F17 -> 119.75466 | K17: =E17/G17 -> 110.96932 | M17: =E17*$L$26 -> 5.0407026e+10 | N17: =(M17-M16)/M16*100 -> 1.4332189 | O17: =(M17-M13)/M13*100 -> 5.1044468 | R17: =R16+1 -> 2006 | S17: =SUM(M23:M26) -> 2.2027178e+11 | T17: =(S17-S16)/S16*100 -> 5.403946
A18: 2004q4 | B18: 88803.397 | C18: 579586.14 | D18: =C18*1000000 -> 5.7958614e+11 | E18: =B18*1000000 -> 8.8803397e+10 | F18: 4.830257e+09 | G18: 826240651 | H18: =E18/D18*100 -> 15.321864 | I18: =G18/F18*100 -> 17.105521 | J18: =D18/F18 -> 119.99074 | K18: =E18/G18 -> 107.47885 | L18: =L31/G31 -> 0.58440942 | M18: =E18*$L$26 -> 5.0825303e+10 | N18: =(M18-M17)/M17*100 -> 0.82979864 | O18: =(M18-M14)/M14*100 -> 6.0235115 | R18: =R17+1 -> 2007 | S18: =SUM(M27:M30) -> 2.3390269e+11 | T18: =(S18-S17)/S17*100 -> 6.1882202
A19: 2005q1 | B19: 86677.985 | C19: 568481.37 | D19: =C19*1000000 -> 5.6848137e+11 | E19: =B19*1000000 -> 8.6677985e+10 | F19: 4690209425 | G19: 774740717 | H19: =E19/D19*100 -> 15.247287 | I19: =G19/F19*100 -> 16.518254 | J19: =D19/F19 -> 121.20597 | K19: =E19/G19 -> 111.87999 | L19: =L32/G32 -> 0.58543455 | M19: =E19*$L$26 -> 4.9608855e+10 | N19: =(M19-M18)/M18*100 -> -2.3933904 | O19: =(M19-M15)/M15*100 -> 5.9303485 | R19: =R18+1 -> 2008 | S19: =SUM(M31:M34) -> 2.4587285e+11 | T19: =(S19-S18)/S18*100 -> 5.1175844
A20: 2005q2 | B20: 91222.684 | C20: 589441.27 | D20: =C20*1000000 -> 5.8944127e+11 | E20: =B20*1000000 -> 9.1222684e+10 | F20: 4760343407 | G20: 805551748 | H20: =E20/D20*100 -> 15.476128 | I20: =G20/F20*100 -> 16.922135 | J20: =D20/F20 -> 123.82327 | K20: =E20/G20 -> 113.24249 | L20: =L33/G33 -> 0.58087082 | M20: =E20*$L$26 -> 5.2209946e+10 | N20: =(M20-M19)/M19*100 -> 5.2431985 | O20: =(M20-M16)/M16*100 -> 5.0612041 | R20: =R19+1 -> 2009 | S20: =SUM(M35:M38) -> 2.3839818e+11 | T20: =(S20-S19)/S19*100 -> -3.0400552
A21: 2005q3 | B21: 93373.935 | C21: 601321.42 | D21: =C21*1000000 -> 6.0132142e+11 | E21: =B21*1000000 -> 9.3373935e+10 | F21: 4824982237 | G21: 802738840 | H21: =E21/D21*100 -> 15.528124 | I21: =G21/F21*100 -> 16.637136 | J21: =D21/F21 -> 124.62666 | K21: =E21/G21 -> 116.31919 | L21: =L34/G34 -> 0.5631147 | M21: =E21*$L$26 -> 5.3441183e+10 | N21: =(M21-M20)/M20*100 -> 2.3582418 | O21: =(M21-M17)/M17*100 -> 6.0193125 | R21: =R20+1 -> 2010 | S21: =SUM(M39:M42) -> 2.501376e+11 | T21: =(S21-S20)/S20*100 -> 4.9242892
A22: 2005q4 | B22: 93858.828 | C22: 607539.92 | D22: =C22*1000000 -> 6.0753992e+11 | E22: =B22*1000000 -> 9.3858828e+10 | F22: 5011501336 | G22: 832010091 | H22: =E22/D22*100 -> 15.448998 | I22: =G22/F22*100 -> 16.602013 | J22: =D22/F22 -> 121.22912 | K22: =E22/G22 -> 112.80972 | L22: =L35/G35 -> 0.56498434 | M22: =E22*$L$26 -> 5.3718704e+10 | N22: =(M22-M21)/M21*100 -> 0.51930225 | O22: =(M22-M18)/M18*100 -> 5.6928354 | R22: =R21+1 -> 2011 | S22: =SUM(M43:M46) -> 2.5910158e+11 | T22: =(S22-S21)/S21*100 -> 3.5836201
